Workbook

Sheet GRUPO 1. TR DAÑOS MATERIALES
A1: ANEXO Nº 1 (ESPECIFICACIONES TECNICAS SEGURO DE TODO RIESGOS DAÑO MATERIALES)
A2: TOMADOR: | B2: DISTRITO TURISTICO Y CULTURAL DE CARTAGENA DE INDIAS
A3: ASEGURADO: | B3: =B2 -> DISTRITO TURISTICO Y CULTURAL DE CARTAGENA DE INDIAS
A4: BENEFICIARIO: | B4: =B3 -> DISTRITO TURISTICO Y CULTURAL DE CARTAGENA DE INDIAS
A5: NIT: | B5: 890.480.184-4
A6: RAMO | B6: TODO RIESGO DAÑOS MATERIALES
A7: INTERMEDIARIO: | B7: GONSEGUROS CORREDORES DE SEGUROS S.A
A8: VIGENCIA: | B8: DESDE LAS 00:00 HORAS DEL 29 DE OCTUBRE DEL 2026 HASTA LAS 24:00 HORAS DEL 16 DE MAYO DEL 2027
A9: CONDICIONES TÉCNICAS BÁSICAS OBLIGATORIAS
A10: BIENES ASEGURADOS | B10: VALOR ASEGURABLE | D10: VALOR ASEGURADO
A12: EDIFICIOS Y CONTENIDOS EN GENERAL: Edificios y contenidos en general: Toda clase de bienes e inmuebles, muebles enseres, herramienta, maquinaria, equipo, mercancias propias, insumos, dinero en efectivo y demas bienes aunque no se hayan determinado especificamente de propiedad del asegurado o por los que sea responsable ubicados dentro o fuera de los predios asegurados (incluye suelos y terrenos ,casetas, cerramientos, Incluida la norma de , Retie y Retilap, avisos). | B12: =(42654705517*1.04)+12488511139.98+1844844595.36+604823097958.8 -> 6.6351735e+11 | D12: =+B12 -> 6.6351735e+11
A13: EMBARCADERO - PLAYA BLANCA | B13: 5301312931 | D13: =+B13 -> 5301312931
A14: TERRENOS | B14: 280394634800 | D14: =+B14 -> 280394634800
A15: EQUIPOS ELECTRONICOS: (equipos de comuniciacion, y similares, equipos de computo fijos y portatiles y similares aunque no se especifiquen, incluye equipos en comodatos de terceros al ENTIDAD y del ENTIDAD a terceros). (incluidos equipos móviles y portátiles, licencias y software) | B15: =20984326989.6*1.04 -> 2.18237e+10 | D15: =+B15 -> 2.18237e+10
A16: BIOLOGICOS Y/O VACUNAS | B16: =12903955187*1.04 -> 1.3420113e+10 | D16: =+B16 -> 1.3420113e+10
A17: BIENES EN REPOSO (VEHICULOS SIN USO) | B17: 700000000 | D17: =+B17 -> 700000000
A18: ADECUACIÓN DE CONSTRUCCIONES A LAS NORMAS DE SISMO RESISTENCIA | B18: =B12*5% -> 3.3175867e+10 | D18: =+B18 -> 3.3175867e+10
A19: ADECUACIÓN DE TERRENOS | B19: =B12*5% -> 3.3175867e+10 | D19: =+B19 -> 3.3175867e+10
A20: Totales | B20: =SUM(B12:B19) -> 1.0515088e+12 | D20: =SUM(D12:D19) -> 1.0515088e+12
A21: Total Indice Variable (4%) | B21: =SUM(B12:B15)*4% -> 3.884148e+10 | D21: =SUM(D12:D15)*4% -> 3.884148e+10
A22: TOTAL | B22: =+B20+B21 -> 1.0903503e+12 | D22: =+D20+D21 -> 1.0903503e+12
A23: OBJETO DEL SEGURO | B23: Amparar todos los activos (bienes inmuebles y muebles) de propiedad de la ENTIDAD o aquellos que se encuentren bajo su control, tenencia, responsabilidad o custodia, contra los daños o pérdidas materiales a consecuencia de cualquier riesgo, tanto por eventos internos o externos y en general los recibidos a cualquier título o por los que tenga algún interés asegurable, ubicados en el territorio nacional o por aquellos que por su naturaleza se deban trasladar a nivel mundial, dentro o fuera de las instalaciones del asegurado y/o en predios de terceros o a la intemperie y los utilizados en desarrollo del objeto social de la ENTIDAD.
A24: COBERTURA OBLIGATORIA
A25: MODALIDAD DE LA POLIZA: TODO RIESGO PERDIDA Y/O DAÑO MATERIAL CON EXCLUSIONES La aseguradora se obliga a indemnizar al asegurado los daños y/o pérdidas que sufran los intereses asegurados, así como los costos y/o gastos en que incurra, o todos combinados, como consecuencia de los riesgos que a continuación se enuncian y sujeto a los riesgos excluidos: Todo riesgo para las pérdidas y/o daños materiales que sufran los intereses asegurados por cualquier riesgo y/o causas, incluidos, pero no limitados a: Incendio, explosión, anegación, daños por agua; extended coverage; daños a calderas o aparatos generadores de vapor, huelga, asonada, motín, conmoción civil o popular, actos malintencionados de terceros, incluidos sabotaje y los actos terroristas, cometidos o no por movimientos subversivos (tomas a poblaciones, municipios y ciudades y los actos de la autoridad para repelerlos; también se amparan las pérdidas materiales que sufran los bienes asegurados causados directa o indirectamente por cohetes, misiles o similares); terremoto, temblor y/o erupción volcánica, maremoto, tsunami, y/o eventos de la naturaleza tales como ciclón, huracán, tempestad, vientos, inundación, desbordamiento, alza en el nivel de aguas y enfangamiento, hundimiento, deslizamiento del terreno, derrumbes, ludes, desprendimiento de tierra y rocas, y las pérdidas y/o daños consecuenciales originados por tales fenómenos los cuales sean consecuencia de un hecho súbito, accidental e imprevisto cubiertos en la póliza ; daño interno de equipos eléctricos y electrónicos: coberturas de todo riesgo daño material por rotura de maquinaria y equipos eléctricos y electrónicos (explosión física o química interna, caída directa de rayo, rotura debido a fuerza centrifuga, cuerpo extraños, acción directa de la energía eléctrica y/o rayo, impericia, descuido, negligencia; sabotaje individual; error de diseño, defecto de mano de obra, falta de agua en aparatos generadores de vapor, otros accidentes ocurridos a los equipos por causas no expresamente excluidas en la póliza); rotura de vidrios, sustracción con violencia y sustracción sin violencia, y demás amparos y/o cobertura que no se encuentren expresamente excluidas. se amparan los hundimientos, desplazamientos, agrietamientos o asentamientos de cimientos, muros, pisos, techos y pavimentos, vibraciones o movimientos naturales del suelo, siempre y cuando sean consecuencia de un hecho accidental, súbito e imprevisto cubierto en la póliza La cobertura de Hurto simple y calificado se extiende a amparar los equipos moviles y portatiles , kit de emergencias, herramientas, equipos y similares dentro y/o fuera de los predios del asegurado y en aquellos donde ejerza su actividad y cuando estan siendo transportados en vehiculos del asegurado, de sus empleados y/o de terceros contratistas y/o subcontratistas del mismo.
A26: BIENES ASEGURADOS (INTERES ASEGURABLE) OBLIGATORIA
A27: Todos los bienes de propiedad real o personal del ASEGURADO, o en los que tuviere interés asegurable , o los recibidos a cualquier titulo, los tomados en arriendo, los recibidos en dación de pagos o los recibidos a cualquier titulo, comodato, los de terceros o aquellos por los cuales sea o pueda llegar a ser responsable, que se encuentren bajo su cuidado, control y custodia, utilizados en el desarrollo del objeto social del asegurado, consistentes principalmente en, pero no limitados a : edificios, estructuras, cimientos, muros de contención, cercas, escaleras externas, vidrios planos, patios, avisos, torres, toldos, techos, estacionamientos, vías de acceso, otras construcciones separadas de las edificaciones, instalaciones subterráneas, instalaciones eléctricas, de cableado estructural, de aires acondicionados, electrónicas, de comunicación, para conducción de gas sean o no subterráneas, tuberías. conductos, desagües, y en general todo tipo de instalación y equipos que se encuentren por debajo del nivel del suelo, instalaciones fijas de protección contra incendio, instalaciones eléctricas, alarmas, cámaras y circuitos cerrados de televisión, maquinaria, equipos, herramientas, ascensores, subestaciones y /o plantas eléctricas, motores, transformadores, muebles e inmuebles de todo tipo y descripción. enseres, equipos de construcción, equipos de oficina, de procesamiento de datos, equipos de comunicación, de audiovisuales, de sistemas, de laboratorios, equipos de hospitalización, equipos de apoyo, equipos de diagnostico, equipos de apoyo terapéutico, equipos médicos y científicos, instrumental médico mejoras locativas (acabados y obras realizadas en el edificio, mercancías, repuestos, insumos, armas de fuego, equipos móviles y portátiles, vehículos inmovilizados ( en reposo), dinero en efectivo, medallas, plata labrada, obras de arte, estatuas, frescos, colecciones, y muebles que tengan valor artístico, científico e histórico, manuscritos, planos, croquis, patrones, sellos, monedas, libros de comercio, títulos valores y billetes de bancos, instrumentos musicales, equipos de sonidos, bienes que por su naturaleza deben permanecer a la intemperie televisores, equipos de video, cámaras fotográficas, electrodomésticos, equipos para el manejo y movilización de materiales, camillas, papelería, mercancìas azarosas necesarias para el normal funcionamiento del establecimiento y demás bienes que aunque no hayan sido mencionados específicamente se encuentren localizados dentro o fuera de los predios asegurados y/o donde el asegurado desarrolle su actividad dentro del territorio de la republica de Colombia, incluidos predios y bienes con valor histórico o declarados como patrimonio nacional.
A28: DIRECCION UBICACIÓN RIESGOS | B28: DIRECCION PRINCIPAL Centro Plaza de la Aduana Diagonal 30 No. 30-78 (VALOR ADMITIDO) y 'EDIFICIO SAE SAS (Calle 31 D No.72-110 - Urbanización Los Abetos, Manzana J, Lote 2, CARTAGENA, BOLIVAR) demas riesgos donde el asegurado ejerce su actividad, aunque no esten determinados especificamente ubicados en el territorio Colombiano.
A29: COBERTURAS Y SUBLIMITES
A30: Daños Materiales | B30: 1
A31: Terremoto, temblor, erupcion volcanica y demas eventos de la naturaleza | B31: 1
A32: Actos Mal intencionados de terceros ,sabotaje , Terrorismo, Huelga, Motín, Asonada, conmoción o popular. | B32: 100000000000
A33: Rotura de Maquinaria: | B33: 1
A34: Equipos electricos y electronicos: | B34: 1
A35: Frigorificos y Bienes Refrigerados | B35: 1
A36: Hurto y Hurto Calificado | B36: 25000000000
A37: Dinero y títulos valores dentro y fuera de caja fuerte. Sublimite a primera perdida absoluta | B37: 50000000
A38: CONVENIO PARA EL PLAZO DEL PAGO DE LA PRIMA | B38: No obstante cualquier estipulación en contrario, por la presente cláusula se deja establecido que, de acuerdo con lo estipulado en el artículo 81 de la Ley 45/90 y la Resolución numero 03750 de Diciembre 31/74 de la Superintendencia Financiera, las partes contratantes convienen que las primas causadas por el presente Contrato de seguros y los Certificados o Anexos que se emitan en aplicación al mismo serán pagadas por el asegurado dentro de los noventa (90) días a partir de la fecha en que el respectivo documento sea recibido en sus oficinas, directamente por la Aseguradora y/o por el intermediario de seguros, quien deberá certificar haber recibido a satisfacción las respectivas pólizas en las condiciones contratadas; Si las pólizas no han sido correctamente elaboradas, el término para el pago solo empezará a contarse desde la fecha en que se presenten en debida forma. La demora en el pago originada por la presentación incorrecta de los documentos requeridos será responsabilidad del contratista y no tendrán por ello derecho al pago de intereses o compensación de ninguna naturaleza o a la aplicación de la terminación del contrato por mora en el pago de la prima.
A39: REVOCACIÓN, NO RENOVACIÓN O MODIFICACIONES DE LA PÓLIZA Y SUS ANEXOS | B39: La Aseguradora deberá dar aviso por escrito al ASEGURADO, con una anticipación de cientoveinte (120) días en caso que decida modificar, revocar o no renovar esta póliza y/o alguno de sus amparos adicionales o modificar cualquiera de sus condiciones. En caso de revocación la aseguradora devolverá al asegurado, la proporción de prima correspondiente al tiempo que falte para el vencimiento de la Póliza, liquidada a prorrata. Para HMACC AMIT TERRORISMO Aplican 10 días. Si la revocación es solicitada por EL ASEGURADO , la Aseguradora devolverá el valor de la prima no corrida del riesgo, liquidada a Prorrata
A40: MODIFICACIONES A FAVOR DEL ASEGURADO | B40: Si durante la vigencia de este seguro se presentan modificaciones a las condiciones generales y particulares de la póliza, que presenten un beneficio a favor del ASEGURADO, tales modificaciones se consideran automáticamente incorporadas a la póliza siempre que el cambio no implique un aumento en la prima originalmente pactada.
A41: CLAUSULA DE APLICACION DE CONDICIONES PARTICULARES | B41: Queda expresamente acordado y convenido, que la Compañía acepta las condiciones básicas tecnicas establecidas en este anexo en los terminos señalados en el mismo, por lo tanto, en caso de existir discrepancia ente los ofrecimientos contenidos en la propuesta tecnica básica, frente a los textos de los ejemplares de las pólizas, certificados, anexos o cualquier otro documento; prevalecerá la información y condiciones básicas tecnicas establecidas.
A42: PRORROGAS | B42: Queda expresamente declarado y convenido que la (s) aseguradora (s) queda (n) obligadas (s) a otorgar la (s) prorroga (s) que el Asegurado, solicite en caso de que se requiera tiempo adicional para surtir los trámites internos de un nuevo proceso, en las mismas condiciones en que se encuentran suscritas las pólizas como tambien las modificaciones que se requieran en el transcurso de la vigencia sin condicionamiento alguno, incluido el intermediario.
A43: REVISION DE TERMINOS PARA PRORROGA | B43: Bajo esta clusula la compañía podrá realizar revisión de términos para las prórrogas cuando la siniestralidad incurrida sobrepase el 60%. (Siniestralidad incurrida =siniestros pagos + reservas + 10% IBRN/primas netas).
A44: AVISO DE SINIESTRO | B44: No obstante lo dispuesto en las condiciones la Póliza o en sus anexos, por la presente cláusula se conviene entre las partes, un término sesenta (60) días habiles para que el Asegurado de aviso al Asegurador de cualquier evento que afecte a la presente Póliza, contados a partir de la fecha en que haya tenido conocimiento de dicho evento, sin perjuicio de lo establecido en el artículo 1081 del Código de Comercio.
A45: GARANTIAS | B45: Queda expresamente acordado y aceptado que la cobertura otorgada bajo la presente póliza no queda sujeta al cumplimiento de ningún tipo de garantía por parte de la entidad asegurada.
A46: ERRORES, OMISIONES O INEXACTITUDES NO INTENCIONALES | B46: El tomador está obligado a declarar sinceramente los hechos y circunstancias que determinen el estado del riesgo. La inexactitud sobre hechos o circunstancias que, conocidas por la compañía, la hubieren retraído de celebrar el contrato o inducido a estipular condiciones más onerosas, produce la nulidad relativa del seguro. Sin embargo, si se incurriere en errores, omisiones e inexactitudes inculpables al tomador o al asegurado, el contrato no será nulo ni habrá lugar a la aplicación del inciso tercero del artículo 1058 del Código de Comercio sobre reducción porcentual de la prestación asegurada. En este caso se deberá pagar la prima adecuada al verdadero estado del riesgo.
A47: CLAUSULA DE JURISDICCION Y SOLUCION DE CONTROVERSIAS | B47: Se deja constancia que en caso de existir alguna controversia, ésta se dirimirá de acuerdo con lo establecido en la Ley y los diferentes mecanismos de solucion de conflictos
A48: DOMICILIO | B48: Sin perjuicios de las disposiciones procesales para los efectos relacionados con el presente contrato, se fija como domicilio de las partes la ciudad de Cartagena, en la República de Colombia.
A49: RESTABLECIMIENTO AUTOMATICO DEL VALOR ASEGURADO POR PAGO DE SINIESTRO, NO APLICA PARA HAMCCOP, AMIT Y TERRORISMO | B49: Queda entendido y convenido en adición a los términos y condiciones contenidas en la Póliza o en sus anexos que el valor asegurado se reducirá en igual cantidad del monto del siniestro y que la Aseguradora acepta el restablecimiento automático del mismo, mediante el pago de la prima a que haya lugar.
... A88: TABLA DE DEMERITO | B88: TABLA DE DEMERITO PARA ROTURA DE MAQUINARIA Y EQUIPO ELECTRONICO: No aplica para las herramientas que tengan componentes electricos u/o electronicos
B89: AÑOS | C89: DEMERITO ANUAL | D89: DEMERITO ACUMULADO
B90: 1 A 3 AÑOS | C90: 0 | D90: 0
B91: DE 4 A 10 AÑOS | C91: 0.005 | D91: 0.05
B92: DE 11 A 20 AÑOS | C92: 0.01 | D92: 0.1
B93: DE 21 0 MAS AÑOS | C93: 0.015 | D93: 0.3
A94: NO APLICACIÓN DE DÉMERITO POR USO O MEJORÁ TECNOLÓGICA PARA DAÑOS O PÉRDIDAS DE EQUIPOS ELÉCTRICOS, ELECTRÓNICOS Y/O DE ROTURA DE MAQUINARÍA. | B94: Queda expresamente acordado que la aseguradora no realizará aplicación de Avance Tecnológico o Démerito por uso, para equipos adquiridos por las Entidades aseguradas a partir del 01 de enero de 2008. En caso de siniestro que afecte los equipos amparados bajo la presente póliza y que deban ser indemnizados por pérdidas totales, no se dará aplicación a ningún porcentaje o valor por concepto de avance tecnológico de los equipos afectados por el hecho que dio origen a la reclamación.
A95: AUTORIZACIÓN PARA REPARACIONES EN CASO DE SINIESTRO | B95: Mediante la presente cláusula queda entendido, convenido y aceptado que se autoriza al DISTRITO para iniciar trabajos conducentes a identificar el alcance y magnitud de las fallas y/o adelantar las reparaciones necesarias inmediatamente después de un siniestro sin consultar previamente a la Aseguradora, siempre que estas reparaciones no excedan en más de Cincuenta Millones de Pesos M/CTE ($50.000.000), bajo el compromiso de: a) Informar el siniestro a la Aseguradora dentro de los sesenta( 60 ) días hábiles siguientes a la fecha del mismo. Presentar un informe detallado del siniestro. b) Presentar todas las facturas relacionadas con la reparación. La Aseguradora se reserva el derecho de inspeccionar y pedir informes adicionales cuando a su juicio lo considere necesario, aún después de haber sido hecha la reparación
A96: EXTENSION DE COBERTURA PARA EQUIPOS QUE ESTEN O NO TRABAJANDO | B96: Por medio de la presente cláusula se extiende el amparo de la Póliza para los equipos cubiertos por la misma, ya sea que tales equipos estén o no trabajando o hayan sido desmontados para reparación, limpieza, revisión, reacondicionamiento o cuando sean desmontados, trasladados, montados y probados dentro de los predios del Asegurado. $500.000.000 SIEMPRE Y CUANDO LA AFECTACIÓN SEA POR UN EVENTO AMPARADO POR LA PÓLIZA Y ESTEN BAJO EL CONTROL DEL ASEGURADO.
A97: INCREMENTO EN COSTOS DE CONSTRUCCIÓN POR ADECUACIÓN A LA NORMA DE SISMO RESISTENCIA | B97: La suma asegurada y el valor a indemnizar en caso de siniestro incluyen el sobre-costo (si lo hubiere), de adecuar la construcción a las normas de sismo resistencia vigentes, hasta por el limite estipulado en la póliza. En caso de siniestro se reconocerá sin afectar la suma asegurada principal, el sobre costo de adecuar la construcción a las normas de sismo resistencia vigentes. Esta cobertura opera aún en el caso de que el asegurado no haya efectuado el estudio ó la adecuación a sus inmuebles y aún en el caso que no se presenten daños estructurales .
A98: ADECUACIÓN DE CONSTRUCCIONES A LAS NORMAS DE SISMO RESISTENCIA | B98: Adecuación de construcciones a las normas de sismo resistencia. Se extiende la cobertura del seguro a amparar los costos y gastos razonables en que incurra el asegurado, cuando a consecuencia de un evento amparado bajo la presente póliza, los edificios y obras civiles sufran daños estructurales, cuya reparación o reconstrucción conlleve la adecuación a normas sismo resistentes vigentes al momento de efectuarse la reparación o reconstrucción del bien asegurado hasta el 100% de los costos adicionales en que incurra el asegurado. Para los casos que se haga necesario un rediseño para la reconstrucción o reparación con el fin de cumplir normas legales de sismo resistencia, la aseguradora reconocerá un 10% adicional sobre el valor asegurado del bien. En caso de presentarse dichos costos no habrá lugar a aplicación de infraseguro, sino que el porcentaje mencionado se adicionará a la suma asegurada para efectos de la indemnización.
A99: CLAUSULA DE TUBOS Y VALVULAS | B99: El seguro se extiende a cubrir daños en los tubos de rayos x, válvulas, tubos de vacío, tubos amplificadores de imagen, etc limitado al valor actualque estos bienes tengan inmediatamente antes de ocurrir el daño, incluidos fletes ordinarios, costos de desmontaje y remontaje así como eventuales derehos de aduana etc. Para la cobertura prevista en esta cláusula, se indemnizarán solo aquellos daños que sean a consecuencia directa de otro daño indemnizable en los bienes asegurados pero no se indemnizarà los daños que en opinión de peritos del fabricante o proveedor sean considerados como daño por desgaste.
A100: ROTURA DE VIDRIOS | B100: Incluyendo los generados por Hmacc, Amit y terrorismo, hasta la suma de $1.500.000.000 La aseguradora se compromete a indemnizar al Asegurado hasta el límite del valor asegurado de este sublímite, la rotura que sufran los vidrios, domos, acrílicos u otros materiales que hagan sus veces, al igual que los cristales, espejos y unidades sanitarias instalados y que formen parte del predio asegurado, incluidos aquellos que sean parte decorativas de los mismos.
A101: PROPIEDAD HORIZONTAL | B101: Se hace constar que esta póliza ampara exclusivamente la parte del edificio de propiedad del Asegurado, bajo su control, custodia o por la cual sea legalmente responsable. En consecuencia las pérdidas ocurridas en aquellas partes de la construcción que sean de servicio común y por consiguiente de la Propiedad colectiva, quedarán amparados únicamente en proporción al derecho que sobre ellas tenga el Asegurado.
A102: COBERTURA DE INUNDACION O ENLODAMIENTO | B102: Cubre las perdidas o daños a la propiedad asegurada causados por inundación o enlodamiento como resultado de rotura o estallido de la tubería de conducción (tubería de presión suministrando el agua de accionamiento para la maquinaria asegurada), válvulas de cierre, y/o bombas de retorno debido a los riesgos cubiertos por la presente póliza.
A103: BIENES DE TERCEROS BAJO CUIDADO, CONTROL Y/O CUSTODIA | B103: Por medio del presente anexo, hasta un límite del valor asegurado de $ 1.000.000.000 y en los términos aquí previstos, se cubre los daños o pérdidas materiales que sean consecuencia directa de cualquiera de los eventos amparados en ella, el interés del asegurado y la responsabilidad por propiedad similar perteneciente a otros, parcial o totalmente, pero en poder del asegurado y por los que sea legal o contractualmente responsable, ya sea por que haya vendido pero no entregado, en almacenaje, para reparación, procesamiento o por cualquier otro motivo, siempre y cuando los correspondientes bienes estén localizados en los predios del asegurado. Para efectos de este anexo la expresión “interés del asegurado y la responsabilidad por propiedad similar perteneciente a otros “significa el interés que el asegurado tiene sobre determinado bien o bienes cuya propiedad no le pertenece pero que están relacionados con su actividad y que son objeto de éste seguro y los tiene bajo su responsabilidad, cuidado, control y custodia.
A104: FERIAS Y EXPOSICIONES | B104: Se amparan automaticamente los bienes asegurados que sean trasladados temporalemten a otro (s) sitio (s), a los predios donde el asegurado ejerce su actividad, con destino a participar en ferias y/o exposiciones dentro del territorio de la Republica de Colombia. Por un periodo no mayor a 60 dias y sublimite de $1.000.000.000
A105: MONTAJES Y CONTRUCCIONES Sublimitado a $ 100.000.000 | B105: Bajo la presente póliza se amparan las propiedades y bienes en construcción ensamblaje, alistamiento, montaje, pruebas y puestas en marcha, de naturaleza incidental. Como “incidental” se entienden las obras, cuyo valor total final no supere la suma del sublímite acá señalado por proyecto. Para las obras en construcción y/o montaje cuyo valor total supere el monto antes señalado, con base en la información que el asegurado suministre previamente a la iniciación de los trabajos, podrá otorgar amparo mediante acuerdo expreso, en cuyo caso una prima adicional será determinada por la compañía y pagada por el asegurado. Para esta cobertura se excluye la Responsabilidad Civil, ALOP, el mantenimiento y las pruebas.
... A119: ARCHIVOS Y DOCUMENTOS. Sin aplicación de deducible. Sublímite de $300.000.000 por evento/ vigencia. | B119: Bajo esta cobertura se amparan los gastos razonables y demostrados en que en que incurra o deba incurrir el asegurado, para la reproducción o remplazo de la información contenida en documentos, bases de datos, archivos magnéticos, servidores o equipos electrónicos, manuscritos, planos, así como la reposición de archivos propios del negocio, que sean afectados por la ocurrencia de un evento amparado por la póliza; esta cobertura se extiende a los gastos de la trascripción y/o reconstrucción, incluyendo honorarios y demás gastos a que haya lugar.
A120: PARA LOS SIGUIENTES AMPAROS ADICIONALES SUBLIMITADOS NO HAY APLICACIÓN DE DEDUCIBLE
A121: AMPAROS ADICIONALES SUBLIMITADOS EN CASO DE SINIESTRO LA COMPAÑÍA CUBRIRA LOS GASTOS RAZONABLES EN QUE INCURRA EL ASEGURADO POR UNO, VARIOS O TODOS ESTOS CONCEPTOS SIN EXCEDER EL 20% DE LA SUMA ASEGURADA DE LOS BIENES AFECTADOS
A122: GASTOS ADICIONALES Y EXTRAORDINARIOS POR HORAS EXTRA, TRABAJO EN DIAS FESTIVOS, TRABAJO NOCTURNO, FLETE EXPRESO, FLETE AÉREO. | B122: Por la presente cláusula y no obstante lo que se diga en contrario en las condiciones generales de la Póliza y sus anexos, este seguro cubre los gastos extraordinarios, honorarios profesionales, en que incurra el Asegurado por concepto de tiempo extra, trabajo nocturno, trabajo en días festivos, envíos por expreso, gastos adicionales por arrendamiento de otros equipos, reposición de material y pérdida de información en portadores externos de datos, con ocasión de cualquier daño o pérdida, amparada por la presente póliza
A123: REMOCION DE ESCOMBROS Y GASTOS DE DEMOLICIÓN | B123: Los gastos en quen incurra el asegurado para la remocion de escombros o el desmantelamiento, demolicion o apuntalamiento de la parte o parte de los bienes amparados que hayna sido danados o destruidos a consecuencia de la realizacion de cualquier riesgo cubierto bajo la presente poliza.
A124: GASTOS PARA LA EXTINCION Y EVITAR LA PROPAGACION DEL SINIESTRO | B124: Gastos en que incurra el asegurado por la utilizacion de productos y sustancias dirigidas a la extincion del siniestro o evitar su propagacion, asi como los elementos o equipos dstaruidos total o parcialmente como consecuencia de la actividad dirigida a este proposito.
A125: GASTOS POR REPOSICION DE INFORMACION, ARCHIVOS Y DOCUMENTOS | B125: Se cubre la reproducción ó reemplazo de la información contenida en documentos manuscritos, planos, cintas magnéticas, sistemas electrónicos de procesamiento de datos y demás sistemas de almacenamiento de información, archivos de contabilidad y registros, incluyendo el arrendamiento de equipos y el pago de digitadores, programadores de sistemas, ingenieros y dibujantes, entre otros, necesarios para recopilar o reconstruir de nuevo toda la información destruida, averiada o inutilizada de la contabilidad por el limite estipulado en la póliza.
A126: GASTOS DE SALVAMENTO, PRESERVACION O MANTENIMIENTO DE LOS BIENES ASEGURADOS | B126: Se amparan los gastos en que incurra el asegurado, por las medidas en que necesaria y razonablemente adopte, como consecuencia del siniestro con el el fin de efectuar reparaciones o construcciones provisionales o transitorias.
A127: GASTOS PARA LA DEMOSTRACION Y CUANTIFICACION DE LA PERDIDA | B127: Se cubren los gastos y costos en que necesaria y nrazonablemente incurra el asegurado, para la demostracion de lan ocurrencia y cuantia del siniestro, distintos a los que constituyen costos o gastos fijos de su propia organizacion o los necesarios para la actualizacion de la contabilidad.
A128: GASTOS PARA LA OBTENCION DE LICENCIAS Y PERMISOS PARA RECONSTRUIR EL EDIFICIO | B128: Se cubre el costo razonable de los honorarios y materiales necesarios pra obtener las licencias y permisos necesarios para reconstruir el edificion, siempre y cuando dichos gastos se hayan generado en conexion con cualquier perdida o dano amterial indemnizable a los bienes inmuebles asegurados bajo la poliza.
A129: HONORARIOS PROFESIONALES INCLUIDOS VIAJES DE ESTADIA | B129: Se reconoce el costo de honorarios, incluyendo los gastos de viaje y estadia diferentes a los que normalmente forman parte de una indemnizacion, bajo la cobertura otorgada, de tecnicos, expertos, interventores, ingenieros, consultores, arquitectos u otros profesionales para la planificacion, reconstruccion, reposicion, reeemplazo, reparacion de los bienes e intereses asegurados, sin exceder de las tarifas autorizadas por las respectivas agremiaciones o colegios profesionales y, a falta de uno u otras de las que sean usuales o comunes. En las mismas condiciones que para las anteriores, la Compania indemnizara los honorarios de auditores, revisores, contadores, para obtener y certificar la informacion de la contabilidad del establecimiento y demas informacion documentos y testimonios que sean requeridos en una reclamacion.
A130: GASTOS DE AUDITORES, REVISORES Y CONTADORES. | B130: Bajo este amparo la Compañía indemnizará, los gastos razonables en que en que incurra o deba incurrir el asegurado, por pago de auditores, revisores y contadores que se requieran para analizar y certificar los datos extraídos de los libros de contabilidad y demás documentos del negocio del asegurado, al igual que cualesquiera otras informaciones que sean solicitadas por la compañía al asegurado, para la demostración de la ocurrencia y cuantía del siniestro, según lo establecido en esta póliza.
A131: GASTOS PARA REACONDICIONAMIENTOS, REPARACIONES O RECONSTRUCCIONES PROVISONALES O TRANSITORIAS. | B131: Se ampara bajo la presente cobertura, los gastos razonables en que en que incurra o deba incurrir el asegurado con el fin de efectuar reacondicionamientos, reparaciones o reconstrucciones o construcciones provisionales transitorias, con el objeto de salvar, preservar o conservar los bienes amparados.
A132: GASTOS PARA LA RECUPERACIÓN DE INFORMACIÓN | B132: Se ampara bajo la presente cobertura, los gastos razonables en que en que incurra o deba incurrir el asegurado con el fin de recuperar información de cualquier sistema de almacenamiento de información sin exigencia de tener respaldo de la misma, incluyendo el pago de digitadores, programadores de sistemas, ingenieros y dibujantes, entre otros, necesarios para recopilar o reconstruir la información pérdida, destruida, averiada o inutilizada como causa de un siniestro.
A133: DEDUCIBLES ÚNICOS Y MÁXIMOS ACEPTABLES
A134: 1- TERREMOTO, TEMBLOR Y/O ERUPCIÓN VOLCÁNICA: 1% sobre el valor asegurado del bien
A135: 2- HAMCCoP, AMIT (INCLUYENDO SABOTAJE Y TERRORISMO): 5% sobre el vr de la perdida sin mínimo
A136: 3- DEMÁS EVENTOS Y/O AMPAROS: 5% sobre el vr de la perdida sin mínimo
A137: 4- VACUNAS Y BIOLOGICOS (APLICA PARA CUALQUIER EVENTO): 10% sobre el vr de la perdida sin mínimo.
A138: NOTA: El ofrecimiento de deducibles superiores a los enunciados, constituyen causal de rechazo de la oferta.

Sheet GRUPO 1. EQUIPO Y MAQUINARIA
A1: ANEXO Nº 2 ESPECIFICACIONES TECNICAS SEGURO DE TODO RIESGO EQUIPO Y MAQUINARIA
A2: TOMADOR: | B2: =+'GRUPO 1. TR DAÑOS MATERIALES'!B2 -> DISTRITO TURISTICO Y CULTURAL DE CARTAGENA DE INDIAS
A3: ASEGURADO : | B3: =+B2 -> DISTRITO TURISTICO Y CULTURAL DE CARTAGENA DE INDIAS | C3: =+B2 -> DISTRITO TURISTICO Y CULTURAL DE CARTAGENA DE INDIAS
A4: BENEFICIARIO: | B4: =+B3 -> DISTRITO TURISTICO Y CULTURAL DE CARTAGENA DE INDIAS | C4: =+B3 -> DISTRITO TURISTICO Y CULTURAL DE CARTAGENA DE INDIAS
A5: NIT | B5: =+'GRUPO 1. TR DAÑOS MATERIALES'!B5 -> 890.480.184-4 | C5: 890.399.029-5
A6: NIT | B6: =+B5 -> 890.480.184-4
A7: RAMO | B7: TODO RIESGO EQUIPO Y MAQUINARIA | C7: TODO RIESGO DANO MATERIAL
A8: INTERMEDIARIO | B8: GONSEGUROS CORREDORES DE SEGUROS S.A.
A9: VIGENCIA | B9: =+'GRUPO 1. TR DAÑOS MATERIALES'!B8 -> DESDE LAS 00:00 HORAS DEL 29 DE OCTUBRE DEL 2026 HASTA LAS 24:00 HORAS DEL 16 DE MAYO DEL 2027 | C9: DESDE: xx de xxxx DEL 2012 HORA: 00,00 HASTA: xxx DEL XXXXX 2013 HORA:00,00
A10: CONDICIONES TÉCNICAS BÁSICAS OBLIGATORIAS
A11: DETALLE | B11: VALOR ASEGURADO
A13: - Maquinaria en vehículo de ataque rápido RB mini pumper (no incluye chasis) Rosen Bauer 2016. - Maquinaria en vehículo de ataque rápido RB mini pumper (no incluye chasis) Rosen Bauer 2016. - Maquinaria en vehículo de ataque rápido RB mini pumper (no incluye chasis) Rosen Bauer 2016. - Maquinaria en vehículo de ataque rápido RB mini pumper-Sistema de Incendios- Equipo Adicional (no incluye chasis) Rosen Bauer 2016. - Maquinaria en vehículo para rescate RB mini rescue (no incluye chasis) Rosen Bauer. - Maquinaria en vehículo Escalera para rescate y extinción de incendios L56- Equipo Adicional (no incluye chasis) Metz 2016. - Maquinaria en vehículo para rescate RB (No incluye Chasis) – Sistema de incendios – Equipo adicional 2016. - Sistema de bombeo para abastecimiento y extinción de siniestros, instalados en el vehículo de placa OUG899, ROSENBAUER 2025, (no incluye chasis). - Sistema de bombeo para abastecimiento y extinción de siniestros, instalados en el vehículo de placa OUG900, ROSENBAUER 2025, (no incluye chasis). - Sistema de bombero para abastecimiento y extincion de siniestros | B13: 1.9525741e+10
A14: DESCRIPCION DE LA ACTIVIDAD DEL ASEGURADO | B14: Entidad Pública
A15: DIRECCION COMERCIAL /TELEFONO | B15: DISTRITO DE CARTAGENA
A16: DIRECCION DEL RIESGO | B16: Territorio Colombiano
A17: OBJETO DEL SEGURO | B17: Amparar las pérdidas o daños materiales que sufran los bienes de propiedad de la entidad, bajo su responsabilidad, tenencia y/o control, y en general los recibidos a cualquier titulo y/o por los que tenga algún interés asegurable, de acuerdo con el tipo de maquinaria de la relación asegurada, en sus operaciones sobre cualquier terreno y zona en el cual realizan sus operaciones.
A18: BIENES ASEGURADOS | B18: Toda la maquinaria y equipo de propiedad de la entidad, que se hallen bajo su responsabilidad, tenencia y/o control, y en general los recibidos a cualquier titulo o por los que tenga algún interés asegurable y consistente principalmente, pero no limitados, en los siguientes: Maquinaria y equipo consistente principalmente en: Buldoceres, Tractores, Motoniveladoras, Excavadoras, Retroexcavadoras, Equipos Agrícolas, Planchones y otras similares ubicados en el territorio nacional, de propiedad de la entidad, bajo su responsabilidad, tenencia y/o control.
A19: BIENES NO ASEGURABLES | B19: • Vehículos a motor destinados para transitar en vias públicas y provistos de una licencia y/o placa para tal fin, cuando la operación de los mismos sea la movilización en vías públicas y esten asegurados en pólizas de autos. • Embarcaciones, naves flotantes, aeronaves o máquinas que hagan parte de ellas.
A20: MODALIDAD DE VALOR ASEGURADO DE LOS BIENES ASEGURADOS | B20: EQUIPO Y MAQUINARÍA: Valor de reposición o reemplazo.
A21: VALORES ASEGURADOS | B21: Según relacion
A22: NOTA: | B22: QUEDA EXPRESAMENTE ACEPTADO POR LA ASEGURADORA QUE LAS CONDICIONES, COBERTURAS Y CLAUSULAS BÁSICAS PARA LAS CUALES NO SE INDIQUE SUBLÍMITE, OPERARÁN AL 100% DEL VALOR ASEGURADO.
A23: COBERTURA BASICA TODO RIESGO | B23: La aseguradora se obliga a indemnizar al asegurado los daños y/o pérdidas que sufran los intereses asegurados, así como los costos y/o gastos en que incurra, o todos combinados, por cualquier causa, como consecuencia de los riesgos que a continuación se enuncian y sujeto a los riesgos excluidos: Incendio y/o Rayo, Explosión, Impacto directo de rayo, Terremoto, Temblor y/o Erupción, Maremoto (100%). Actos Mal Intencionados de Terceros, Asonada, Motín, Conmoción Civil o Popular y Huelga. (Incluido Terrorismo). 100% del valor asegurado. Cobertura para Daño interno, si a consecuencia de tal daño interno o desarreglo surge un accidente que produce daños externos, este daño consecuencial será indemnizable sujeto a la demostración del mantenimiento. Cobertura para partes Eléctricas y/o Electrónicas. Sustracción con y sin violencia (Hurto y Hurto Calificado). Sublímite básico obligatorio de $100% Daños por agua Anegación Extended coverage Errores de Diseño y Defectos de Fabricación. Movilización por sus propios medios Volcamiento Responsabilidad Civil básico obligatorio de $100% DE CADA MAQUINA ASEGURADA Colisión con objetos en movimiento o estacionarios
A24: CONVENIO PARA EL PLAZO DEL PAGO DE LA PRIMA | B24: No obstante cualquier estipulación en contrario, por la presente cláusula se deja establecido que, de acuerdo con lo estipulado en el artículo 81 de la Ley 45/90 y la Resolución numero 03750 de Diciembre 31/74 de la Superintendencia Financiera, las partes contratantes convienen que las primas causadas por el presente Contrato de seguros y los Certificados o Anexos que se emitan en aplicación al mismo serán pagadas por el asegurado dentro de los noventa (90) días a partir de la fecha en que el respectivo documento sea recibido en sus oficinas, directamente por la Aseguradora y/o por el intermediario de seguros, quien deberá certificar haber recibido a satisfacción las respectivas pólizas en las condiciones contratadas; Si las pólizas no han sido correctamente elaboradas, el término para el pago solo empezará a contarse desde la fecha en que se presenten en debida forma. La demora en el pago originada por la presentación incorrecta de los documentos requeridos será responsabilidad del contratista y no tendrán por ello derecho al pago de intereses o compensación de ninguna naturaleza o a la aplicación de la terminación del contrato por mora en el pago de la prima.
A25: REVOCACIÓN, NO RENOVACIÓN O MODIFICACIONES DE LA PÓLIZA Y SUS ANEXOS | B25: La Aseguradora deberá dar aviso por escrito al ASEGURADO, con una anticipación deciento veinte (120) días en caso que decida modificar, revocar o no renovar esta póliza y/o alguno de sus amparos adicionales o modificar cualquiera de sus condiciones. En caso de revocación la aseguradora devolverá al asegurado, la proporción de prima correspondiente al tiempo que falte para el vencimiento de la Póliza, liquidada a prorrata. Para HMACC AMIT TERRORISMO Aplican 10 días. Si la revocación es solicitada por EL ASEGURADO , la Aseguradora devolverá el valor de la prima no corrida del riesgo, liquidada a Prorrata
... A36: Actos de autoridad. | B36: La póliza cubre los daños o pérdidas materiales de los bienes asegurados, causados directamente por la acción de la autoridad legalmente constituida, ejercida con el fin de disminuir o aminorar las consecuencias de cualquiera de los riesgos amparados por esta póliza.
A37: PARA LOS SIGUIENTES AMPAROS ADICIONALES SUBLIMITADOS NO HAY APLICACIÓN DE DEDUCIBLE
A38: AMPAROS ADICIONALES SUBLIMITADOS EN CASO DE SINIESTRO LA COMPAÑÍA CUBRIRA LOS GASTOS RAZONABLES EN QUE INCURRA EL ASEGURADO POR UNO, VARIOS O TODOS ESTOS CONCEPTOS SIN EXCEDER EL 20% DE LA SUMA ASEGURADA DE LOS BIENES AFECTADOS
A39: GASTOS RAZONABLES DE HORAS EXTRAS, TRABAJO NOCTURNO O EN DÍAS FESTIVOS Y FLETE EXPRESO Y AÉREO. | B39: Bajo esta cobertura se amparan los gastos adicionales y extraordinarios por concepto de horas extras, trabajo nocturno o en días festivos, flete expreso y aéreo, que se incurran o deba incurrir con motivo de una pérdida o daño amparado.
A40: GASTOS RAZONABLES DE VIAJES Y ESTADÍA. | B40: Bajo esta cobertura se amparan los gastos (que incurra o deba incurrir) de viajes de y estadía de funcionarios, empleados y técnicos que intervienen en la planificación de la reconstrucción o adquisición de los bienes asegurados.
A41: REMOCIÓN DE ESCOMBROS Y GASTOS DE DEMOLICIÓN. | B41: Mediante este amparo la compañía indemnizará, los gastos razonables (en que incurra o deba incurrir) demostrados por remoción de escombros, desmantelamiento, demolición o de apuntalamiento de los bienes asegurados, que hayan sido dañados o destruidos por la ocurrencia de cualquiera de los riesgos amparados, incluyendo los gastos de limpieza, recuperación de materiales y el traslado de los escombros a sitio autorizado, con ocasión de un siniestro.
A42: GASTOS PARA LA DEMOSTRACIÓN DEL SINIESTRO. | B42: Bajo este amparo se cubren los gastos razonables en que incurra o deba incurrir el asegurado, para la demostración de la ocurrencia y cuantía del siniestro y serán indemnizados bajo esta póliza. La aseguradora indemnizará hasta el 100% de los gastos demostrados.
A43: GASTOS PARA LA EXTINCIÓN DEL SINIESTRO. | B43: La Compañía se obliga a indemnizar el 100% de los gastos en que necesaria y razonablemente incurra o deba incurrir el asegurado así como los costos de los productos o sustancias utilizadas, o de los elementos o equipos destruidos total o parcialmente, como consecuencia de las actividades dirigidas a la extinción de cualquier siniestro amparado por la póliza o para evitar su propagación, de acuerdo con lo señalado en el artículo 1074 del Código de Comercio. Se precisa que bajo ninguna circunstancia se considerara como gastos de extinción de un incendio la colaboración personal prestada por el asegurado, ni la de sus empleados, obreros o sus contratistas para el apoyo a la gestión.
A44: GASTOS DE AUDITORES, REVISORES Y CONTADORES. | B44: Bajo este amparo la Compañía indemnizará, los gastos razonables en que en que incurra o deba incurrir el asegurado, por pago de auditores, revisores y contadores que se requieran para analizar y certificar los datos extraídos de los libros de contabilidad y demás documentos del negocio del asegurado, al igual que cualesquiera otras informaciones que sean solicitadas por la compañía al asegurado, para la demostración de la ocurrencia y cuantía del siniestro, según lo establecido en esta póliza.
A45: PAGO DE HONORARIOS PROFESIONALES. | B45: Se otorga cobertura para amparar los honorarios (en que incurra o deba incurrir) razonables de arquitectos, interventores, ingenieros, técnicos, consultores u otros profesionales, que sean razonablemente necesarios, así como los gastos de viaje y estadía que se requieran para la planificación, reconstrucción o reparación de los bienes asegurados, a condición de que sea consecuencia de un siniestro cubierto por la póliza.
A46: GASTOS PARA LA PRESERVACIÓN DE BIENES Y CONTINUACIÓN DE ACTIVIDADES. | B46: Se ampara bajo la presente cobertura, los gastos razonables en que incurra o deba incurrir el asegurado para realizar remplazos temporales y/o provisionales o reacondicionamientos y/o reparación de los bienes asegurados afectados por siniestro, así como la ejecución de obras o construcciones provisionales o transitorias, siempre y cuando estos gastos sean requeridos para la preservación y/o conservación de los bienes asegurados con el fin de establecer y continuar con igual eficiencia, como sea posible, las operaciones del giro normal de las actividades del asegurado que sean afectados directamente por un evento amparado.
A47: GASTOS PARA ACELERAR LA REPARACIÓN, REACONDICIONAMIENTO O EL REEMPLAZO DE LOS BIENES ASEGURADOS. | B47: Se ampara bajo la presente cobertura, los gastos razonables en que en que incurra o deba incurrir el asegurado para acelerar la reparación, reacondicionamiento o el reemplazo de los bienes asegurados.
A48: GASTOS PARA REACONDICIONAMIENTOS O REPARACIONES PROVISONALES O TRANSITORIAS. | B48: Se ampara bajo la presente cobertura, los gastos razonables en que en que incurra o deba incurrir el asegurado con el fin de efectuar reacondicionamientos o reparaciones provisionales transitorias, con el objeto de salvar, preservar o conservar los bienes amparados.
A49: Gastos extraordinarios. 100% de los gastos demostrados | B49: Mediante esta condición la cobertura de la póliza se extiende a amparar los gastos razonables extras por arrendamientos de bienes, cualquier tipo de equipos, en que incurra el asegurado, adicionales y en exceso a sus costos normales de operación, con el único fin de poder continuar con igual eficiencia, como sea posible, las operaciones del giro normal de sus actividades que se vean afectadas directamente por un evento amparado bajo este seguro, incluido los gastos por pago de administración y servicios públicos de las instalaciones utilizadas. Se precisa que la indemnización de estos gastos opera en adición a la suma asegurada de los bienes amparados y que el pago de los mismos se efectuará sin aplicación de deducible.
A50: Cobertura automática para nuevos bienes. Sublímite de $1.500.000.000 | B50: La presente clausula se amplia hasta $1.500 Millones para otorgar cobertura automática, a partir del momento en que el asegurado asuma la responsabilidad por los bienes hasta la suma asegurada, sujeto a que éste queda obligado a dar aviso a la aseguradora dentro de los 90 días siguientes. Se precisa, que la aplicación de esta cobertura dará derecho a la compañía al cobro de la prima proporcional calculada a prorrata, de acuerdo con las tasas ofrecidas en este proceso y correspondiente al periodo de amparo, incluido el término automático otorgado para esta condición.
... A68: REPOSICION O REEMPLAZO | B68: Bajo esta cláusula la Compañía pagará la indemnización por el valor de la reposición o reemplazo de los bienes asegurados, cuando el conjunto o la totalidad de ellos queden destruidos o de tal modo averiados que pierdan la aptitud para el fin a que están destinados o cuando no obstante no perder esa aptitud, su reparación aunque se facilite, implique perjuicios en la calidad o eficiencia en la producción u operación y de conformidad con lo siguiente:
A69: 1. Por igual valor de reposición o reemplazo se hará la indemnización de las secciones, partes o piezas de tales bienes, cuando en vez de reponerse o reemplazarse el conjunto o la totalidad de ellos o cada uno de ellos, se proceda a su reconstrucción o reparación necesaria para que no haya perjuicio alguno en la calidad o eficiencia de la producción u operación.
A70: 2. Se entiende por valor de reposición de la totalidad de los bienes, de un conjunto o grupo de ellos o cada uno de ellos individualmente considerando, el valor a nuevo de los mismos, sin deducción alguna por depreciación, demérito, uso, vetustez, o en fin, por cualquier otro concepto.
A71: 3. Si con ocasión del siniestro, la reposición o reparación del conjunto o totalidad de los bienes, ó de un grupo de éstos o de cualquiera de ellos, el asegurado hiciera cualquier cambio o reforma en sus instalaciones, o reemplazare el o los bienes siniestrados por otro u otros de diferente naturaleza, o de mayor capacidad, serán de su cuenta los mayores costos que dichos cambios ocasionen
A72: 4. La compañía aseguradora también se obliga a indemnizar el siniestro total o parcial con base en el valor de la reconstrucción, reposición, reparación o reemplazo.
A73: Cobertura para accesorios y equipo móvil: sublimite $50.000.000 Evento / Vigencia
A74: DEDUCIBLES MAXIMOS PERMITIDOS
A75: PARA TODAS LAS COBERTURAS: 5% del valor de la pérdida sín mínimo
A76: NOTA: El ofrecimiento de deducibles superiores a los enunciados, constituyen causal de rechazo de la oferta.

Sheet GRUPO 1. MANEJO ESTATAL
A1: ANEXO Nº 3 ESPECIFICACIONES TECNICAS SEGURO DE MANEJO ENTIDADES ESTATALES
A2: TOMADOR: | B2: =+'GRUPO 3. CASCO AVIACION'!B2 -> DISTRITO TURISTICO Y CULTURAL DE CARTAGENA DE INDIAS
A3: ASEGURADO : | B3: =+B2 -> DISTRITO TURISTICO Y CULTURAL DE CARTAGENA DE INDIAS
A4: BENEFICIARIO: | B4: =+B2 -> DISTRITO TURISTICO Y CULTURAL DE CARTAGENA DE INDIAS
A5: NIT | B5: =+'GRUPO 3. CASCO AVIACION'!B5 -> 890.480.184-4
A6: RAMO | B6: Seguro de Manejo Entidades Estatales
A7: INTERMEDIARIO | B7: GONSEGUROS CORREDORES DE SEGUROS S.A.
A8: VIGENCIA | B8: =+'GRUPO 3. CASCO AVIACION'!B8 -> DESDE LAS 00:00 HORAS DEL 29 DE OCTUBRE DEL 2026 HASTA LAS 24:00 HORAS DEL 16 DE MAYO DEL 2027
A9: CONDICIONES TÉCNICAS BÁSICAS OBLIGATORIAS
A10: DESCRIPCION DE LA ACTIVIDAD DEL ASEGURADO | B10: Entidad Pública -
A11: DIRECCION COMERCIAL /TELEFONO | B11: =+B2 -> DISTRITO TURISTICO Y CULTURAL DE CARTAGENA DE INDIAS
A12: DIRECCION DEL RIESGO | B12: Territorio Colombiano
A13: AMPAROS OBLIGATORIOS | B13: Delitos contra la Administración Pública
B14: Delitos contra el patrimonio económico.
B15: Juicios por Responsabilidad Fiscal
B16: Gastos de reconstrucción de cuentas.
B17: Gastos de rendición de cuentas.
A18: OBJETO DEL SEGURO | B18: Amparar los riesgos que impliquen menoscabo de los fondos y/o bienes de propiedad de la entidad, o que estén bajo su tenencia, control y/o responsabilidad causados por acciones u omisiones de sus servidores, que incurran en delitos contra la administración pública o fallos con responsabilidad fiscal, por incumplimiento de las disposiciones legales y reglamentarias, incluyendo el costo de la rendición de cuentas en caso de abandono del cargo o fallecimiento del empleado, en concordancia con la Resolución 014249 del 15 de mayo de 1992, aprobada por la Contraloría General de la República.
A19: MODALIDAD DE COBERTURA | B19: Los amparos otorgados, en la presente póliza, operan bajo la modalidad de delimitación temporal de cobertura, denominada OCURRENCIA, es decir que se cubrirán las pérdidas que sufra o que se causen al asegurado durante la vigencia de la póliza.
A20: VALORES ASEGURADOS OBLIGATORIOS
A21: Amparo básico | B21: 650000000
A22: Empleados no identificados 100% del valor asegurado principal | B22: =+B21 -> 650000000
A23: Protección de depósitos bancarios: 100% del valor asegurado principal. | B23: =+B21 -> 650000000
A24: Empleados de firmas temporales y especializadas, de cooperativas y empresas asociativas: 100% del valor asegurado principal. | B24: =+B21 -> 650000000
A25: Pago del siniestro sin necesidad de Fallo Fiscal | B25: =+B21 -> 650000000
A26: Costas en juicios y honorarios profesionales 50% del Valor Asegurado | B26: =+B25*50% -> 325000000
A27: Bienes bajo cuidado, tenencia o control declarados por el asegurado. 50% del valor asegurado | B27: =+B26 -> 325000000
A28: Gastos de Reconstrucción de cuentas | B28: =+B21 -> 650000000
A29: Gastos de Rendición de cuentas | B29: =+B21 -> 650000000
A30: Cargos Asegurados | B30: Total Planta de cargos del Asegurado
A31: CLAUSULAS Y SUBLIMITES OBLIGATORIOS
A32: EMPLEADOS NO IDENTIFICADOS | B32: En caso de ocurrencia de cualquier pérdida, en la que la entidad, no pudiera determinar específicamente al empleado o los empleados responsables, la compañía reconocerá la indemnización correspondiente, siempre y cuando las circunstancias que dieron lugar al evento, permitan considerar que en la ocurrencia del mismo intervinieron uno o varios empleados de la entidad, a cualquier titulo (autor intelectual, material o cómplice). Queda entendido que la responsabilidad de la compañía, respecto de tales pérdidas, no excederá en ningún caso del monto asegurado estipulado en la póliza. Los faltantes de inventario estarán amparados en los mismos términos establecidos anteriormente, siempre y cuando no sean atribuibles a entradas y salidas de almacén. Prevalecerá sobre esta condición el señalamiento de la pérdida por hurto simple cuando así lo indique la entidad. No se interpretara como faltante de inventario la pérdida de bienes en deposito y/o almacenados (guardados), que sean señaladas como hurto simple. NOTA: Para faltantes de inventario, sublimite del 15%
A33: PROTECCIÓN DE DEPÓSITOS BANCARIOS | B33: Cubre las pérdidas de dinero que el asegurado tenga depositado en sus cuentas corrientes o de ahorro en entidades bancarias o financieras (incluidos sus respectivos intereses), que se deba a falsificación o adulteración de un cheque, letra de cambio, pagaré, carta de crédito o cualquier otra clase de título valor que el banco o entidad financiera presuma que ha sido firmado, endosado o avalado por el asegurado o por una persona que obre en su nombre o representación y que el banco o entidad financiera compruebe que no es responsable por dicho pago, incluyendo: • Cualquier cheque o giro hecho o girado en nombre de la Entidad pagadero a una persona ficticia y endosado o pagado a nombre de dicha persona. • Cualquier cheque o giro hecho o girado en transacción de la Entidad o por su representante a favor de un tercero y entregado al representante de éste que resultare endosado o cobrado por persona distinta de aquel a quien se giró. • y, Cualquier cheque o giro con destino al pago de salarios que habiendo sido girado u ordenado por la Entidad, resultare endosado y cobrado por un tercero obrando supuestamente a nombre del girador, o de aquel a quien se debía hacer el pago. Para efectos de esta cobertura, las firmas estampadas por medios mecánicos, se consideran como firmas autografas
A34: EXTENSION DE COBERTURA PARA EMPLEADOS OCASIONALES, TEMPORALES Y TRANSITORIOS | B34: Por la presente condición la cobertura de la presente póliza se extiende a amparar a los trabajadores ocasionales, temporales o transitorios y a quienes sin serlo, realicen prácticas o investigaciones en sus dependencias. Esta cobertura queda sujeta a que las operaciones que realicen tales personas estén bajo el control de la entidad
A35: EXTENSION DE COBERTURA PARA EMPLEADOS DE FIRMAS ESPECIALIZADAS Y OTROS | B35: Bajo esta condición la cobertura de la presente póliza se extiende a amparar a todas aquellas personas naturales que presten servicios en los establecimientos del asegurado bajo cualquier título o contrato, incluidos los empleados de firmas especializadas, los empleados de contratistas independientes, los cuales deben cumplir con las normas que los regulan y con las garantías exigidas por la ley 80 de 1993. Esta cobertura queda sujeta a que las operaciones que realicen tales personas estén bajo el control de la entidad
A36: EXTENSIÓN DE COBERTURA PARA PERDIDAS OCASIONADAS POR EMPLEADOS DE CONTRATISTAS INDEPENDIENTES | B36: AL 100% DEL VALOR ASEGURADO.
A37: CLAUSULAS PARTICULARES Y CONDICIONES ESPECIALES OBLITATORIAS
A38: CONVENIO PARA EL PLAZO DEL PAGO DE LA PRIMA | B38: No obstante cualquier estipulación en contrario, por la presente cláusula se deja establecido que, de acuerdo con lo estipulado en el artículo 81 de la Ley 45/90 y la Resolución numero 03750 de Diciembre 31/74 de la Superintendencia Financiera, las partes contratantes convienen que las primas causadas por el presente Contrato de seguros y los Certificados o Anexos que se emitan en aplicación al mismo serán pagadas por el asegurado dentro de los noventa (90) días a partir de la fecha en que el respectivo documento sea recibido en sus oficinas, directamente por la Aseguradora y/o por el intermediario de seguros, quien deberá certificar haber recibido a satisfacción las respectivas pólizas en las condiciones contratadas; Si las pólizas no han sido correctamente elaboradas, el término para el pago solo empezará a contarse desde la fecha en que se presenten en debida forma. La demora en el pago originada por la presentación incorrecta de los documentos requeridos será responsabilidad del contratista y no tendrán por ello derecho al pago de intereses o compensación de ninguna naturaleza o a la aplicación de la terminación del contrato por mora en el pago de la prima.
A39: REVOCACIÓN, NO RENOVACIÓN O MODIFICACIONES DE LA PÓLIZA Y SUS ANEXOS | B39: La Aseguradora deberá dar aviso por escrito al ASEGURADO, con una anticipación de noventa (90) días en caso que decida modificar, revocar o no renovar esta póliza y/o alguno de sus amparos adicionales o modificar cualquiera de sus condiciones. En caso de revocación la aseguradora devolverá al asegurado, la proporción de prima correspondiente al tiempo que falte para el vencimiento de la Póliza, liquidada a prorrata.
A40: MODIFICACIONES A FAVOR DEL ASEGURADO | B40: Si durante la vigencia de este seguro se presentan modificaciones a las condiciones generales y particulares de la póliza, que presenten un beneficio a favor del ASEGURADO, tales modificaciones se consideran automáticamente incorporadas a la póliza siempre que el cambio no implique un aumento en la prima originalmente pactada.
A41: CLAUSULA DE APLICACION DE CONDICIONES PARTICULARES | B41: Queda expresamente acordado y convenido, que la Compañía acepta las condiciones básicas tecnicas establecidas en este anexo en los terminos señalados en el mismo, por lo tanto, en caso de existir discrepancia ente los ofrecimientos contenidos en la propuesta tecnica básica, frente a los textos de los ejemplares de las pólizas, certificados, anexos o cualquier otro documento; prevalecerá la información y condiciones básicas tecnicas establecidas.
A42: PRORROGAS | B42: Queda expresamente declarado y convenido que la (s) aseguradora (s) queda (n) obligadas (s) a otorgar la (s) prorroga (s) que el Asegurado, solicite en caso de que se requiera tiempo adicional para surtir los trámites internos de un nuevo proceso, en las mismas condiciones en que se encuentran suscritas las pólizas como tambien las modificaciones que se requieran en el transcurso de la vigencia sin condicionamiento alguno, incluido el intermediario.
A43: REVISION DE TERMINOS PARA PRORROGA | B43: Bajo esta clusula la compañía podrá realizar revisión de términos para las prórrogas cuando la siniestralidad incurrida sobrepase el 60%. (Siniestralidad incurrida =siniestros pagos + reservas + 10% IBRN/primas netas).
A44: AVISO DE SINIESTRO | B44: No obstante lo dispuesto en las condiciones la Póliza o en sus anexos, por la presente cláusula se conviene entre las partes, un término de ciento veninte dias (120) días habiles para que el Asegurado de aviso al Asegurador de cualquier evento que afecte a la presente Póliza, contados a partir de la fecha en que haya tenido conocimiento de dicho evento, sin perjuicio de lo establecido en el artículo 1081 del Código de Comercio.
A45: GARANTIAS | B45: Queda expresamente acordado y aceptado que la cobertura otorgada bajo la presente póliza no queda sujeta al cumplimiento de ningún tipo de garantía por parte de la entidad asegurada.
A46: ERRORES, OMISIONES O INEXACTITUDES NO INTENCIONALES | B46: El tomador está obligado a declarar sinceramente los hechos y circunstancias que determinen el estado del riesgo. La inexactitud sobre hechos o circunstancias que, conocidas por la compañía, la hubieren retraído de celebrar el contrato o inducido a estipular condiciones más onerosas, produce la nulidad relativa del seguro. Sin embargo, si se incurriere en errores, omisiones e inexactitudes inculpables al tomador o al asegurado, el contrato no será nulo ni habrá lugar a la aplicación del inciso tercero del artículo 1058 del Código de Comercio sobre reducción porcentual de la prestación asegurada. En este caso se deberá pagar la prima adecuada al verdadero estado del riesgo.
A47: CLAUSULA DE JURISDICCION Y SOLUCION DE CONTROVERSIAS | B47: Se deja constancia que en caso de existir alguna controversia, ésta se dirimirá de acuerdo con lo establecido en la Ley y los diferentes mecanismos de solucion de conflictos
A48: DOMICILIO | B48: Sin perjuicios de las disposiciones procesales para los efectos relacionados con el presente contrato, se fija como domicilio de las partes la ciudad de distrito de cartagena , en la República de Colombia.
A49: RESTABLECIMIENTO AUTOMÁTICO DEL VALOR ASEGURADO POR PAGO DE SINIESTRO CON COBRO DE PRIMA (1) VEZ | B49: Queda entendido y convenido en adición a los términos y condiciones contenidas en la Póliza o en sus anexos que el valor asegurado se reducirá en igual cantidad del monto del siniestro y que la Aseguradora acepta el restablecimiento automático del mismo, mediante el pago de la prima a que haya lugar.
... A78: CLÁUSULA DE JURISDICCION Y SOLUCION DE CONTROVERSIAS | B78: Toda y cualquier diferencia que surja entre las partes por la interpretación del presente contrato, su ejecución, cumplimiento, terminación o las consecuencias futuras del mismo, será dirimida bajo la jurisdicción y legislación de la República de Colombia. Las diferencias y controversias que surjan se solucionarán con sujeción a las siguientes instancias que se agotarán de forma sucesiva o a elección de las partes, así: a). Arreglo Directo: Las partes tratarán de resolver sus diferencias de forma directa y entre ellas mismas dentro del plazo de quince (15) días contados a partir de la notificación escrita en que cualquiera de ellas informe a la otra de un conflicto o controversia orIginado en el contrato. b). Conciliación: Agotado el plazo anterior sin que las partes lograsen un acuerdo por si mismas, acudirán a la asistencia de un conciliador legalmente autorizado que se designará y actuará según los parámetros establecidos por la Ley 446 de 1998 y el decreto 1818 del mismo año, la etapa de conciliación durará un mes (1) desde el momento en que las partes o cualquiera de ellas radique la solicitud de conciliación respectiva, en caso de lograrse la conciliación la misma producirá efectos de cosa juzgada entre las partes, en caso contrario agotará el requisito de procedibilidad para acudir a la jurisdicción ordinaria o arbitral según corresponda, de acuerdo con los literales c) y d) de la presente cláusula. c). Jurisdicción Ordinaria: Agotadas las instancias anteriores, si la cuantía de las pretensiones derivadas de la diferencia que surja entre las partes por la interpretación del presente contrato, su ejecución, cumplimiento, terminación o las consecuencias futuras del mismo, no excediere de 220 SMMLV las partes sujetarán su controversia a la decisión del juez de instancia que corresponda según la cuantía y competencia en arreglo a lo previsto por el código de procedimiento Civil. d). Jurisdicción Arbitral: Agotadas las instancias anteriores, si la cuantía de las pretensiones derivadas de la diferencia que surja entre las partes por la interpretación del presente contrato, su ejecución, cumplimiento, terminación o las consecuencias futuras del mismo, se llevará el conflicto a la decisión de un Tribunal de Arbitramento Institucional cuyo domicilio será la ciudad de Bogotá D.C., el Tribunal estará integrado por un (1) árbitro que será designado conjuntamente por las partes dentro de los quince (15) días hábiles siguientes al envío de la comunicación por correo certificado que una de ellas le haga llegar a la otra solicitando la conformación del Tribunal; en caso de desacuerdo o falta de respuesta de la parte requerida, la otra parte podrá solicitar la designación y conformación del Tribunal al centro de Arbitraje y Conciliación de la Cámara de Comercio de la ciudad de Bogotá D.C.. El Tribunal así conformado funcionará en la ciudad de Bogotá D.C. y el laudo deberá proferirse en derecho, sujetándose en un todo al Decreto 2279 de 1.989, la ley 23 de 1.991, a la Ley 446 de 1.998, sus decretos reglamentarios y demás normas que regulan esta figura judicial. Esta última sujeta a lo dispuesto en Directiva Presidencial 04 del 18 de mayo de 2018.
A80: DEDUCIBLES MAXIMOS PERMITIDOS
A81: SIN APLICACIÓN DE DEDUCIBLES

Sheet GRUPO 1. RCE 
A1: ANEXO No 4 ESPECIFICACIONES TECNICAS SEGURO DE RESPONSABILIDAD CIVIL EXTRACONTRACTUAL
A2: TOMADOR | B2: =+'GRUPO 1. MANEJO ESTATAL'!B2 -> DISTRITO TURISTICO Y CULTURAL DE CARTAGENA DE INDIAS
A3: ASEGURADO : | B3: =B2 -> DISTRITO TURISTICO Y CULTURAL DE CARTAGENA DE INDIAS
A4: BENEFICIARIO: | B4: TERCEROS AFECTADOS
A5: NIT | B5: =+'GRUPO 1. MANEJO ESTATAL'!B5 -> 890.480.184-4
A6: RAMO | B6: Seguro de Responsabilidad Civil Extracontractual
A7: INTERMEDIARIO | B7: GONSEGUROS CORREDORES DE SEGUROS S.A.
A8: VIGENCIA | B8: =+'GRUPO 1. AUTOMOVILES'!B8 -> DESDE LAS 00:00 HORAS DEL 29 DE OCTUBRE DEL 2026 HASTA LAS 24:00 HORAS DEL 16 DE MAYO DEL 2027
A9: CONDICIONES TECNICAS BASICAS OBLIGATORIAS
A10: DESCRIPCION DE LA ACTIVIDAD DEL ASEGURADO | B10: Entidad Pública -
A11: DIRECCION COMERCIAL | B11: =+B3 -> DISTRITO TURISTICO Y CULTURAL DE CARTAGENA DE INDIAS
A12: DIRECCION DEL RIESGO | B12: Territorio Colombiano
A13: UBICACIÓN GEOGRAFICA | B13: Republica de Colombia
A14: JURISDICCION | B14: Esta póliza ampara en todas partes del mundo, con sujeción a la Ley Colombiana. La cobertura mundial, operará solo para viajes de servidores públicos al exterior, en calidad de trabajo.
A15: INTERES ASEGURADO | B15: Se cubren los perjuicios patrimoniales y extrapatrimoniales que se causen a terceros con motivo de la responsabilidad civil en que incurra el asegurado de acuerdo con la Ley Colombiana, por lesiones o muerte a personas y/o destrucción de bienes y perjuicios económicos, incluyendo lucro cesante y daños morales, como consecuencia de tales daños personales y/ materiales, causados durante el giro normal de su actividad, llevados a cabo en cualquier lugar dentro del territorio Colombiano.
A16: BIENES E INTERESES ASEGURABLES | B16: Se considerarán asegurados todos los predios y actividades que el asegurado posea y desarrolle, bien sea en arriendo, comodato, use o entregue en comodato y aquellos de terceros que la entidad use, mantenga, ocupe, y desempeñe sus actividades y operaciones, o que sea tenedor o a cualquier título y en general en los cuales desarrolle y realice las actividades propias de la administración municipal, control y de servicio a la comunidad, incluyendo los predios e instalaciones públicos que, de acuerdo a la ley, se encuentren bajo su responsabilidad, protección, administración y control.
A17: COBERTURAS VALORES ASEGURADOS Y SUBLIMITES OBLIGATORIOS
A18: Predios, Labores y operaciones. (PLO) | B18: 9000000000
A19: Actividades de cargue, descargue y transporte de bienes, incluyendo eventualmente los azarosos e inflamables. | B19: =+B18 -> 9000000000
A20: Transporte y Manejo de Materias prima y Productos | B20: =+B18 -> 9000000000
A21: Actividades deportivas, culturales y sociales dentro y fuera de los predios del asegurado | B21: =+B20 -> 9000000000
A22: Avisos, vallas y letreros dentro y fuera de predios, sean o no instalados por el asegurado | B22: =+B18 -> 9000000000
A23: Perjuicios causados por directivos, representantes y empleados del asegurado, en el desempeño de sus funciones y dentro de las actividades del asegurado, dentro y fuera de Colombia, incluyendo en viajes. La presente cobertura no ampara la responsabilidad civil profesional, ni RC Servidores Publicos | B23: =+B22 -> 9000000000
A24: Contaminación accidental, súbita e imprevista | B24: 9000000000
A25: Eventos sociales organizados por el asegurado, desarrollados dentro y fuera de sus predios. | B25: =+B24 -> 9000000000
A26: RC Incendio y explosión. | B26: =+B25 -> 9000000000
A27: Participación del asegurado en ferias y exposiciones nacionales e internacionales | B27: =+B26 -> 9000000000
A28: Posesión, uso y mantenimiento de depósitos, tanques y tuberías o redes. | B28: =+B27 -> 9000000000
A29: Uso de Restaurantes y cafeterías, campos deportivos, clubes y casinos. | B29: =+B28 -> 9000000000
A30: Uso de ascensores, elevadores, escaleras automáticas, grúas, montacargas y equipos de trabajo y transporte dentro de predios. | B30: =+B29 -> 9000000000
A31: Actividades propias del asegurado que realicen sus empleados temporales, ocasionales o transitorios, excluyendo errores y omisiones. | B31: =+B30 -> 9000000000
A32: Propietarios, Arrendatarios y/o poseedores | B32: =+B31 -> 9000000000
A33: Contratistas y subcontratistas independientes. Incluyendo trabajos de mantenimiento, reparaciones y modificaciones de predios.
A34: Evento | B34: 2000000000
A35: Vigencia | B35: 4000000000
A36: Bienes bajo cuidado, tenencia y control y custodia, declarados o no.
A37: Evento | B37: 2000000000
A38: Vigencia | B38: 2000000000
A39: R.C. Parqueaderos.
A40: Evento | B40: 800000000
A41: Vigencia | B41: 1600000000
A42: R.C. Cruzada.
A43: Evento | B43: 3700000000
A44: Vigencia | B44: 3700000000
A45: R.C. Patronal. En exceso de la seguridad social.
A46: Evento | B46: 2000000000
A47: Vigencia | B47: 5000000000
A48: R.C. Vehículos propios y no propios.
A49: Evento | B49: 2000000000
A50: Vigencia | B50: 4000000000
A51: Gastos Médicos, hospitalarios y traslado de víctimas.
A52: Evento | B52: 200000000
A53: Vigencia | B53: 400000000
A54: Otras propiedades adyacentes
A55: Evento | B55: 3000000000
A56: Vigencia | B56: 3000000000
A57: R.C. Errores de Puntería, uso de armas de fuego : Incluye personal contratista de firma especializada que la Entidad, utiliza para labores de vigilancia o de seguridad, escoltas y uso de perros guardianes. | B57: Hasta 1000 SMMLV.
A58: CONDICIONES TÉCNICAS BÁSICAS OBLIGATORIAS
A59: COBERTURA BASICA | B59: Adicional al alcance de la cobertura, la presente póliza ampara los perjuicios patrimoniales incluyendo el daño moral y lucro cesante. Igualmente se amparan los perjuicios extrapatrimoniales incluyendo los daños morales, daños a la vida de relación, daños fisiológicos, daños a la salud, daños estéticos y otros que se enmarquen como extrapatrimoniales con motivo de la responsabilidad civil extracontractual en que incurra de acuerdo con la ley colombiana. La compañía responderá, por los costos del proceso que el tercero damnificado o sus causahabientes promuevan en su contra o la del asegurado (valores incluidos dentro de la suma asegurada principal), con las salvedades siguientes: La compañía responderá, además, por los costos del proceso (haciéndo parte de la suma asegurada y no en adición a ella) que el tercero damnificado o sus causahabientes promuevan en su contra o la del asegurado.
A60: CONVENIO PARA EL PLAZO DEL PAGO DE LA PRIMA | B60: No obstante cualquier estipulación en contrario, por la presente cláusula se deja establecido que, de acuerdo con lo estipulado en el artículo 81 de la Ley 45/90 y la Resolución numero 03750 de Diciembre 31/74 de la Superintendencia Financiera, las partes contratantes convienen que las primas causadas por el presente Contrato de seguros y los Certificados o Anexos que se emitan en aplicación al mismo serán pagadas por el asegurado dentro de los noventa (90) días a partir de la fecha en que el respectivo documento sea recibido en sus oficinas, directamente por la Aseguradora y/o por el intermediario de seguros, quien deberá certificar haber recibido a satisfacción las respectivas pólizas en las condiciones contratadas; Si las pólizas no han sido correctamente elaboradas, el término para el pago solo empezará a contarse desde la fecha en que se presenten en debida forma. La demora en el pago originada por la presentación incorrecta de los documentos requeridos será responsabilidad del contratista y no tendrán por ello derecho al pago de intereses o compensación de ninguna naturaleza o a la aplicación de la terminación del contrato por mora en el pago de la prima.
A61: REVOCACIÓN, NO RENOVACIÓN O MODIFICACIONES DE LA PÓLIZA Y SUS ANEXOS | B61: La Aseguradora deberá dar aviso por escrito al ASEGURADO, con una anticipación de noventa (90) días en caso que decida modificar, revocar o no renovar esta póliza y/o alguno de sus amparos adicionales o modificar cualquiera de sus condiciones. En caso de revocación la aseguradora devolverá al asegurado, la proporción de prima correspondiente al tiempo que falte para el vencimiento de la Póliza, liquidada a prorrata.
A62: MODIFICACIONES A FAVOR DEL ASEGURADO | B62: Si durante la vigencia de este seguro se presentan modificaciones a las condiciones generales y particulares de la póliza, que presenten un beneficio a favor del ASEGURADO, tales modificaciones se consideran automáticamente incorporadas a la póliza siempre que el cambio no implique un aumento en la prima originalmente pactada.
A63: CLAUSULA DE APLICACION DE CONDICIONES PARTICULARES | B63: Queda expresamente acordado y convenido, que la Compañía acepta las condiciones básicas tecnicas establecidas en este anexo en los terminos señalados en el mismo, por lo tanto, en caso de existir discrepancia ente los ofrecimientos contenidos en la propuesta tecnica básica, frente a los textos de los ejemplares de las pólizas, certificados, anexos o cualquier otro documento; prevalecerá la información y condiciones básicas tecnicas establecidas.
A64: PRORROGAS | B64: Queda expresamente declarado y convenido que la (s) aseguradora (s) queda (n) obligadas (s) a otorgar la (s) prorroga (s) que el Asegurado, solicite en caso de que se requiera tiempo adicional para surtir los trámites internos de un nuevo proceso, en las mismas condiciones en que se encuentran suscritas las pólizas como tambien las modificaciones que se requieran en el transcurso de la vigencia sin condicionamiento alguno, incluido el intermediario.
A65: REVISION DE TERMINOS PARA PRORROGA | B65: Bajo esta clusula la compañía podrá realizar revisión de términos para las prórrogas cuando la siniestralidad incurrida sobrepase el 60%. (Siniestralidad incurrida =siniestros pagos + reservas + 10% IBRN/primas netas).
A66: AVISO DE SINIESTRO | B66: No obstante lo dispuesto en las condiciones la Póliza o en sus anexos, por la presente cláusula se conviene entre las partes, un término sesenta (60) días habiles para que el Asegurado de aviso al Asegurador de cualquier evento que afecte a la presente Póliza, contados a partir de la fecha en que haya tenido conocimiento de dicho evento, sin perjuicio de lo establecido en el artículo 1081 del Código de Comercio.
A67: GARANTIAS | B67: Queda expresamente acordado y aceptado que la cobertura otorgada bajo la presente póliza no queda sujeta al cumplimiento de ningún tipo de garantía por parte de la entidad asegurada.
A68: RESPONSABILIDAD CIVIL DERIVADA DE MONTAJES, CONSTRUCCIONES Y OBRAS CIVILES PARA EL MANTENIMIENTO Y/O AMPLIACIÓN O ENSANCHE DE PREDIOS. (CUANDO APLIQUE) Sublimite $500.000.000 del valor asegurado evento | B68: Se cubren los perjuicios derivados de la responsabilidad civil extracontractual derivada de montajes , construcciones y obras civiles para el mantenimiento y/o ampliación o ensanche de predios. Se excluye RCE derivada del mantenimiento, pruebas, errores de diseño y riesgo petroquímico.
A69: ERRORES, OMISIONES O INEXACTITUDES NO INTENCIONALES | B69: El tomador está obligado a declarar sinceramente los hechos y circunstancias que determinen el estado del riesgo. La inexactitud sobre hechos o circunstancias que, conocidas por la compañía, la hubieren retraído de celebrar el contrato o inducido a estipular condiciones más onerosas, produce la nulidad relativa del seguro. Sin embargo, si se incurriere en errores, omisiones e inexactitudes inculpables al tomador o al asegurado, el contrato no será nulo ni habrá lugar a la aplicación del inciso tercero del artículo 1058 del Código de Comercio sobre reducción porcentual de la prestación asegurada. En este caso se deberá pagar la prima adecuada al verdadero estado del riesgo.
A70: CLAUSULA DE JURISDICCION Y SOLUCION DE CONTROVERSIAS | B70: Se deja constancia que en caso de existir alguna controversia, ésta se dirimirá de acuerdo con lo establecido en la Ley y los diferentes mecanismos de solucion de conflictos
... A98: PROPIETARIOS, COPROPIETARIOS, ARRENDATARIOS Y POSEEDORES | B98: En virtud del presente amparo se cubren las indemnizaciones que deba pagar el asegurado en razón de la responsabilidad civil que le sea imputable en su calidad de propietario, copropietario, arrendatario, arrendador ó poseedor de los inmuebles que ocupe o de en arrendamiento. Esta cobertura se extiende además a cubrir la responsabilidad civil del asegurado derivada de:
B99: 1. Hechos de porteros, conserjes, jardineros u otros dependientes del asegurado, con motivo de sus funciones al servicio del inmueble.
B100: 2. Reparaciones, modificaciones o construcciones dentro de los mismos inmuebles.
A101: RESPONSABILIDAD CIVIL POR INCENDIO Y/Ó RAYO, EXPLOSIÓN | B101: La póliza se extiende a cubrir los daños y perjuicios patrimoniales y extrapatrimoniales ocasionados a terceros por Incendio, Rayo y Explosión.
A102: PARTICIPACIÓN DE LA ENTIDAD EN FERIAS Y EXPOSICIONES NACIONALES E INTERNACIONALES | B102: En el desarrollo de su actividad - Se excluye Estados Unidos, Puerto Rico y Canadá
A103: GASTOS DE DEFENSA, CAUCIONES Y COSTAS PROCESALES | B103: La presente póliza ampara, aún en exceso de la suma asegurada, los siguientes gastos: 1. Los honorarios de abogado y demás gastos que tenga que sufragar el Asegurado para la defensa de sus intereses, como consecuencia de la reclamación judicial o extrajudicial de la víctima o sus causahabientes, aún en el caso de que sea infundada, falsa o fraudulenta. 2. El costo de cualquier clase de caución que el Asegurado tenga que prestar en los procesos de que trata el numeral anterior. La Aseguradora no se obliga sin embargo, a otorgar dichas cauciones.
B104: En los casos en los que por no haber condena u obligación de indemnizar en cabeza del Asegurado, sólo haya lugar al reconocimiento de gastos de defensa y/o cauciones judiciales bajo esta póliza, no habrá lugar a la aplicación de deducible. Las costas del proceso que el tercero damnificado o sus causahabientes promuevan en contra del asegurado y/o la Aseguradora, con la salvedad que si la condena por los perjuicios ocasionados a la víctima excede la suma asegurada, la Aseguradora sólo responderá por los costos del proceso en proporción a la cuota que le corresponda en la indemnización.
A105: SUBROGACION | B105: Contempla bajo esta condición, el otorgamiento de las siguientes condiciones: Al indemnizar un siniestro la aseguradora se subroga, por ministerio de la ley y hasta concurrencia de su importe, en los derechos del Asegurado contra las personas responsables del siniestro, no obstante la aseguradora renuncia expresamente a ejercer sus derechos de subrogación contra: 1. Cualquier persona o entidad que sea un asegurado bajo la póliza 2. Cualquier filial, subsidiaria u operadora del asegurado 3. Cualquier miembro de la Junta Directiva o cualquier empleado o dependiente del asegurado, salvo el caso en que los daños hayan sido causados intencionalmente por ellos.
A106: NOMBRAMIENTO DE AJUSTADOR | B106: En caso de siniestro que afecte las pólizas contratadas y en los que a juicio de la aseguradora se deba asignar Ajustador, dichos Ajustadores no podrán ser asignados unilateralmente por la aseguradora, sino bajo los siguientes parámetros: • Sé elegirá una terna de Empresas de Ajustadores nominada por la Entidad y la Aseguradora. • La terna debe corresponder a firmas de Ajustadores con sede principal o sucursal en Cartagena • La escogencia del Ajustador se efectuará de común acuerdo entre la Entidad y la Aseguradora. • El Ajustador deberá ser designado dentro de los tres (3) días hábiles siguientes contados a partir de la fecha del reporte del siniestro. • El Ajustador deberá contactar al Asegurado y efectuar las visitas de rigor dentro de los dos (2) días hábiles siguientes a la fecha de designación, en caso contrario, se designará otro de los integrantes de la terna preseleccionada.
A107: EXTENSION DE COBERTURA PARA BIENES DE PROPIEDAD DE EMPLEADOS | B107: Esta cobertura se extiende a cubrir los daños materiales causados por el asegurado o sus dependientes, contratistas y subcontratistas, a bienes de propiedad de empleados ocasionados dentro ó fuera de los predios del asegurado.
A108: RESPONSABILIDAD CIVIL DEL ASEGURADO FRENTE A FAMILIARES DE LOS TRABAJADORES | B108: Queda expresamente convenido y acordado que para efectos de este seguro se entederán como terceros los familiares del personal del asegurado, siempre y cuando los mismos no tengan relación contractual con la entidad.
A109: NO CONCURRENCIA DE AMPAROS, CLAUSULAS O CONDICIONES | B109: Queda entendido, convenido y aceptado, que si dos o más amparos, cláusulas o condiciones otorgan cobertura a un mismo evento, se indemnizará con base en aquella que ofrezca mayor protección para los intereses del asegurado. De igual manera prevalecerán los amparos, cláusulas o condiciones que otorguen coberturas sobre aquellos que las excluyan. En todo caso y ante cualquier discrepancia sobre cual es el amparo, cláusula o condición aplicable a un caso determinado, se aplicara aquella o aquellas que en conjunto determine el asegurado de acuerdo a su conveniencia.
A110: ADICIONALMENTE LA COMPAÑÍA SERA RESPONSABLE POR: | B110: a.) Todos los gastos y expensas judiciales decretados a favor de cualquier reclamante contra el asegurado. b.) Todos los honorarios de abogado, gastos y expensas judiciales en que haya incurrido el Asegurado, tanto para la etapa de conciliación extrajudicial como para el proceso judicial, con el consentimiento escrito de la compañía para oponerse a cualquier reclamo. c.) Asistencia jurídica en proceso penal y civil La compañía responderá, aun en exceso de la suma asegurada por los costos del proceso que el tercero damnificado o sus causahabientes promuevan en su contra o la del asegurado, con las salvedades siguientes: • Si la responsabilidad proviene de dolo o esta expresamente señalada en las exclusiones de la póliza. • Si el asegurado afronta el proceso contra orden expresa de la compañía, y • Si la condena por los perjuicios ocasionados a la victima excede la suma que delimita la responsabilidad de la compañía, esta solo responderá por los gastos del proceso en proporción a la cuota que le corresponda en la indemnización
A112: DEDUCIBLES MAXIMOS PERMITIDOS
A113: SIN APLICACIÓN DE DEDUCIBLES

Sheet GRUPO 1. AUTOMOVILES
A1: ANEXO Nº 5 (ESPECIFICACIONES TECNICAS SEGURO DE AUTOMOVILES)
A2: TOMADOR: | B2: =+'GRUPO 1. EQUIPO Y MAQUINARIA'!B2 -> DISTRITO TURISTICO Y CULTURAL DE CARTAGENA DE INDIAS
A3: ASEGURADO : | B3: =+B2 -> DISTRITO TURISTICO Y CULTURAL DE CARTAGENA DE INDIAS
A4: BENEFICIARIO: | B4: =+B3 -> DISTRITO TURISTICO Y CULTURAL DE CARTAGENA DE INDIAS
A5: NIT | B5: =+'GRUPO 1. EQUIPO Y MAQUINARIA'!B5 -> 890.480.184-4
A6: RAMO | B6: AUTOMOVILES
A7: INTERMEDIARIO | B7: GONSEGUROS CORREDORES DE SEGUROS S.A.
A8: VIGENCIA | B8: =+'GRUPO 1. EQUIPO Y MAQUINARIA'!B9 -> DESDE LAS 00:00 HORAS DEL 29 DE OCTUBRE DEL 2026 HASTA LAS 24:00 HORAS DEL 16 DE MAYO DEL 2027
A9: CONDICIONES TECNICAS BASICAS OBLIGATORIAS
A10: DESCRIPCION DE LA ACTIVIDAD DEL ASEGURADO | B10: Entidad Pública
A11: DIRECCION COMERCIAL /TELEFONO
A12: Objeto del Seguro: | B12: Amparar los daños y/o pérdidas que sufran los vehículos de propiedad, bajo tenencia, control o por los que sea legalmente responsable la entidad, o los perjuicios patrimoniales y/o extrapatrimoniales por daños a bienes o lesiones o muerte a terceros que causen.
A13: LIMITES ASEGURADOS RESPONSABILIDAD CIVIL EXTRACONTRATUAL OBLIGATORIO
A14: AUTOMOVILES
A15: - Daños a bienes de terceros | B15: 1800000000
A16: - Lesiones o muerte a una persona | B16: 1800000000
A17: - Lesiones o muerte a dos o más personas | B17: 3600000000
A18: o limite unico combinado de | B18: 3600000000
A19: COBERTURAS AL VEHICULO OBLIGATORIAS
A20: Pérdida Total por Daños | B20: Valor Guia de Valores (Tabla de Fasecolda) mas accesorios
A21: Pérdida Parcial por Daños | B21: Valor Guia de Valores (Tabla de Fasecolda) mas accesorios
A22: Pérdida total o Parcial por Hurto | B22: Valor Guia de Valores (Tabla de Fasecolda) mas accesorios
A23: Terremoto, temblor y/o erupción volcánica y otros eventos de la naturaleza. | B23: Valor Guia de Valores (Tabla de Fasecolda) mas accesorios
A24: Amparo Patrimonial | B24: SI
A25: Asistencia Jurídica en Proceso Civil, Penal y Administrativo. | B25: SI
A26: Asistencia en viaje | B26: Incluyendo perímetro urbano y rural, excluye motos. Sin limite de eventos.
A27: Casa Cárcel | B27: SI
A28: Gastos de transporte | B28: Con un tiempo mínimo de 60 días y $40.000 diarios.
A29: Gastos de grúa, transporte y protección al vehículo, para automóviles, vehículos livianos y camionetas. | B29: Sin limite de kilometraje
A30: Huelga, Motín, Asonada, Conmoción Civil o Popular, explosión, terrorismo (Actos Mal Intencionados de Terceros), movimientos subversivos o, en general, conmociones populares de cualquier clase. | B30: Incluidos actos terroristas y riesgos asegurados por pólizas contratadas por el gobierno nacional o entidades de cualquier orden
A31: Accidentes Personales para el conductor | B31: Valor asegurado $50.000.000
... A33: Deducible | B33: No aplicación de deducible
A34: VALORES ASEGURADOS
A35: PARQUE AUTOMOTOR | B35: Ver relacion adjunta
A36: CLAUSULAS Y SUBLIMITES OBLIGATORIOS
A37: HONORARIOS DE ABOGADOS Y GASTOS DE DEFENSA. | B37: Se cubren los gastos de honorarios requeridos para asistir profesionalmente a la entidad, demandados como consecuencia de daños a cosas, o lesiones o muerte de terceras personas durante el ejercicio de sus actividades laborales.
A38: AMPARO AUTOMATICO VEHICULOS NUEVOS O USADOS término de noventa (120) días para aviso. | B38: Limite: $ 500.000.000. Los vehículos automotores adquiridos por el Asegurado quedan automáticamente amparados por la presente Póliza, siempre que el Asegurado, notifique a la Aseguradora su adquisición dentro de los cientoveinte (120) días calendarios siguientes a la fecha en que reciba el Vehículo, ó este quede por su cuenta y bajo la garantía de que todos los vehículos de su propiedad, serán amparados de acuerdo con las condiciones pactadas. El límite de responsabilidad de la Aseguradora en cuanto a los vehículos que ingresan a la Póliza, para los amparos de Daños, Robo y Hurto e Incendio, en ningún caso excederá, del valor que aparezca en la factura de compra o documento similar. Para el Amparo de Responsabilidad Civil, así como para los Amparos adicionales, los límites serán los estipulados en la póliza.
A39: RED DE TALLERES Y PRESTACIÓN DEL SERVICIO EN LA CIUDAD DE CARTAGENA | B39: La aseguradora adjudicataria deberá garantizar, durante toda la vigencia de la póliza, la atención de los vehículos asegurados mediante una red de talleres con capacidad técnica, operativa y de infraestructura para atender los vehículos de la Entidad en la ciudad de Cartagena de Indias. La red deberá garantizar la disponibilidad y prestación oportuna de los servicios de inspección, peritaje, reparación y suministro e instalación de repuestos que sean necesarios como consecuencia de un siniestro amparado por la póliza. La aseguradora deberá garantizar que los talleres que conformen la red cuenten con capacidad para atender las diferentes clases, tipos, modelos y características de los vehículos que integran el parque automotor de la Entidad, incluyendo los vehículos que sean incorporados durante la vigencia de la póliza. Para los vehículos que, con ocasión de un siniestro, requieran ser reparados en concesionarios o talleres especializados, la aseguradora deberá garantizar la disponibilidad de dichos establecimientos en la ciudad de Cartagena de Indias o, cuando técnicamente se requiera, la alternativa de atención que garantice la reparación oportuna y adecuada del vehículo, sin que ello implique una disminución de las coberturas contratadas. En los casos en que, con ocasión de un siniestro, el vehículo requiera ser reparado en un concesionario o taller autorizado que no tenga presencia en la ciudad de Cartagena de Indias, la aseguradora deberá garantizar, a través del servicio de asistencia, el traslado del vehículo desde Cartagena hasta la ciudad donde se encuentre el establecimiento especializado requerido y, una vez finalizada la reparación, su traslado de regreso hasta Cartagena de Indias, sin que ello genere costos adicionales para la Entidad. La aseguradora deberá entregar a la Entidad, al inicio de la ejecución del contrato, la relación de los talleres que conforman su red de atención en la ciudad de Cartagena de Indias, indicando como mínimo nombre, dirección, teléfono, servicios ofrecidos y tipo de vehículos atendidos. Cualquier modificación, retiro o sustitución de un taller de la red deberá ser informada previamente a la Entidad, garantizando que dicha modificación no afecte la continuidad, oportunidad y calidad de la atención de los siniestros. El cumplimiento de esta condición será de carácter obligatorio y deberá mantenerse durante toda la vigencia del contrato.
A40: CONVENIO PARA EL PLAZO DEL PAGO DE LA PRIMA | B40: No obstante cualquier estipulación en contrario, por la presente cláusula se deja establecido que, de acuerdo con lo estipulado en el artículo 81 de la Ley 45/90 y la Resolución numero 03750 de Diciembre 31/74 de la Superintendencia Financiera, las partes contratantes convienen que las primas causadas por el presente Contrato de seguros y los Certificados o Anexos que se emitan en aplicación al mismo serán pagadas por el asegurado dentro de los noventa (90) días a partir de la fecha en que el respectivo documento sea recibido en sus oficinas, directamente por la Aseguradora y/o por el intermediario de seguros, quien deberá certificar haber recibido a satisfacción las respectivas pólizas en las condiciones contratadas; Si las pólizas no han sido correctamente elaboradas, el término para el pago solo empezará a contarse desde la fecha en que se presenten en debida forma. La demora en el pago originada por la presentación incorrecta de los documentos requeridos será responsabilidad del contratista y no tendrán por ello derecho al pago de intereses o compensación de ninguna naturaleza o a la aplicación de la terminación del contrato por mora en el pago de la prima.
A41: REVOCACIÓN, NO RENOVACIÓN O MODIFICACIONES DE LA PÓLIZA Y SUS ANEXOS | B41: La Aseguradora deberá dar aviso por escrito aL ASEGURADO, con una anticipación de noventa (90) días, en caso que decida modificar, revocar o no renovar esta póliza y/o alguno de sus amparos adicionales o modificar cualquiera de sus condiciones. En caso de revocación la aseguradora devolverá al asegurado, la proporción de prima correspondiente al tiempo que falte para el vencimiento de la Póliza, liquidada a prorrata. Si la revocación es solicitada por EL ASEGURADO , la Aseguradora devolverá el valor de la prima no corrida del riesgo, liquidada a Prorrata.
A42: MODIFICACIONES EN FAVOR DEL ASEGURADO | B42: Si durante la vigencia de este seguro se presentan modificaciones a las condiciones generales y particulares de la póliza, que presenten un beneficio a favor del ASEGURADO, tales modificaciones se consideran automáticamente incorporadas a la póliza siempre que el cambio no implique un aumento en la prima originalmente pactada.
A43: CLAUSULA DE APLICACIÓN DE CONDICIONES PARTICULARES | B43: Queda expresamente acordado y convenido, que la Compañía acepta las condiciones básicas técnicas establecidas en este anexo en los términos señalados en el mismo, por lo tanto, en caso de existir discrepancia ente los ofrecimientos contenidos en la propuesta técnica básica, frente a los textos de los ejemplares de las pólizas, certificados, anexos o cualquier otro documento; prevalecerá la información y condiciones básicas técnicas establecidas.
A44: PRORROGAS | B44: Queda expresamente declarado y convenido que la (s) aseguradora (s) queda (n) obligadas (s) a otorgar la (s) prorroga (s) que el Asegurado, solicite en caso de que se requiera tiempo adicional para surtir los trámites internos de un nuevo proceso, en las mismas condiciones en que se encuentran suscritas las pólizas como tambien las modificaciones que se requieran en el transcurso de la vigencia sin condicionamiento alguno, incluido el intermediario.
A45: REVISION DE LOS TERMINOS PARA PRORROGA | B45: Bajo esta clusula la compañía podrá realizar revisión de términos para las prórrogas cuando la siniestralidad incurrida sobrepase el 60%. (Siniestralidad incurrida =siniestros pagos + reservas + 10% IBRN/primas netas).
A46: AVISO DE SINIESTRO | B46: No obstante lo dispuesto en las condiciones de la Póliza o en sus anexos, por la presente cláusula se conviene entre las partes, un término sesenta (60) días calendario para que el Asegurado de aviso al Asegurador de cualquier evento que afecte a la presente Póliza, contados a partir de la fecha en que haya tenido conocimiento de dicho evento, sin perjuicio de lo establecido en el artículo 1081 del Código de Comercio.
A47: ERRORES, OMISIONES E INEXACTITUDES NO INTENCIONALES | B47: El tomador está obligado a declarar sinceramente los hechos y circunstancias que determinen el estado del riesgo. La inexactitud sobre hechos o circunstancias que, conocidas por la compañía, la hubieren retraído de celebrar el contrato o inducido a estipular condiciones más onerosas, produce la nulidad relativa del seguro. Sin embargo, si se incurriere en errores, omisiones e inexactitudes inculpables al tomador o al asegurado, el contrato no será nulo ni habrá lugar a la aplicación del inciso tercero del artículo 1058 del Código de Comercio sobre reducción porcentual de la prestación asegurada. En este caso se deberá pagar la prima adecuada al verdadero estado del riesgo.
A48: CLAUSULA DE JURISDICCION Y SOLUCION DE CONTROVERSIAS | B48: Se deja constancia que en caso de existir alguna controversia, ésta se dirimirá de acuerdo con lo establecido en la Ley y los diferentes mecanismos de solucion de conflictos
... A90: HURTO DE ELEMENTOS EN LOS VEHÍCULOS DEL ASEGURADO. Sublímite de $15.000.000 evento /$60.000.000 agregado anual. | B90: Queda entendido, convenido y aceptado que la presente póliza indemnizará las perdidas sobre elementos dentro de los vehículos asegurados (sean de propiedad del asegurado, de sus funcionarios o de terceros), con ocasión de su hurto o cualquier clase de délito que se configure con la pérdida de esos elementos.
A91: DEDUCIBLES MAXIMOS PERMITIDOS
A92: SIN APLICACIÓN DE DEDUCIBLES

Sheet GRUPO 1. RCSP
A1: ANEXO Nº 6 (ESPECIFICACIONES TECNICAS SEGURO DE RESPONSABILIDAD CIVIL SERVIDORES PUBLICOS)
A2: TOMADOR | B2: =+'GRUPO 1. AUTOMOVILES'!B2 -> DISTRITO TURISTICO Y CULTURAL DE CARTAGENA DE INDIAS
A3: ASEGURADO | B3: =+B2 -> DISTRITO TURISTICO Y CULTURAL DE CARTAGENA DE INDIAS
A4: BENEFICIARIO | B4: TERCEROS AFECTADOS
A5: NIT | B5: =+'GRUPO 1. AUTOMOVILES'!B5 -> 890.480.184-4
A6: RAMO | B6: RC SERVIDORES PUBLICOS
A7: INTERMEDIARIO: | B7: GONSEGUROS CORREDORES DE SEGUROS S.A.
A8: VIGENCIA | B8: =+'GRUPO 1. AUTOMOVILES'!B8 -> DESDE LAS 00:00 HORAS DEL 29 DE OCTUBRE DEL 2026 HASTA LAS 24:00 HORAS DEL 16 DE MAYO DEL 2027
A9: CONDICIONES TECNICAS BASICAS OBLIGATORIAS
A10: OBJETO | B10: Contratar la cobertura de seguro de responsabilidad civil servidores públicos, de conformidad con lo previsto en artículo 43 de la ley 2008 de 2019 y el articulo 46 del decreto 2411 de 2019, disposiciones que autorizan a las entidades estatales la contratación del seguro en los términos allí establecidos. También podrán contratar un seguro de responsabilidad civil para servidores públicos, mediante el cual se ampare la responsabilidad de los mismos por actos o hechos no dolosos ocurridos en ejercicio de sus funciones, y los gastos de defensa en materia disciplinaria, penal y fiscal que deban realizar; estos últimos gastos los podrán pagar las entidades, siempre y cuando exista decisión definitiva que exonere de toda responsabilidad y no sea condenada la contraparte a las costas del proceso. amparar los perjuicios o detrimentos patrimoniales causados a la contraloría general de la república, como consecuencia de decisiones de gestión incorrectas, pero no dolosas, adoptadas y/o ejecutadas o inejecutadas, por los servidores públicos y/o funcionarios con regímenes de responsabilidad similares a los de los servidores públicos, cuyos cargos se relacionan en el presente pliego de condiciones. Al igual que asumir los gastos de defensa (honorarios profesionales de abogados defensores y cauciones judiciales) según los límites por etapas procesales establecidos en este documento, en todo tipo de procesos, incluidos los penales siempre que se trate de delitos no dolosos; civiles; administrativos; iniciados por entes de control (procuraduría, contraloría o similares), investigaciones o procesos internos, o; por cualquier organismo oficial, en los que se discuta la responsabilidad correspondiente a los cargos asegurado.
A11: VALORES ASEGURADOS
A12: PERJUICIOS O DETRIMENTO PATRIMONIAL | B12: 4610000000
A13: GASTOS DE DEFENSA | B13: 2000000000
A14: RELACIÓN DE CARGOS A ASEGURAR | B14: SEGÚN FORMULARIO
A16: PERJUICIOS O DETRIMENTO PATRIMONIAL, SUBLÍMITE DE $4,610,000,000 EVENTO / AGREGADO VIGENCIA INCLUIDO LOS GASTOS DE DEFENSA: | B16: Ampara los perjuicios o detrimentos patrimoniales causados a la entidad y/o al estado, incluyendo la culpa grave como consecuencia de las decisiones de gestiones incorrectas pero no dolosas, adoptadas y/o ejecutadas o inejecutadas por los servidores públicos y/o funcionarios con regímenes de responsabilidad similares a los de los servidores públicos, cuyos cargos estén amparados en la póliza así mismo, esta cobertura se extiende para amparar los perjuicios por los que los funcionarios asegurados sean responsables por haber cometido algún acto incorrecto respecto del cual se les siga o debiera seguir, un juicio de responsabilidad fiscal de acuerdo con las previsiones de la ley 610 de 2000, así como la acción de repetición o de llamamiento en garantía con fines de repetición, contemplado en la ley 678 de 2001, articulo 90 de la cpc.
A17: GASTOS DE DEFENSA SUBLÍMITE DE $2,000.000.000 AGREGADO VIGENCIA / $500.000.000 EVENTO, INCLUIDOS EN EL LÍMITE DE PERJUICIOS O DETRIMENTO PATRIMONIAL | B17: Mediante esta cobertura se amparan los gastos de defensa (honorarios profesionales de abogados defensores y cauciones judiciales) en materia disciplinaria, penal, fiscal, administrativo (incluidos los de reparación directa), civil (incluidos, los artículos 64 y 65 del código general del proceso y la ley 1564 de 2012), investigaciones disciplinarias internas y en general los incurridos para defenderse en cualquier tipo de investigación o proceso adelantados por organismos oficiales, según los límites por: tipos de procesos y etapas procesales establecidos en este documento. queda expresamente convenido, que dentro de los límites y sublímites de gastos de defensa están considerados los impuestos y gravámenes, ya sean fiscales, tributarios u otros legalmente establecidos, y que por tal motivo formen parte del costo de los servicios de gastos de defensa que sean prestados a los asegurados
A18: DEFINICIÓN DE ASEGURADO: | B18: Se considera asegurado: los administradores de la entidad, cuyos cargos se detallan en el formulario de solicitud adjunto a estos Pliegos de Condiciones. Cuando se dé un cambio de funcionario éste se cubre automáticamente, siempre y cuando el cargo que se ocupe se encuentre en la relación de los cargos asegurados.
A19: MODIFICACIÓN EN LAS LEYES EXISTENTES O INTRODUCCIÓN DE NUEVA LEGISLACIÓN: | B19: La presente póliza otorgará cobertura a los asegurados, frente a la modificación en las leyes existentes o la introducción de nueva legislación en materia penal, disciplinaria o fiscal, sujeto a que las investigaciones o procesos que sean iniciados en virtud de dichas modificaciones legislativas, tengan como finalidad imputar responsabilidad a los asegurados, por acciones u omisiones no dolosas cometidas en calidad de servidores públicos, con ocasión de las funciones propias del cargo asegurado. esta póliza se extiende a cubrir los perjuicios (reales o presuntos), reclamaciones, demandas o investigaciones contra los funcionarios que ocupan los cargos asegurados, cuando ellas individualicen o se dirijan contra un funcionario asegurado. de acuerdo con los términos y condiciones de esta póliza.
A20: SUBLÍMITES BÁSICOS OBLIGATORIOS PARA LA COBERTURA DE GASTOS DE DEFENSA
A21: La propuesta debe contemplar el ofrecimiento de los siguientes sublimites de honorarios profesionales de abogados, los cuales deben operar exclusivamente bajo la modalidad de: por persona y por cada proceso para cada una de de las personas cuyo cargo se encuentre asegurado, precisando que la presente cobertura será efectiva siempre y cuando en la reclamación este individualizado el cargo, la persona, y que la conducta a investigar goce de cobertura.
A22: DEFINICIONES | B22: EL AUTO DE APERTURA DE LA INVESTIGACIÓN O PROCESO, hace referencia al documento mediante el cual se inicia la investigación y se vincula formalmente al asegurado a la misma, según el tipo de proceso este documento puede variar (Según se trate de procesos de responsabilidad fiscal, procesos penales o procesos disciplinario), y en todo caso es indispensable para el análisis de la reclamación. SE ENTIENDE POR NOTIFICACIÓN, la personal (sentencia No. T 684/98 la Corte Suprema) por Edicto, por Estado, por Estrado o por Conducta Concluyente, para esta última no se requiere de certificación alguna de constancia del organismo de control que investiga.
A23: CARGO PRINCIPAL | C23: Límite por etapa Persona por Proceso | E23: Límite Vigencia por Persona
A24: Etapa preliminar | C24: 50000000 | E24: 300000000
A25: Vinculación procesal hasta primera instancia | C25: 100000000 | E25: 350000000
A26: Vinculación procesal hasta segundo instancia | C26: 100000000 | E26: 500000000
A28: DEMAS CARGOS | C28: Límite por etapa Persona por Proceso | E28: Límite Vigencia por Persona
A29: Etapa preliminar | C29: 50000000 | E29: 300000000
A30: Vinculación procesal hasta primera instancia | C30: 100000000 | E30: 350000000
A31: Vinculación procesal hasta segundo instancia | C31: 100000000 | E31: 500000000
A32: Cauciones judiciales hasta $30.000.000 por evento y $150.000.000 por vigencia.
A33: PROCESOS DE CONTROL INTERNO O INVESTIGACIONES INTERNAS y/o similares (incluidos en los gastos de defensa hasta Sublímite de $15.000.000, por cargo asegurado y por cada proceso para cada una de los cargos asegurados / $100.000.000 agregado anual por persona.
A34: PROCESOS DE INDAGACIÓN O INVESTIGACIONES PRELIMINARES, Según el tipo de proceso con base en las siguientes definiciones:
A35: DEFINICIÓN PARA PROCESOS FISCALES. LEY 610 DE 2000 | B35: La investigación preliminar para este tipo de procesos es la fase de instrucción comprendida entre la iniciación de una investigación de oficio, por solicitud de las entidades vigiladas, o por denuncias o quejas presentadas por cualquier persona u organización ciudadana, hasta antes de abrirse formalmente el proceso (Artículo 39).
A36: DEFINICIÓN PARA PROCESOS DISCIPLINARIOS. Ley 1952 de 2019, articulo 208 PROCEDENCIA, OBJETIVO Y TRÁMITE DE LA INDAGACIÓN PREVIA.(CÓDIGO GENERAL DISCIPLINARIO) | B36: La indagación preliminar para este tipo de procesos es la fase de instrucción iniciada en caso de duda sobre la identificación o individualización del posible autor de una falta disciplinaria.
A37: DEFINICIÓN PARA PROCESOS PENALES | B37: Sistema Acusatorio (Ley 906 de 2004). Toda la etapa de instrucción adelantada por la Fiscalía de acuerdo con el procedimiento establecido para el sistema penal acusatorio hasta antes del auto de formulación de imputación (art. 286 y s.s.).
A38: DEFINICIÓN PARA PROCESOS ANTE OTROS ORGANISMOS | B38: Toda la etapa de investigación preliminar adelantada contra un servidor público y/o funcionario con responsabilidades similares, adelantada por un organismo oficial, antes de que exista decisión de vinculación definitiva a un proceso.
A39: SISTEMA DE COBERTURA | B39: La presente póliza opera bajo la modalidad de cobertura por reclamación o "claims made" de conformidad con la Ley 389 de 1997. La cobertura de la póliza aplica a: (i) reclamaciones o investigaciones notificadas a los funcionarios asegurado por primera vez durante la vigencia de la póliza; y/o (ii) circunstancias por las que los funcionarios asegurados tengan conocimiento por primera vez durante la vigencia de la póliza, de investigaciones iniciadas o que estarán siendo iniciadas en su contra. La cobertura se circunscribe a hechos que hayan ocurrido dentro del período de retroactividad de la póliza. Los hallazgos o circunstancias en averiguación que no individualicen ningún funcionario o cargo asegurado no se considerarán, para efectos de la póliza, como hechos conocidos que puedan dar lugar a una reclamación aplicable bajo el presente seguro sino hasta el momento que sea vinculado el funcionario(s) formalmente a alguna investigación o indagación preliminar. En consecuencia, en caso de que estos hechos se materialicen posteriormente en una reclamación, no se consideraran hechos excluidos aun cuando no hubiesen sido reportados a la aseguradora. Así mismo queda expresamente acordado y convenido que la aseguradora acepta bajo los mismos términos, las condiciones del sistema de cobertura aquí definidas y en caso de existencia de textos, cláusulas o condiciones contenidas en la propuesta o indicadas en el ejemplar de las condiciones generales de la póliza u otro documento, en contradicción con lo dispuesto en esta cláusula, se entenderán por no escritas.
A40: DEFINICIÓN DE EVENTO | B40: Se entiende por evento toda circunstancia que pueda derivar en una o varias reclamaciones o procesos, aun cuando sean adelantados por autoridades distintas, siempre que provengan de una misma causa y aun cuando estén involucrados varios funcionarios asegurados. Para efectos de determinar la cobertura bajo la póliza, de acuerdo con la Modalidad de Cobertura aquí definida, queda entendido y acordado que todas las investigaciones y procesos que surjan con posterioridad a dicha notificación efectuada por primera vez, deberán ser atendidas por la misma póliza que conoció de aquella primera reclamación debidamente notificada durante la vigencia de la póliza.
A41: PERIODO DE RETROACTIVIDAD 08 de junio 2021. | B41: Se cubren hechos ocurridos desde la fecha de retroactividad otorgada y notificada durante la vigencia que no hayan sido notificados por el asegurado antes del inicio de la vigencia. considerando que la cobertura opera sobre esta base.
A42: LA POLIZA | B42: Que se ofrezca puede tener cualquier nombre comercial, pero es indispensable que su clausulado se adecue a la naturaleza juridica de la entidad asegurada, como entidad estatal. De no contemplar esta caracteristica, la propuesta de esta poliza no sera admitida.
A43: JURISDICCIÓN Y LIMITACIÓN TERRITORIAL | B43: Colombia. Aplica la legislación Colombiana.
A44: AMPARO AUTOMÁTICO PARA FUNCIONARIOS PASADOS, PRESENTES Y FUTUROS: | B44: Queda expresamente acordado que bajo la presente póliza se amparan los funcionarios que desempeñan los cargos asegurados, señalados en el formulario de solicitud y los que en el futuro llegaren a ocupar los cargos amparados, los cuales se cubren en forma automática, sin que se requiera aviso de tal modificación; así mismo se amparan los funcionarios que hayan ocupado los cargos durante el periodo de retroactividad aplicable a esta póliza.
A45: HOMOLOGACIÓN DE CARGO: | B45: Se ampara automáticamente sin cobro e prima en la póliza la homologación de cargos (cambios de la denominación de los cargos) que en cualquier momento se efectué en la entidad asegurada siempre y cuando desempeñen las mismas o similares funciones a las antiguas denominaciones.si durante la vigencia de la póliza se producen eliminación de cargos asegurados, cambio de denominación en los cargos asegurados, cambios de dependencias de los cargos asegurados, o cambios de funciones en los cargos asegurados, los cargos originales mantendrán la cobertura otorgada bajo las condiciones de la póliza que estaba vigente en su momento, la entidad deberá a manera de información avisar de los cambios efectuados en los cargos de la entidad sin que esto afecte para a cobertura de la póliza dentro de los ciento veinte (120) días siguientes a que se presente la modificación, sin que esto afecte o modifique la cobertura y/o condiciones de la póliza. Queda expresamente acordado, que este seguro ampara las funciones establecidas para los cargos amparados, independiente del funcionario que las desempeñe, siempre y cuando la asignación de funciones se surta conforme el trámite de asignación de las mismas establecidas por la entidad. Amparo de responsabilidad de los funcionarios asegurados que se transmita por muerte, incapacidad, inhabilitación o insolvencia:
A46: AMPARO DE RESPONSABILIDAD DE LOS FUNCIONARIOS ASEGURADOS QUE SE TRANSMITA POR MUERTE, INCPACIDAD, INHABILITACIÓN O INSOLVENCIA. | B46: Se ampara la responsabilidad de los funcionarios asegurados que se transmita por muerte, incapacidad, inhabilitación o insolvencia.
... A75: EXCLUSIONES: | B75: Queda expresamente convenido y aceptado que la oferta de la aseguradora para el presente seguro, contempla única y exclusivamente las exclusiones, abajo estipuladas. De conformidad con lo anterior, las exclusiones abajo señaladas corresponden a las únicas aplicables en la oferta del presente seguro y la póliza que se expida; quedando expresamente señalado y acordado que la compañía acepta que las exclusiones contenidas o indicadas en el ejemplar de las condiciones generales de la póliza u otro documento que se emita en aplicación a la misma se entenderán como no escritas.
B76: A. EXCLUSIÓN DE PAGOS Y GRATIFICACIONES: se excluyen reclamaciones tendientes a obtener el pago o devolución de ninguna suma, remuneración o dadiva otorgada, pagada o entregada por los funcionarios asegurados a terceros, cuando dicho pago sea considerado indebido, improcedente o ilegal, así como cualquier tipo de ventajas, beneficios o retribuciones otorgadas a favor de los funcionarios asegurados con cargo de la entidad tomadora que sea contrario a las disposiciones legales que rigen la actividad de la entidad tomadora.
B77: B. EXCLUSIÓN DE RIESGOS NUCLEARES: No se ampara ninguna reclamación de responsabilidad por pérdida, daño, gasto o similar, ocasionado directa o indirectamente por las siguientes causas, y sin importar su relación con cualquier otra causa o evento que contribuya directamente o de cualquier otra forma a la pérdida: reacción nuclear o radiación, o contaminación radioactiva (sin importar como haya sido originada), incluyendo pero sin limitarse al incendio directo o indirectamente por una reacción nuclear o radiación, o contaminación radioactiva.
B78: C. EXCLUSIÓN DE DAÑOS MATERIALES / LESIONES PERSONALES: No se ampara ninguna reclamación de responsabilidad por daños materiales causados por los funcionarios asegurados ó la entidad a propiedades de terceros ni por lesiones personales y/o muerte causada a terceros sin importar si la misma ha sido o no causada por los funcionarios asegurados; cuyos riesgos son propios de aseguramiento bajo seguro de responsabilidad civil extracontractual.
B79: D. EXCLUSIÓN DE PÉRDIDAS PROVENIENTES DIRECTA O INDIRECTAMENTE DE LAVADO DE DINERO: Se excluye cualquier responsabilidad legal derivada directa o indirectamente de ó como resultado de ó en conexión con cualquier acto o actos (o supuesto acto o actos) de lavado de dinero o cualquier acto o actos (o supuesto acto o actos) los cuales forman parte de y/o constituyen un delito o delitos bajo cualquier legislación de lavado de dinero (o cualquier disposición y/o normas o regulaciones establecidas por cualquier cuerpo regulador o autoridad). LAVADO SIGNIFICA: a) el encubrimiento, o disfraz, o conversión, o transferencia, o traslado de la propiedad delictiva, (inclusive encubriendo o disfrazando su naturaleza, fuente, ubicación, disposición, movimiento o propiedad o cualquier derecho relacionado con ella). b) el tomar parte en o favorecer en cualquier forma relacionada con un arreglo que es conocido o sospechoso para facilitar (por cualquier medio) la adquisición, retención, uso o control de la propiedad delictiva por o en nombre de otra persona. c) la adquisición, uso o posesión de la propiedad delictiva. d) cualquier acto que constituya una tentativa, conspiración o incitación para cometer cualquier acto o actos mencionados en los literales anteriores a), b) ó c). e) cualquier acto que constituya ayudar, incitar, asesorar o facilitar la comisión de cualquier acto o actos mencionados en los literales anteriores a), b) ó c).
B80: E. EXCLUSIÓN DE RESPONSABILIDAD CIVIL PROFESIONAL: esta cobertura no se extiende para amparar ninguna reclamación que tenga su causa, sea consecuencia de, o de cualquier forma esté relacionada directa o indirectamente con la prestación de un servicio de carácter profesional, de manera independiente a sus funciones de gestión o administración.
B81: F. EXCLUSIÓN DE RECLAMOS POR EVENTOS GENERADO A CONSECUENCIA DE RIESGOS ASEGURABLES BAJO LOS SEGUROS DE DAÑOS: Queda acordado que la aseguradora no será responsable por las reclamaciones que se efectúen en contra de los funcionarios que desempeñan los cargos asegurados, como consecuencia de las pérdidas o daños que sufran los bienes asegurables de la entidad y cuyos riesgos son objeto de aseguramiento bajo seguros de daños.
B82: G. EXCLUSIÓN DE PÉRDIDAS O DAÑOS POR DEPRECIACIÓN, PÉRDIDAS DE INVIERSIONES, RESULTADOS DE FLUCTUACIONES EN LOS MERCADOS FINANCIEROS, OTORGAMIENTO DE CRÉDITOS Y RECUPERACIÓN DE CARTERA. | C82: A) basada en, surgida de, directa o indirectamente resultante de, o como consecuencia de, o de cualquier manera relacionada con, cualquier negocio, tanto real como supuesto, y de cualquier naturaleza, cuyo objetivo sea el de afectar el precio de, o negociar, las acciones y/o obligaciones de cualquier compañía, o de cualquier producto alimenticio, o materia prima, o mercadería o divisa o cualquier instrumento negociable, a menos que dicho negocio se hubiera llevado a cabo de acuerdo con las leyes, reglas y reglamentos aplicables al mismo;
C83: B) basada en, surgida de, directa o indirectamente resultante de, como consecuencia de, o de cualquier manera relacionada con, cualquier alegato de que cualquier asegurado que se hubiese beneficiado inoportunamente negociando valores bursátiles como consecuencia de información de la que no dispusieran otros vendedores y compradores de dichos valores;
C84: C) formulada por, o por cuenta de, cualquier cliente de la entidad tomadora o de los asegurados como consecuencia de la inversión en, gestión de, o consejos relacionados con, cualquier patrimonio, fundación, fidecomiso o propiedad;
C85: D) surgida única y exclusivamente de la depreciación o pérdida sufrida por cualquier inversión cuando dicha depreciación o pérdida sea el resultado de cualquier fluctuación de cualquier mercado financiero, de valores, mercaderías o cualesquiera otros mercados cuando tal fluctuación esté fuera del control o influencia de los asegurados.
C86: E) surgida única y exclusivamente del hecho de que los valores o mercaderías o inversiones no produzcan los resultados representados o esperados.
C87: F). exclusión de multas o sanciones penales o administrativas impuestas a la entidad tomadora o a los funcionarios asegurados, contribuciones.
B88: H. EXCLUSIÓN DE MULTAS O SANCIONES PENALES O ADMINISTRATIVAS IMPUESTAS A LA ENTIDAD TOMADORA O A LOS FUNCIONARIOS ASEGURADOS, CONTRIBUCIONES POLÍTICAS Y DONACIONES: Queda acordado y convenido que esta cobertura no se extiende para amparar ninguna reclamación proveniente de o que contribuya de alguna manera al reconocimiento por parte de los funcionarios asegurados de donaciones o contribuciones políticas o de cualquier otra naturaleza que no sean contempladas por la ley o los estatutos de la entidad. Queda acordado y convenido que esta cobertura no se extiende para amparar ninguna reclamación proveniente de o que contribuya de alguna manera al reconocimiento por parte de los funcionarios asegurados de donaciones o contribuciones políticas o de cualquier otra naturaleza que no sean contempladas por la ley o los estatutos de la entidad.
B89: I. EXCLUSIÓN DE AVALES O GARANTÍAS PERSONALES OTORGADAS POR LOS FUNCIONARIOS ASEGURADOS: Sujeto a los demás términos y condiciones de esta póliza, queda acordado y convenido que esta cobertura no se extiende para amparar ninguna reclamación efectuada en contra de los funcionarios asegurados como consecuencia de avales o garantías ofrecidas a titulo personal y que no correspondan a las actuaciones propias de su cargo.
B90: J. EXCLUSIÓN DE DAÑOS O PERDIDAS NO RELACIONADAS CON EL DESEMPEÑO DE SUS FUNCIONES:No se ampara los daños o perdidas ocasionadas por incurrir el funcionario asegurado en faltas, errores u omisiones no directamente relacionadas con el desempeño de las funciones propias de su cargo, bien sea que las mismas constituyan o no faltas disciplinarias. adicionalmente se excluyen las reclamaciones generadas por o resultantes del incumplimiento de cualquier obligación de carácter contractual adquirida por los funcionarios asegurados, distintas de las inherentes a las responsabilidades de administración, adquiridas en su carácter de servidor público.
B91: K. EXCLUSIÓN DE ASBESTO: Se excluyen los daños causados por asbesto en estado natural o por sus productos, así como los daños resultantes de operaciones y actividades que impliquen exposición a fibras de amianto, además, daños originados directa o indirectamente por contaminación, filtración o polución de cualquier clase del medio ambiente, por otras alteraciones perjudiciales del agua, aire, suelo, subsuelo o por ruido.
B92: L. EXCLUSIÓN DE GUERRA: Se excluye la pérdida o daño causados por guerra, invasión, actos de enemigo extranjero, hostilidades u operaciones bélicas (exista o no declaración de guerra), guerra civil insurrección, rebelión, revolución, huelga, insurrección, conmoción civil, golpe de estado civil o militar, ley marcial asonada o confiscación o destrucción por cualquier acto de autoridad gubernamental o pública legítimamente constituida.
B93: M. EXCLUSIÓN RELATIVA A PENSIONES: Se excluyen las reclamaciones relativas a pensiones, participación en beneficios o programas de beneficios, establecidos en todo o parte a favor de los servidores públicos asegurados de la entidad, así como lo relacionado con prestaciones sociales
B94: N. EXCLUSIÓN DE ACOSO SEXUAL: Queda acordado que la aseguradora no será responsable por reclamaciones que se efectúen en contra de los funcionarios asegurados por acoso sexual independientemente del lugar o circunstancias donde se ejerce, ya sea en lugares públicos y de trabajo. por acoso sexual se entiende: cualquier tipo de acercamiento o presión de naturaleza sexual tanto física como verbal, no deseada por quien la sufre, que surge de la relación laboral, comercial o de cualquier otra índoles y que da como resultado un ambiente de trabajo hostil, un impedimento para hacer las tareas y/o un condicionamiento de las oportunidades de ocupación de la persona perseguida
B95: O. EXCLUSIÓN DE ERRORES EN LA EVALUACIÓN DE RIESGOS Y MANTENIMIENTO DE SEGUROS: Queda acordado que la aseguradora no seráresponsable por las reclamaciones que se efectúen en contra de los funcionarios asegurados, como consecuencia de las pérdidas que sufra la entidad como consecuencia de fallas en la estimación de los riesgos a que está expuesta la entidad tomadora o por coberturas insuficientes que se descubran al momento de presentarse siniestros no amparados bajo las pólizas de seguro contratadas por la entidad.
B96: P. EXCLUSIÓN DE DEMANDAS DE TIPO LABORAL: Queda acordado que la aseguradora no será responsable por las investigaciones en contra de los funcionarios asegurados como consecuencia de decisiones de gestión relacionadas con asuntos de carácter laboral que se inicien durante la vigencia de la póliza contra cualquier funcionario asegurado ni las que tengan por objeto el reconocimiento de salarios, prestaciones, indemnizaciones o demás retribuciones o compensaciones de carácter económico emanadas de un contrato de trabajo. No obstante los términos de la exclusion antes indicada, queda expresamente acordado y expresado que esta póliza ampara los costos y gastos de defensa, según las condiciones establecidas en la normatividad legal señalada en el objeto del seguro, por cualquiera de los eventos DE DEMANDAS DE TIPO LABORAL
B97: Q. EXCLUSIÓN DE TERRORISMO: 1) guerra civil o internacional sean estas declaradas o no, invasión, actos de enemigos extranjeros, hostilidades u operaciones bélicas o similares (sin perjuicio de que la guerra haya sido o no declarada), huelga, paros patronales, actos malintencionados de terceros, rebelión, revolución, insurrección, o conmoción civil alcanzando la proporción de, o llegando a constituirse en un levantamiento, poder militar o usurpado. 2) cualquier acto de terrorismo incluyendo, pero no limitado al uso de fuerza o violencia y/o la amenaza de la misma, dirigidos a, o que causen daño, lesión, estrago, interrupción o comisión de un acto peligroso para la vida humana o propiedad, realizado en contra de cualquier persona, propiedad o gobierno, con objetivo establecido o no establecido, de perseguir intereses económicos, étnicos, nacionalistas, políticos, raciales o intereses religiosos, así tales intereses sean declarados o no.
B98: R. EXCLUSIÓN DE DAÑO MORAL, PERJUICIOS A LA REPUTACIÓN, TALES COMO: Injuria, calumnia, violación de intimidad, propiedad intelectual, desequilibrio emocional
B99: S. CLÁUSULA DE EXCLUSIÓN DE PÉRDIDAS Y DATOS CIBERNÉTICOS 1. No obstante, cualquier disposición contraria en esta póliza o cualquier suplemento a la misma, se excluye cualquier: 1.1 Pérdida cibernética. 1.2 Pérdida, daño, responsabilidad, reclamación, coste, gasto de cualquier naturaleza causado directa o indirectamente por, contribuido por, resultante de, que surja o esté relacionado con cualquier pérdida de uso, reducción de la funcionalidad, reparación, reemplazo, restauración o reproducción de cualesquiera datos, incluyendo cualquier cantidad relacionada con el valor de dichos datos, independientemente de cualquier otra causa o evento que contribuya simultáneamente o en cualquier otra secuencia. 2. En el caso que cualquier parte de esta cláusula fuera considerada inválida o inaplicable, el resto permanecerá en pleno vigor y efecto. 3. Esta cláusula reemplaza y, si entra en conflicto con cualquier otra disposición de la póliza o cualquier suplemento que tenga relación con la pérdida cibernética o los datos, reemplaza esa disposición. DEFINICIONES A. PÉRDIDA CIBERNÉTICA: Cualquier pérdida, daño, responsabilidad, reclamación, coste o gasto de cualquier naturaleza que directa o indirectamente sea causado o aportado por, resulte o surja de, o esté en conexión con un acto cibernético o un incidente cibernético incluyendo, pero sin limitarse a cualquier acción tomada con el fin de controlar, prevenir, suprimir o remediar cualquier acto cibernético o incidente cibernético. B. ACTO CIBERNÉTICO: Acto o serie de actos no autorizados, malintencionados o delictivos, sin consideración del tiempo y espacio, o la amenaza o engaño relacionados con el acceso, procesamiento, uso u operación de cualquier sistema informático. C. INCIDENTE CIBERNÉTICO: Todo error u omisión o serie de errores u omisiones relacionados con el acceso, procesamiento, uso u operación de cualquier sistema informático; o Cualquier indisponibilidad o fallo parcial o total o serie de indisponibilidades o fallos parciales o totales para acceder, procesar, usar u operar cualquier sistema informático. D. SISTEMA INFORMÁTICO: Cualquier ordenador, hardware, software, sistema de comunicación, equipo electrónico (incluyendo pero sin limitarse a teléfonos inteligentes, laptops, tablets, dispositivos portátiles), servidor, nube o microcontrolador incluyendo cualquier sistema similar o configuración de lo antes mencionado e incluyendo asimismo toda entrada y salida, dispositivo de almacenamiento de datos, equipo de redes o instalaciones de copias de respaldo, de propiedad u operadas por el asegurado o cualquier otra parte. E. DATOS: Información, hechos, conceptos, código o cualquier otra información de cualquier naturaleza registrada y transmitida en cualquier forma para ser usada, accedida, procesada, transmitida o almacenada por un sistema informático.
A100: DEDUCIBLES MAXIMOS PERMITIDOS
A101: SIN APLICACIÓN DE DEDUCIBLES

Sheet GRUPO 1. IRF
A1: ANEXO No 7 ESPECIFICACIONES TECNICAS SEGURO DE INFIDELIDAD Y RIESGOS FINANCIEROS
A2: TOMADOR | B2: =+'GRUPO 1. RCSP'!B2 -> DISTRITO TURISTICO Y CULTURAL DE CARTAGENA DE INDIAS
A3: ASEGURADO | B3: =B2 -> DISTRITO TURISTICO Y CULTURAL DE CARTAGENA DE INDIAS
A4: BENEFICIARIO | B4: =B2 -> DISTRITO TURISTICO Y CULTURAL DE CARTAGENA DE INDIAS
A5: NIT | B5: =+'GRUPO 1. RCSP'!B5 -> 890.480.184-4
A6: RAMO | B6: INFIDELIDAD Y RIESGOS FINANCIEROS
A7: INTERMEDIARIO | B7: GONSEGUROS CORREDODRES DE SEGUROS S.A.
A8: VIGENCIA | B8: =+'GRUPO 1. RCSP'!B8 -> DESDE LAS 00:00 HORAS DEL 29 DE OCTUBRE DEL 2026 HASTA LAS 24:00 HORAS DEL 16 DE MAYO DEL 2027
A9: CONDICIONES TECNICAS BASICAS OBLIGATORIAS
A10: DESCRIPCION DE LA ACTIVIDAD DEL ASEGURADO | B10: ENTIDAD PUBLICA
A11: DIRECCION DEL RIESGO | B11: Territorio Colombiano
A12: INTERES ASEGURABLE | B12: Se cubren los perjuicios patrimoniales las pérdidas, daños y/o gastos en que tenga que incurrir el asegurado, como consecuencia de actos fraudulentos cometidos y/o causados por empleados y/o por terceros y/o por personal a su servicio y/o en complicidad con éstos y demás eventos amparados acorde con las condiciones de la póliza.
A13: VALOR ASEGURADO
A14: 7000000000
A15: COBERTURA | B15: VALOR ASEGURADO
A16: Infidelidad de Empleados. Se cubren los perjuicios patrimoniales que sufra la entidad con motivo de actos deshonestos y fraudulentos de los servidores públicos a su servicio | B16: =+A14 -> 7000000000
A17: Ámbito | B17: Mundial
A18: Jurisdicción | B18: Colombia
A19: Predios sobre los cuales la entidad tenga interés | B19: 7000000000
A20: Tránsito de Valores u Otras Propiedades incluyendo mercancías | B20: 7000000000
A21: Falsificación de cheques u otros documentos | B21: 7000000000
A22: Falsificación de Documento de Retiro de Propiedad | B22: =+B21 -> 7000000000
A23: Falsificación extendida | B23: =+B22 -> 7000000000
A24: Moneda Falsificada y Giros Postales | B24: =+B23 -> 7000000000
A25: Hurto por Computador | B25: =+B24 -> 7000000000
A26: Fraude en Transferencia de Fondos | B26: =+B25 -> 7000000000
A27: Pérdida de derechos de suscripción | B27: =+B26 -> 7000000000
A28: Costos legales y honorarios de abogados | B28: =+B27 -> 7000000000
A29: Manejo y negociación de documentos seriales | B29: =+B28 -> 7000000000
A30: Pérdidas por amenaza y extorsión a la propiedad y a las personas | B30: 7000000000
A31: Perdida de Clientes | B31: 7000000000
A32: Peculado. | B32: 7000000000
A33: Peculado por apropiación | B33: 7000000000
A34: Empleados No Identificados | B34: 7000000000
A35: Protección de Depósitos Bancarios | B35: 7000000000
A36: Costo neto financiero | B36: 100.000.000 por mes / 600.000.000 por vigencia Tasa mensual 1.5%
A37: Se cubre el incendio y líneas aliadas incluyendo terremoto, HAMMC y AMIT, de dinero y títulos valores | B37: 7000000000
A38: Se cubre la pérdida de otros bienes diferentes a dinero y títulos valores | B38: 7000000000
A39: Restablecimiento automático del valor asegurado por pago de siniestro | B39: (1) vez con cobro de prima
A40: MODALIDAD DE COBERTURA | B40: Los amparos otorgados, en la presente póliza, operan bajo la modalidad Descubrimiento
A41: CLAUSULAS OBLIGATORIAS
A42: CONVENIO PARA EL PLAZO DE PAGO DE LA PRIMA | B42: No obstante cualquier estipulación en contrario, por la presente cláusula se deja establecido que, de acuerdo con lo estipulado en el artículo 81 de la Ley 45/90 y la Resolución numero 03750 de Diciembre 31/74 de la Superintendencia Financiera, las partes contratantes convienen que las primas causadas por el presente Contrato de seguros y los Certificados o Anexos que se emitan en aplicación al mismo serán pagadas por el asegurado dentro de los noventa (90) días a partir de la fecha en que el respectivo documento sea recibido en sus oficinas, directamente por la Aseguradora y/o por el intermediario de seguros, quien deberá certificar haber recibido a satisfacción las respectivas pólizas en las condiciones contratadas; Si las pólizas no han sido correctamente elaboradas, el término para el pago solo empezará a contarse desde la fecha en que se presenten en debida forma. La demora en el pago originada por la presentación incorrecta de los documentos requeridos será responsabilidad del contratista y no tendrán por ello derecho al pago de intereses o compensación de ninguna naturaleza o a la aplicación de la terminación del contrato por mora en el pago de la prima.
A43: REVOCACIÓN, NO RENOVACIÓN O MODIFICACIONES DE LA PÓLIZA Y SUS ANEXOS | B43: La Aseguradora deberá dar aviso por escrito aL ASEGURADO, con una anticipación de noventa (90) días, en caso que decida modificar, revocar o no renovar esta póliza y/o alguno de sus amparos adicionales o modificar cualquiera de sus condiciones. En caso de revocación la aseguradora devolverá al asegurado, la proporción de prima correspondiente al tiempo que falte para el vencimiento de la Póliza, liquidada a prorrata. Si la revocación es solicitada por EL ASEGURADO , la Aseguradora devolverá el valor de la prima no corrida del riesgo, liquidada a Prorrata.
A44: MODIFICACIONES EN FAVOR DEL ASEGURADO | B44: Si durante la vigencia de este seguro se presentan modificaciones a las condiciones generales y particulares de la póliza, que presenten un beneficio a favor del ASEGURADO, tales modificaciones se consideran automáticamente incorporadas a la póliza siempre que el cambio no implique un aumento en la prima originalmente pactada.
A45: CLAUSULA DE APLICACIÓN DE CONDICIONES PARTICULARES | B45: Queda expresamente acordado y convenido, que la Compañía acepta las condiciones básicas técnicas establecidas en este anexo en los términos señalados en el mismo, por lo tanto, en caso de existir discrepancia ente los ofrecimientos contenidos en la propuesta técnica básica, frente a los textos de los ejemplares de las pólizas, certificados, anexos o cualquier otro documento; prevalecerá la información y condiciones básicas técnicas establecidas.
A46: PRORROGAS | B46: Queda expresamente declarado y convenido que la (s) aseguradora (s) queda (n) obligadas (s) a otorgar la (s) prorroga (s) que el Asegurado, solicite en caso de que se requiera tiempo adicional para surtir los trámites internos de un nuevo proceso, en las mismas condiciones en que se encuentran suscritas las pólizas como tambien las modificaciones que se requieran en el transcurso de la vigencia sin condicionamiento alguno, incluido el intermediario.
A47: REVISION DE LOS TERMINOS PARA PRORROGA | B47: Bajo esta clusula la compañía podrá realizar revisión de términos para las prórrogas cuando la siniestralidad incurrida sobrepase el 60%. (Siniestralidad incurrida =siniestros pagos + reservas + 10% IBRN/primas netas).
A48: AVISO DE SINIESTRO | B48: No obstante lo dispuesto en las condiciones de la Póliza o en sus anexos, por la presente cláusula se conviene entre las partes, un término sesenta (60) días calendario para que el Asegurado de aviso al Asegurador de cualquier evento que afecte a la presente Póliza, contados a partir de la fecha en que haya tenido conocimiento de dicho evento, sin perjuicio de lo establecido en el artículo 1081 del Código de Comercio.
A49: GARANTIAS | B49: Queda expresamente acordado y aceptado que la cobertura otorgada bajo la presente póliza no queda sujeta al cumplimiento de ningún tipo de garantía por parte de la entidad asegurada.
A50: ERRORES, OMISIONES E INEXACTITUDES NO INTENCIONALES | B50: El tomador está obligado a declarar sinceramente los hechos y circunstancias que determinen el estado del riesgo. La inexactitud sobre hechos o circunstancias que, conocidas por la compañía, la hubieren retraído de celebrar el contrato o inducido a estipular condiciones más onerosas, produce la nulidad relativa del seguro. Sin embargo, si se incurriere en errores, omisiones e inexactitudes inculpables al tomador o al asegurado, el contrato no será nulo ni habrá lugar a la aplicación del inciso tercero del artículo 1058 del Código de Comercio sobre reducción porcentual de la prestación asegurada. En este caso se deberá pagar la prima adecuada al verdadero estado del riesgo.
A51: CLAUSULA DE JURISDICCION Y SOLUCION DE CONTROVERSIAS | B51: Se deja constancia que en caso de existir alguna controversia, ésta se dirimirá de acuerdo con lo establecido en la Ley y los diferentes mecanismos de solucion de conflictos
A52: DOMICILIO | B52: Sin perjuicios de las disposiciones procesales para los efectos relacionados con el presente contrato, se fija como domicilio de las partes la ciudad deDistrito de cartagena , en la República de Colombia.
A53: RESTABLECIMIENTO AUTOMATICO DEL VALOR ASEGURADO POR PAGO DE SINIESTRO. | B53: Queda entendido y convenido en adición a los términos y condiciones contenidas en la Póliza o en sus anexos que el valor asegurado se reducirá en igual cantidad del monto del siniestro y que la Aseguradora acepta el restablecimiento automático del mismo, mediante el pago de la prima a que haya lugar.
... A80: EXTENSIÓN DE DIRECTORES Miembros de la Junta Directiva, cuando sean funcionarios del asegurado. Texto HANC70 | B80: Se amparan lo Miembros de Junta Directiva mientras actúen en sus funciones ejecutivas y administrativas en las operaciones normales de la actividad del Asegurado. Según texto HANC 70 y/o cualquier otro texto que contenga la misma cobertura solicitada. Estos eventos cuentan con cobertura cuando son derivados de los actos fraudulentos o deshonestos que causen estos directores.
A81: SE ANULA TODA EXCLUSIÓN REFERENTE A LA PERDIDA COMO RESULTADO DIRECTO O INDIRECTO DE QUE EL PERSONAL NO TOME OBLIGATORIAMENTE DOS SEMANAS CONSECUTIVAS DE VACACIONES POR AÑO.
A82: SE ANULA TODA EXCLUSIÓN REFERENTE A PERDIDAS QUE SEAN CONSECUENCIA A FALTA DE SEGREGACIÓN DE FUNCIONES, SISTEMA DE CUSTODIA CONJUNTA Y CONTROL DUAL.
A83: MODIFICACIÓN DEL ESTADO DEL RIESGO | B83: No obstante lo estipulado en las condiciones generales del seguro, se establece una limitación a la obligación que el Asegurado notifique los hechos o circunstancias que agraven el riesgo durante la vigencia del contrato, en el sentido, que la aseguradora solo puede invocarla cuando exista relación de causalidad entre la agravación y el siniestro. Se ampararán automáticamente los riesgos cuya agravación se informe, hasta el pronunciamiento del asegurador en contrario
A84: PERÍODO ADICIONAL DE COBERTURAS | B84: Se deja establecido y convenido que las personas al servicio del asegurado, continuarán amparadas los treinta (30) días inmediatamente siguientes a la fecha de retiro, con sujeción a las Cláusulas relativas a vigencia, terminación y revocación de la Póliza
A85: ERRORES Y OMISIONES NO INTENCIONALES. | B85: El tomador está obligado a declarar sinceramente los hechos y circunstancias que determinen el estado del riesgo. La inexactitud sobre hechos o circunstancias que, conocidas por la compañía, la hubieren retraído de celebrar el contrato o inducido a estipular condiciones más onerosas, produce la nulidad relativa del seguro. Sin embargo, si se incurriere en errores, omisiones e inexactitudes inculpables al tomador o al asegurado, el contrato no será nulo ni habrá lugar a la aplicación del inciso tercero del artículo 1058 del Código de Comercio sobre reducción porcentual de la prestación asegurada. En este caso se deberá pagar la prima adecuada al verdadero estado del riesgo.
A86: PAGO DE LA INDEMNIZACIÓN A ELECCIÓN DEL ASEGURADO. | B86: En caso de siniestro, el asegurado se reserva el derecho de solicitar a la compañía de seguros el pago de la indemnización, en dinero o mediante la reparación, y/o reposición o reconstrucción del bien o bienes afectados, o mediante giro a los contratistas y/o proveedores de servicios o suministro de éstos u otros similares con los cuales la Entidad decida reemplazarlos. La compañía a petición escrita de la Entidad efectuará el pago de la indemnización bajo estas condiciones.
A87: ANTICIPO DE INDEMNIZACIÓN 50% | B87: El oferente debe contemplar bajo esta cláusula que, a petición escrita del asegurado, anticipará pagos parciales sobre el valor del reclamo, con base en el valor de la estimación preliminar de la pérdida, aceptada por el ajustador en los casos en que haya nombramiento, para adelantar la reparación, reposición o remplazo de los bienes asegurados. En caso que el anticipo o suma de anticipos que la compañía adelante al asegurado llegare a exceder la suma total indemnizable a que tenga derecho, éste se compromete a devolver el exceso pagado. Para esta cláusula el oferente debe contemplar un plazo máximo para el pago del anticipo cinco (5) días hábiles a partir de la fecha de solicitud del mismo.
A88: CRIMEN POR COMPUTADOR (Extensión de crimen por computador según el texto LSW-983) cláusulas 1 a 8.) | B88: Se amparan las pérdidas a través de sistemas de cómputo, para los sistemas usados por el asegurado. Cláusula 1 del texto LSW983 - Sistemas de Computación/Informática. Cláusula 2 del texto LSW983 - Programas Electrónicos de Computación. Cláusula 3 del texto LSW983 - Medios Electrónicos de Información. Cláusula 4 del texto LSW983 - Virus en el Computador. Cláusula 5 del texto LSW983 - Comunicaciones / Mensajes Electrónicos y por Facsímile. Cláusula 6 del texto LSW983 - Transmisiones Electrónicas. Cláusula 7 del texto LSW983 - Títulos Electrónicos. Cláusula 8 del texto LSW983 - Transferencias iniciadas por voz.
A89: COBERTURA PARA TRANSACCIONES INCOMPLETAS | B89: Se cubren las pérdidas que resulten directamente de la responsabilidad del asegurado con respecto a terceros como consecuencia directa del incumplimiento, falla o incapacidad del asegurado para completar cualquier transacción debido a: a) Pérdida de dineros y títulos valores como resultado directo de hurto, hurto calificado, extravío, desaparición misteriosas e inexplicable, sustracción, y el daño o destrucción de dinero y títulos valores mientras éste en tránsito en o hacia cualquier parte o mientras esté guardada o depositada en oficinas o instalaciones localizadas en cualquier parte. b) Pérdida que resulte directamente cuando el asegurado, de buena fe, actúe, negocie maneje o posea, por cualquier razón dinero y títulos valores que resulte ser: (i) falsa o (ii) fraudulentamente alterada, o (iii) falsificada, o (iv) perdida o hurtada c) Pérdidas que resulten directamente cuando el asegurado haya sido engañado con respecto a la identidad de alguna persona con el fin de comprar o vender dinero y títulos valores.
A90: FALTANTES DE INVENTARIOS. | B90: El oferente ofrecerá la cobertura para los faltantes de inventarios atribuibles a funcionarios de la entidad siempre y cuando tales pérdidas sean como consecuencia de la intervención de uno o más empleados. 20% del valor asegurado
A91: COBERTURA PARA COSTOS DE LIMPIEZA | B91: Mediante esta cobertura la aseguradora se compromete a indemnizar al asegurado por todos los gastos razonables incurridos y/o honorarios pagados por el asegurado (todos con la aprobación previa de los aseguradores dada por escrito) para la verificación y reconstitución de instrucciones computarizadas electrónicas que hayan sido preparadas o modificadas de manera fraudulenta de manera que puedan dar origen a un siniestro bajo las cláusulas de seguro aplicables de esta póliza. hasta la suma de $ 350,000,000
A92: TERMINAL DE COMUNICACIONES EXTENDIDA PARA INCLUIR COMPUTADORES PERSONALES MIENTRAS SE ENCUENTRAN COMO TERMINALE | B92: Mediante la presente cobertura se amparan los terminales de comunicaciones extendiendo los mismos para incluir los computadores personales mientras se encuentran como terminales
A93: DESAPARICIÓN MISTERIOSA EN PREDIOS | B93: Desaparición misteriosa en predios de dineros y/o títulos valores. 30% del valor asegurado
A94: EXTENSIÓN DE COBERTURA DE INCENDIO, TERREMOTO Y LÍNEAS ALIADAS INCLUIDOS ACTOS DE LA NATURALEZA PARA DINERO Y/O TÍTULOS VALORES | B94: Se incluye extensión de incendio, terremoto y líneas aliadas incluido actos de la naturaleza para dinero y/o títulos valores, opera bajo el amparo de infidelidad de riesgos financieros precisando que es derivada de los actos de infidelidad de los funcionarios. Se excluyen daños a oficinas y sus contenidos.
... A96: EXTENSIÓN DE COBERTURA PARA EL PERSONAL QUE SE DESVINCULA DE LA ENTIDAD. | B96: Queda convenido y aceptado que la compañía otorga extensión de cobertura para el personal del asegurado que se desvincula de la Entidad por sesenta (60) días siempre y cuando la póliza se encuentre vigente.
A97: DEDUCIBLES MAXIMOS PERMITIDOS
A98: PARA TODAS LAS COBERTURAS: $50.000.000 toda y cada pérdida.
A99: Costo Neto Financiero: 5 DIAS
A100: NOTA: El ofrecimiento de deducibles superiores a los enunciados, constituyen causal de rechazo de la oferta.

Sheet GRUPO 1. CASCO BARCO
A1: ANEXO No 8 ESPECIFICACIONES TECNICAS SEGURO DE CASCO BARCO
A2: TOMADOR | B2: =+'GRUPO 1. RCSP'!B2 -> DISTRITO TURISTICO Y CULTURAL DE CARTAGENA DE INDIAS
A3: ASEGURADO | B3: =B2 -> DISTRITO TURISTICO Y CULTURAL DE CARTAGENA DE INDIAS
A4: BENEFICIARIO | B4: =B2 -> DISTRITO TURISTICO Y CULTURAL DE CARTAGENA DE INDIAS
A5: NIT | B5: =+'GRUPO 1. RCSP'!B5 -> 890.480.184-4
A6: RAMO | B6: CASCO BARCO
A7: INTERMEDIARIO | B7: GONSEGUROS CORREDODRES DE SEGUROS S.A.
A8: VIGENCIA | B8: =+'GRUPO 1. RCSP'!B8 -> DESDE LAS 00:00 HORAS DEL 29 DE OCTUBRE DEL 2026 HASTA LAS 24:00 HORAS DEL 16 DE MAYO DEL 2027
A9: CONDICIONES TECNICAS BASICAS OBLIGATORIAS
A10: DESCRIPCION DE LA ACTIVIDAD DEL ASEGURADO | B10: ENTIDAD PUBLICA
A11: DIRECCION DEL RIESGO | B11: Territorio Colombiano
A12: INTERES ASEGURABLE | B12: Amparar las perdidas o daños materiales de los bienes asegurados y la responsabilidad civil de los equipos relacionados de propiedad del asegurado o por los que sea legalmente responsable o que se encuentren bajo su control y custodia, por los riesgos a que se vean expuestos de acuerdo con las condiciones técnicas básicas obligatorias descritas en el presente amparo
A13: COBERTURA | B13: VALOR ASEGURADO
A14: Perdida total absoluta | B14: =+'[1]RELACIÓN CASCO BARCO'!$F$21 -> 3.8977959e+09
A15: Perdida total constructiva | B15: =+B14 -> 3.8977959e+09
A16: Hurto y hurto calificado para embarcaciones y motores, no se otorga esta cobertura para partes y accesorios | B16: =+B14 -> 3.8977959e+09
A17: Negligencia del capitán , oficiales , tripulación o pilotos | B17: =+B14 -> 3.8977959e+09
A18: Terremoto, erupción volcánica rayo | B18: =+B14 -> 3.8977959e+09
A19: Responsabilidad por contaminación accidental | B19: 3000000000
A20: Avería parcial o particular del casco y la maquinaria siempre y cuando el daño de la maquinaria sea a consecuencia de un hecho accidental donde se encuentra involucrado el casco, es decir, no se otorga cobertura al daño de la maquinaria por rotura de partes, falta de mantenimiento o por su propio uso . | B20: =+B14 -> 3.8977959e+09
A21: Se ampara solo hechos accidentales, no se cubre el faltante de inventarios , daños detectados sin que exista denuncia de un hecho accidental determinado a las autoridades portuarias | B21: =+B14 -> 3.8977959e+09
A22: AMIT ,HAMCC, O CP, SABOTAJE Y TERRORISMO 100% del valor asegurado, | B22: =+B14 -> 3.8977959e+09
A23: Amparo de Protección e Indemnización (P&I) – Sublímite de Responsabilidad con el sublimite establecido inicialmente: 50% del valor de cada embarcación por evento y vigencia. | B23: =B14/2 -> 1.9488979e+09
A24: Gastos de salvamento y avería gruesa 10% | B24: =B14*10% -> 3.8977959e+08
A25: Huracanes | B25: =+B14 -> 3.8977959e+09
A26: Maremotos | B26: =+B14 -> 3.8977959e+09
A27: Tsunami | B27: =+B14 -> 3.8977959e+09
A28: VALORES ASEGURADOS
A29: Casco Barco | B29: =+B14 -> 3.8977959e+09
A30: R.C. Pandi para Embarcaciones Menores | B30: 3000000000
A31: TOTAL VALOR ASEGURADO | B31: =SUM(B29:B30) -> 6.8977959e+09
A32: CLAUSULAS Y SUBLIMITES
A33: REVOCACIÓN O NO RENOVACIÓN DE LA PÓLIZA | B33: La Aseguradora deberá dar aviso por escrito a la Entidad con una anticipación de noventa (90) días, excepto para HMACCP, AMIT y Terrorismo para los cuales son diez (10) días, en caso que decida revocar o no renovar esta póliza o alguno de sus amparos adicionales, o modificar sus condiciones. En caso de revocación la aseguradora devolverá al asegurado, la proporción de prima correspondiente al tiempo que falte para el vencimiento de la Póliza, liquidada a prorrata
A34: AMPARO AUTOMÁTICO PARA NUEVAS PROPIEDADES Y NUEVOS BIENES | B34: En caso que el asegurado adquiera a cualquier titulo algún interés asegurable sobre bienes similares a los amparados en ésta póliza, estará obligado a avisar por escrito a la compañía dentro de los Sesenta (60) días calendarios contados a partir de la fecha de su adquisición, siempre y cuando el valor total de reposición de dichos bienes sea superior a $500.000.000. Si el valor de dichos bienes es inferior a $500.000.000, estos nuevos bienes se aseguran automáticamente, sin cobro adicional de prima y el asegurado queda exento de la obligación de reportarlos.
A35: INDEMNIZACIÓN A VALOR DE REPOSICIÓN EN CASO DE PÉRDIDAS TOTALES | B35: INDEMNIZACIÓN A VALOR DE REPOSICIÓN EN CASO DE PÉRDIDAS TOTALES: Por la presente cláusula y no obstante lo que en contrario se diga en las condiciones generales de la Póliza, y sus anexos, la indemnización pagadera por esta Póliza para un objeto asegurado bajo la misma, en caso de pérdidas totales, será igual a su valor de reposición, sujeto a la siguiente tabla de demérito por uso, vetustez y obsolescencia tecnológica: Años Demérito Anual Demérito Acumulado 1 – 10 0.5 % 5 % 11 – 20 1 % 15 % De 21 en adelante 1,5 % máximo 30 % Esta cláusula no debe ser aplicada para las herramientas que tengan componentes eléctricos y electrónicos. Además se tendrá en cuenta para su aplicación no la fecha de adquisición, si no la fecha de entrada en funcionamiento, o de repotenciación o actualización del equipo. No se aplicará tabla de deméritos o descuentos adicionales al asegurado por rebobinado de transformadores en pérdidas totales o parciales.
A36: MANTENIMIENTO | B36: Se acepta el mantenimiento preventivo y correctivo realizado a los equipos y/o instalaciones, directamente por empleados del asegurado o personal a su servicio.
A37: RESTABLECIMIENTO AUTOMÁTICO DEL VALOR ASEGURADO POR PAGO DE SINIESTRO CON COBRO DE PRIMA | B37: La suma asegurada se reducirá desde el momento del siniestro, en el importe de la indemnización pagada por la Aseguradora y se restablecerá desde el momento en que se inicie la reparación, reposición o reemplazo de los bienes afectados, en el importe correspondiente. Dicho restablecimiento, dará derecho a la Aseguradora al cobro de una prima proporcional por el resto de la vigencia anual de la Póliza: Esta condición no aplica para AMIT, HAMCC, SABOTAJE Y TERRORISMO.
A38: ASONADA, MOTÍN, CONMOCIÓN CIVIL O POPULAR, HUELGA, CONFLICTOS COLECTIVOS DE TRABAJO, ACTOS MAL INTENCIONADOS DE TERCEROS, INCLUYENDO LOS ACTOS TERRORISTAS Y DE MOVIMIENTOS SUBVERSIVOS | B38: No obstante lo establecido en las condiciones generales de la póliza o de sus amparos adicionales, se deja constancia que los hechos cometidos por movimientos subversivos o terroristas, serán considerados dentro de esta cobertura. La pérdida, daño, costo o gasto causado directa o indirectamente por el uso de armas convencionales y no convencionales, incluyendo cohetes y misiles.
A39: GASTOS ADICIONALES Y EXTRAORDINARIOS | B39: Por la presente cláusula y no obstante lo que se diga en contrario en las condiciones generales de la Póliza y sus anexos, este seguro cubre los gastos extraordinarios u honorarios profesionales, en que incurra el Asegurado por concepto de tiempo extra, trabajo nocturno, trabajo en días festivos, envíos por expreso, gastos adicionales por arrendamiento de otros equipos, reposición de material y pérdida de información en portadores externos de datos, con ocasión de cualquier daño o pérdida, amparada por la presente póliza. (No aplica deducible).
A40: AVISO DE PÉRDIDA | B40: No obstante lo dispuesto en las condiciones de la Póliza o en sus anexos, por la presente cláusula se conviene entre las partes, un término treinta (30) días calendario para que el Asegurado de aviso al Asegurador de cualquier evento que afecte a la presente Póliza, contados a partir de la fecha en que haya tenido conocimiento de dicho evento, sin perjuicio de lo establecido en el artículo 1081 del Código de Comercio.
A41: CONOCIMIENTO DEL RIESGO | B41: Mediante la presente cláusula queda entendido, convenido y aceptado que la aseguradora ha inspeccionado los riesgos a que están sujetos los bienes muebles e inmuebles, activos e intereses patrimoniales de la CVC, razón por la cual deja constancia del conocimiento y aceptación de los hechos, circunstancias y, en general condiciones de las mismas. La Aseguradora se reserva el derecho de repetir dicha inspección cuantas veces lo juzgue pertinente
A42: MODIFICACIÓN DEL ESTADO DEL RIESGO | B42: No obstante lo estipulado en las condiciones generales de la póliza y sus anexos, por la presente cláusula se establece una limitación a la obligación que el Asegurado notifique los hechos o circunstancias que agraven el riesgo durante la vigencia del contrato, en el sentido, que la aseguradora solo puede invocarla cuando exista relación de causalidad entre la agravación y el siniestro. Se ampararán automáticamente los riesgos cuya agravación se informe, hasta el pronunciamiento del asegurador en contrario.
A43: ERRORES, OMISIONES E INEXACTITUDES NO INTENCIONALES | B43: El tomador está obligado a declarar sinceramente los hechos y circunstancias que determinen el estado del riesgo. La inexactitud sobre hechos o circunstancias que, conocidas por la compañía, la hubieren retraído de celebrar el contrato o inducido a estipular condiciones más onerosas, produce la nulidad relativa del seguro. Sin embargo, si se incurriere en errores, omisiones e inexactitudes imputables al tomador o al asegurado, el contrato no será nulo ni habrá lugar a la aplicación del inciso tercero del artículo 1058 del Código de Comercio sobre reducción porcentual de la prestación asegurada. En este caso se deberá pagar la prima adecuada al verdadero estado del riesgo.
A44: ACTOS DE AUTORIDAD, EXCEPTO POR AMIT-TERRORISMO | B44: No obstante lo estipulado en las Condiciones Generales de la Póliza o en sus anexos, queda entendido y convenido que este seguro cubre las pérdidas o daños materiales por la destrucción ordenada o ejecutada por actos de la autoridad competente con el fin de aminorar o evitar la propagación de las consecuencias de cualquier evento cubierto por la Póliza o por cualquier error que la misma cometa en función de su actividad.
... A61: CONDICIONES TÉCNICAS Y ECONÓMICAS DE REASEGURADORES | B61: Los oferentes deberán conservar sus Reaseguradores durante el período de adjudicación y no podrán cambiarlos salvo fuerza mayor o causa justificada. En caso de ser necesario cambiarlos o que el reasegurador se retire voluntariamente, él (o los) reasegurador(es) que lo sustituya(n) deberá(n) ser de la misma categoría o tener la misma calificación del (os) que se reemplaza (n). Durante el período de adjudicación los oferentes no podrán cambiar las condiciones técnicas y económicas ofrecidas salvo aquellas que sean favorables al asegurado, las cuales deberán incorporarse automáticamente a las Pólizas.
A62: DEDUCIBLES MAXIMOS PERMITIDOS
A63: Casco Barco y demás eventos: 3% del valor de la perdida sin mínimo
A64: Hurto y hurto calificado: Sin deducible
A65: R.C. Pandi: Sin deducible

Sheet GRUPO 1. RC CYBER
A1: ANEXO No 9 ESPECIFICACIONES TECNICAS SEGURO DE RESPONSABILIDAD CIVIL RIESGOS CYBERNETICOS
A2: TOMADOR | B2: =+'GRUPO 1. RCSP'!B2 -> DISTRITO TURISTICO Y CULTURAL DE CARTAGENA DE INDIAS
A3: ASEGURADO | B3: =B2 -> DISTRITO TURISTICO Y CULTURAL DE CARTAGENA DE INDIAS
A4: BENEFICIARIO | B4: =B2 -> DISTRITO TURISTICO Y CULTURAL DE CARTAGENA DE INDIAS
A5: NIT | B5: =+'GRUPO 1. RCSP'!B5 -> 890.480.184-4
A6: RAMO | B6: RESPONSABILIDAD CIVIL RIESGOS CYBERNETICOS
A7: INTERMEDIARIO | B7: GONSEGUROS CORREDODRES DE SEGUROS S.A.
A8: VIGENCIA | B8: =+'GRUPO 1. RCSP'!B8 -> DESDE LAS 00:00 HORAS DEL 29 DE OCTUBRE DEL 2026 HASTA LAS 24:00 HORAS DEL 16 DE MAYO DEL 2027
A9: CONDICIONES TECNICAS BASICAS OBLIGATORIAS
A10: DESCRIPCION DE LA ACTIVIDAD DEL ASEGURADO | B10: ENTIDAD PUBLICA
A11: DIRECCION DEL RIESGO | B11: Territorio Colombiano
A12: INTERES ASEGURABLE | B12: Cubrir las pérdidas patrimoniales y Gastos de Defensa por la eventual responsabilidad del DISTRITO TURISTICO Y CULTURAL DE CARTAGENA DE INDIAS por pérdidas o daños ocasionados a terceros, y por los daños o pérdidas a sus propios bienes e intereses, derivados de situaciones de riesgo en el manejo de información, que son objeto de la cobertura de la póliza, dentro y fuera del Territorio nacional. Se precisa que la compañía de seguros conoce el riesgo con base en lo declarado por el asegurado en el formulario de declaración del riesgo aportado al presente proceso.
A13: VALOR ASEGURADO
A14: $1.000.000.000 Evento/Vigencia
A15: COBERTURA | B15: VALOR ASEGURADO
A16: RESPONSABILIDAD CIVIL POR FALLAS EN EL TRATAMIENTO DE LOS DATOS PERSONALES | B16: La aseguradora se compromete a indemnizar los perjuicios por los que sea responsable el asegurado por una falla en el tratamiento de datos (violación de información personal) ya sea real o presunta, la cobertura debe operar independientemente del medio de fuga, siempre y cuando afecte lo que califica como datos personales y que el medio de fuga o violación de la seguridad de datos debe estar enmarcada en el objeto de cobertura.
A17: RESPONSABILIDAD CIVIL POR DATOS CORPORATIVOS | B17: La aseguradora se compromete a indemnizar los perjuicios por los que sea responsable por la violación de la información corporativa ya sea real o presunta, la cobertura debe operar independientemente del medio de fuga, siempre y cuando afecte lo que califica como datos corporativos y que el medio de fuga o violación de la seguridad de datos debe estar enmarcada en el objeto de cobertura.
A18: RESPONSABILIDAD CIVIL POR EMPRESAS SUBCONTRATISTAS | B18: La aseguradora se compromete a indemnizar cualquier pérdida derivada de violación de información personal y/o violación de información corporativa que resulte en un reclamo en contra del Asegurado como consecuencia del procesamiento o recopilación de datos personales y corporativos por una empresa subcontratista en nombre de la sociedad y por los cuales, la sociedad es responsable.
A19: RESPONSABILIDAD CIVIL POR SEGURIDAD DE DATOS. | B19: La aseguradora se compromete a indemnizar cualquier pérdida derivada de un acto, error u omisión, real o presunto, que resulte en un reclamo contra el asegurado: 1- Una contaminación de datos de terceros por medio de un software no autorizado, un código informático o virus específicamente diseñado para el sistema de cómputo de la sociedad; 2- Una denegación inadecuada o errónea de los derechos de acceso a los datos a un tercero autorizado; 3- Un ataque de denegación de servicio que produzca denegación inadecuada o errónea de los derechos de acceso a los datos a un tercero autorizado; 4- La destrucción, modificación, contaminación, daño o eliminación de datos almacenados en cualquier sistema de cómputo como consecuencia de una violación de seguridad de datos; 5- El robo físico del hardware controlado por la sociedad y dentro de sus predios; por cualquier persona diferente al asegurado y en el cual se encuentran datos almacenados y que dicho robo derive en una pérdida de datos; o 6- La revelación de datos como consecuencia de una violación de seguridad de datos; Asimismo, se cubrirán las pérdidas que sufra la sociedad, derivadas de un acto intencional que provenga de cualquier empleado de la Entidad, en el caso que esta última sea legalmente responsable por dichos actos.
A20: GASTOS DE DEFENSA. | B20: La aseguradora tendrá el derecho de defender cualquier reclamo, por el que esta póliza pueda responder bajo sus coberturas. La aseguradora pagará los gastos de defensa incurridos para defender dicho reclamo, esta cobertura opera sin aplicación de deducible. Por gastos de defensa se entienden los honorarios, costas y expensas razonables y necesarias en los que, con el previo consentimiento escrito de la Aseguradora, incurra el asegurado para la negociación de acuerdos o defensa de cualquier reclamación de responsabilidad, sea judicial o extrajudicial, adelantada por un tercero en contra del asegurado, fuere está fundada o infundada. En el evento de que el asegurado fuere condenado por haber incurrido en una conducta dolosa, deberá reembolsar a la Aseguradora las sumas que le hayan sido anticipadas por esta cobertura.
A21: INVESTIGACIÓN. Sublimite del 30% del valor asegurado por reclamo y en el agregado anual | B21: La aseguradora se compromete a indemnizar los honorarios, costos y gastos razonables en los que incurra el asegurado, con el previo consentimiento por escrito del asegurador, para su asesoramiento legal y su representación en relación con una investigación, esta cobertura opera sin aplicación de deducible.
A22: RESTITUCIÓN DE LA IMAGEN DE LA ENTIDAD. Sublimite del 30% del valor asegurado por reclamo y en el agregado anual. | B22: La aseguradora se compromete a indemnizar los honorarios, costos y gastos razonables incurridos por la sociedad en la obtención de asesoramiento por parte de un consultor independiente de relaciones públicas, con el previo consentimiento por escrito de la aseguradora, con el objeto de mitigar los daños a la reputación de la sociedad como consecuencia de un reclamo, una violación de información personal, una violación de información corporativa, o una violación de seguridad de datos, esta cobertura opera sin aplicación de deducible.
A23: NOTIFICACIÓN Y MONITOREO Sublimite del 30% del valor asegurado por reclamo y en la vigencia. | B23: La aseguradora se compromete a indemnizar los gastos de notificación y monitoreo en el caso de una violación de información personal o violación de seguridad de datos que ocurra por primera vez y se notifique durante el periodo de la póliza, esta cobertura opera sin aplicación de deducible.
A24: DATOS ELECTRÓNICOS Sublimite del 30% del valor asegurado por reclamo y en la vigencia. | B24: Sin aplicación de deducible. La aseguradora se compromete a indemnizar los costos y gastos razonables en el caso de una violación de seguridad de datos que ocurra por primera vez y se notifique durante la vigencia de la póliza, y destinados a: 1. Determinar si los datos electrónicos pueden o no ser restaurados, restablecidos o recopilados; y 2. Restaurar, restablecer o recopilar datos electrónicos, cuando sea posible.
A25: CONTENIDOS MULTIMEDIA. Sublimite del 40% del valor asegurado por reclamo y en la vigencia. | B25: La aseguradora se compromete a indemnizar cualquier Pérdida derivada de cualquier acto real o presunto, error, declaración inexacta o incierta u omisión de un Asegurado en relación con la recopilación, creación, publicación, impresión, radiodifusión, o distribución de Material que resulte en: 1. Una infracción de derechos de autor (copyright), títulos, slogans, marcas registradas (trademarks), nombres comerciales, infracción de nombres de dominio; 2. Plagio, piratería o apropiación indebida o robo de ideas; 3. Difamación, divulgación pública de hechos privados, calumnias o injurias cometidas sin mala intención por medio de palabras escritas, habladas o retransmitidas, incluyendo peros sin limitarse a, el trastorno emocional o la angustia mental en relación con dicha conducta; o 4. Una intromisión, invasión de la privacidad, entrada ilegal o desalojo, allanamiento de morada o escuchas.
A26: CIBER EXTORSIÓN Sublimite del 20% del valor asegurado por reclamo y en el agregado anual. Se califica en Condiciones Tecnicas Adicionales el aumento del porcentaje ofrecido. | B26: La aseguradora se compromete a indemnizar los daños por ciber extorsión y los gastos por ciber extorsión pagados por la Entidad actuando en alguna de las circunstancias de justificación previstas en el artículo 32 del código penal, por un evento de ciber extorsión.
A27: INTERRUPCIÓN DE LA RED. Sublimite del 20% del valor asegurado por reclamo y en la vigencia. | B27: Periodo de horas de espera: 12 horas. La aseguradora se compromete a pagar al Asegurado cualquier Pérdida de la Red en la que incurra un Asegurado después del Período de Horas de Espera y únicamente como consecuencia de un Fallo de Seguridad.
A28: CLAUSULAS OBLIGATORIAS
A29: REVOCACIÓN , NO RENOVACIÓN O MODIFICACIONES DE LA PÓLIZA Y SUS ANEXOS: | B29: La Aseguradora deberá dar aviso por escrito aL ASEGURADO, con una anticipación de NOVENTA (90) días, en caso que decida modificar, revocar o no renovar esta póliza y/o alguno de sus amparos adicionales o modificar cualquiera de sus condiciones. En caso de revocación la aseguradora devolverá al asegurado, la proporción de prima correspondiente al tiempo que falte para el vencimiento de la Póliza, liquidada a prorrata. Para HMACC AMIT TERRORISMO Aplican 10 días. Si la revocación es solicitada por EL ASEGURADO , la Aseguradora devolverá el valor de la prima no corrida del riesgo, liquidada a Prorrata.
A30: PRORROGAS | B30: Queda expresamente declarado y convenido que la (s) aseguradora (s) queda (n) obligadas (s) a otorgar la (s) prorroga (s) que el Asegurado, solicite en caso de que se requiera tiempo adicional para surtir los trámites internos de una nueva licitación, en las mismas condiciones en que se encuentran suscritas las pólizas como tambien las modificaciones que se requieran en el transcurso de la vigencia sin condicionamiento alguno, incluido el intermediario y su cobro será calculado a prorrata. Siempre y cuando la siniestralidad de la póliza no sea mayor al 50%, en el caso que la siniestralidad supere el 50% ,advirtiendo que la revisión de términos sólo procederá en la póliza que presente la siniestralidad. La revisión de los términos se hará de común acuerdo.
A31: ERRORES, OMISIONES O INEXACTITUDES. | B31: El tomador está obligado a declarar sinceramente los hechos y circunstancias que determinen el estado del riesgo. La inexactitud sobre hechos o circunstancias que, conocidas por la compañía, la hubieren retraído de celebrar el contrato o inducido a estipular condiciones más onerosas, produce la nulidad relativa del seguro.
A32: AMPLIACIÓN AVISO DEL SINIESTRO. | B32: Con termino de noventa (90) días. Queda convenido y aceptado que el asegurado podrá dar aviso de la ocurrencia del siniestro en un término de noventa (90), siguientes a la fecha en que haya conocido o debido conocer la ocurrencia del mismo.
A33: ANTICIPO DE INDEMNIZACIÓN DEL 50% . | B33: Queda expresamente acordado que, a petición escrita de la Entidad, la aseguradora anticipará pagos parciales sobre el valor de cualquier reclamo, con base en el valor de la estimación preliminar de la pérdida aceptada por el ajustador, para adelantar la reparación, reposición o remplazo de los bienes asegurados. En el caso de que no haya nombramiento de ajustador, el anticipo se liquidará con base en la valoración de la cuantía de la pérdida amparada, acreditada por la entidad mediante cotización de la misma. En caso que el anticipo o suma de anticipos que la compañía adelante al asegurado llegare a exceder la suma total indemnizable a que tenga derecho, éste se compromete a devolver el exceso pagado.
A34: Modificaciones a favor del asegurado | B34: Si durante la vigencia de la póliza se presentan modificaciones a las condiciones de la póliza que representen un beneficio a favor del asegurado, sin que impliquen un aumento a la prima originalmente pactada, tales modificaciones se consideran automáticamente incorporadas a la póliza.
A35: NOMBRAMIENTO Y DESIGNACIÓN DE AJUSTADORES. | B35: El nombramiento de ajustadores deberá efectuarse de común acuerdo entre la aseguradora y el asegurado, para lo cual la aseguradora presentará para cada reclamo una relación de tres (3) firmas ajustadoras. No obstante la anterior condición, el asegurador con su propuesta se obliga a presentar la lista de todos sus ajustadores y la Entidad se reserva el derecho de nombrar al ajustador que considere más adecuado o solicitar el cambio de los mismos en caso de que no fueren de su entera satisfacción, sin que para ello se requiera motivación alguna.
A36: MODIFICACIÓN DEL ESTADO DEL RIESGO Aviso 90 días. | B36: No obstante lo estipulado en las condiciones generales de la póliza y sus anexos, por la presente cláusula se establece una limitación a la obligación que el Asegurado notifique los hechos o circunstancias que agraven el riesgo durante la vigencia del contrato, en el sentido, que la aseguradora solo puede invocarla cuando exista relación de causalidad entre la agravación y el siniestro. Se ampararán automáticamente los riesgos cuya agravación se informe, hasta el pronunciamiento del asegurador en contrario.
A37: NO CONCURRENCIA DE AMPAROS CLAUSULAS O CONDICIONES | B37: Queda entendido convenido y aceptado que si dos o mas amparos clausulas o condiciones otorgan cobertura a un mismo evento se indemnizara con base en aquellas que ofrezcan mayor proteccion para los intereses dell asegurado. de igual manera prevaleceran los amparos clausulas o condiciones que otorgen coberturas sobre aquellos que las excluyan. en todo caso y ante cualquier discrepancia sobre cual es el amparo clausula o condicion aplicable a un caso determinado se aplicara aquellas o aquellas que en conjunto determine el asegurado de acuerdo a su conveniencia.
A38: ELIMINACION DE CLÁUSULAS DE GARANTÍA. | B38: Queda entendido, convenido y aceptado que no obstante lo que en contrario se diga en las condiciones generales del seguro, en virtud de la presente cláusula se eliminan todas las cláusulas de garantía, previstas para el mismo.
A39: PAGO DE INDEMNIZACIONES | B39: No obstante lo estipulado en la Cláusula de indemnizaciones del presente Contrato se conviene entre las partes, que el pago de la indemnización o la autorización de reparar el bien afectado por la realización de un riesgo amparado, se hará a quién designe el Asegurado, previa información escrita a la Aseguradora y con la firma de la solicitud de indemnización correspondiente, todo, teniendo en cuenta los controles administrativos que posee el asegurado . Igualmente, se conviene que en caso de reparaciones o reposiciones, se tendrá prelación por la firma con la cual el Asegurado posea relaciones comerciales o sea su contratista.
A40: COMPROMISO PARA EL PAGO DE LAS INDEMNIZACIONES | B40: Plazo de ocho (8) días hábiles.. Bajo esta condición la aseguradora se compromete al pago de la indemnización dentro del plazo establecido, una vez el asegurado demuestre ocurrencia y cuantía.
... A43: CLÁUSULA DE JURISDICCIÓN Y SOLUCIÓN DE CONTROVERSIAS. | B43: Toda y cualquier diferencia que surja entre las partes por la interpretación del presente contrato, su ejecución, cumplimiento, terminación o las consecuencias futuras del mismo, será dirimida bajo la jurisdicción y legislación de la República de Colombia. Las diferencias y controversias que surjan se solucionarán con sujeción a las siguientes instancias que se agotarán de forma sucesiva o a elección de las partes, así: a). Arreglo Directo:Las partes tratarán de resolver sus diferencias de forma directa y entre ellas mismas dentro del plazo de quince (15) días contados a partir de la notificación escrita en que cualquiera de ellas informe a la otra de un conflicto o controversia orIginado en el contrato. b). Conciliación:Agotado el plazo anterior sin que las partes lograsen un acuerdo por si mismas, acudirán a la asistencia de un conciliador legalmente autorizado que se designará y actuará según los parámetros establecidos por la Ley 446 de 1998 y el decreto 1818 del mismo año, la etapa de conciliación durará un mes (1) desde el momento en que las partes o cualquiera de ellas radique la solicitud de conciliación respectiva, en caso de lograrse la conciliación la misma producirá efectos de cosa juzgada entre las partes, en caso contrario agotará el requisito de procedibilidad para acudir a la jurisdicción ordinaria o arbitral según corresponda, de acuerdo con los literales c) y d) de la presente cláusula. c). Jurisdicción Ordinaria: Agotadas las instancias anteriores, las partes sujetarán su controversia a la decisión del juez de instancia que corresponda según la cuantía y competencia en arreglo a lo previsto por el código de procedimiento Civil.
A44: EXCLUSIÓN DE ENFERMEDADES TRANSMISIBLES O CONTAGIOSAS
A45: Exclusión absoluta de enfermedades infecciosas: Sin perjuicio de cualquier otra disposición en contrario, se aclara que este seguro no cubre ninguna reclamación, pérdida, responsabilidad, costo o gasto de cualquier naturaleza que surja directa o indirectamente de, contribuya o resulte de enfermedades, epidemias o pandemias, tales como el Coronavirus (COVID-19), enfermedad respiratoria aguda grave síndrome coronavirus 2 (SARS-CoV-2), o cualquier mutación o variación de los mismos. Esta exclusión también aplica a cualquier reclamo, pérdida, costo o gasto de cualquier naturaleza que surja directa o indirectamente de, en contribución a, o resultante de: 1) Cualquier temor o amenaza que surja en respuesta a una enfermedad infecciosa real o potencial; o 2) Cualquier acción tomada para controlar, prevenir, suprimir o de cualquier manera relacionada con cualquier brote de enfermedades infecciosas tales como coronavirus (COVID-19), coronavirus 2 por síndrome respiratorio agudo severo (SARS-CoV-2), cualquier mutación o variación de los mismos, o de cualquier otra enfermedad, epidemia o pandemia.
A46: DEDUCIBLES MAXIMOS PERMITIDOS
A47: 1- INTERRUPCION DE LA RED: 12 HORAS
A48: 2- RESPONSABILIDAD POR DATOS PERSONALES, RESPONSABILIDAD POR DATOS CORPORATIVOS, RESPONSABILIDAD POR EMPRESAS SUBCONTRATISTAS, RESPONSABILIDAD POR SEGURIDAD DE DATOS, GASTOS DE DEFENSA: $ 50,000,000 TODA Y CADA PERDIDA
A49: NOTA: El ofrecimiento de deducibles superiores a los enunciados, constituyen causal de rechazo de la oferta.

Sheet GRUPO 2. SALUD
A1: ANEXO No 11 ESPECIFICACIONES TECNICAS SEGURO DE SALUD
A2: TOMADOR: | B2: =+'GRUPO 1. AUTOMOVILES'!B2 -> DISTRITO TURISTICO Y CULTURAL DE CARTAGENA DE INDIAS
A3: ASEGURADO : | B3: =+B2 -> DISTRITO TURISTICO Y CULTURAL DE CARTAGENA DE INDIAS
A4: BENEFICIARIO: | B4: =+B3 -> DISTRITO TURISTICO Y CULTURAL DE CARTAGENA DE INDIAS
A5: NIT | B5: =+'GRUPO 1. AUTOMOVILES'!B5 -> 890.480.184-4
A6: RAMO | B6: SEGURO DE SALUD CONCEJALES, PERSONERA, ALCALDE Y EDILES
A7: INTERMEDIARIO | B7: GONSEGUROS CORREDORES DE SEGUROS S.A.
A8: VIGENCIA | B8: =+'GRUPO 1. TR DAÑOS MATERIALES'!B8 -> DESDE LAS 00:00 HORAS DEL 29 DE OCTUBRE DEL 2026 HASTA LAS 24:00 HORAS DEL 16 DE MAYO DEL 2027
A9: CONDICIONES TÉCNICAS BÁSICAS OBLIGATORIAS
A10: 1. GASTOS HOSPITALARIOS
A11: (TTO. QUIRUGICO, PEQUEÑA CIRUGIA, TRAUMATOLOGÍA, ORTOPEDIA, CASOS DE LA MATERNIDAD, TRANSPLANTE DE ÓRGANOS Y SIDA) | B11: VALOR Y/O LIMITTES ASEGURADOS OBLIGATORIOS | C11: CONDICIONES BASICAS OBLIGATORIAS
A12: A. POR HABITACIÓN HOSPITALARIA | B12: Ilimitado | C12: Ilimitado en red sin lìmite en cobertura de dìas. Incluyendo servicio ordinario de enfermeria y dietas
A13: A.1 Cama de Acompañante | B13: Ilimitado | C13: Sin límite de turnos
A14: A.2 Enfermera Especial | B14: Ilimitado | C14: Sin límite de turnos
A15: A.3 Unidad de Cuidados Intensivos | B15: Ilimitado | C15: Sin límite de días
A16: B. POR SERVICIOS HOSPITALARIOS | B16: Ilimitado | C16: Cobertura de los derechos de sala de cirugía, sala de recuperación, derechos de anestesia, instrumentación, material de cirugía, exámenes de laboratorio, radiológicos y de diagnóstico especializado, vendajes, yesos, medicamentos, alimentación enteral y parenteral material de osteosíntesis, plasma sanguíneo, transfusiones, oxigeno, respiradores artificiales, alquiler de equipos, instrumentadoras, lentes intraoculares, ambulancia terrestre médicamente requerida y alquiler de aparatos ortopédicos.
A17: Ambulancia Terrestre | B17: Ilimitado | C17: Médicamente requerida.
A18: Medicamentos Post hospitalarios | B18: 30 días posteriores | C18: Medicamentos pre y post-hospitalarios causados durante los treinta (30) días anteriores o siguientes a la fecha de entrada y salida de la respectiva hospitalización y que estén relacionados con la afección que causó la hospitalización. ilimitado en valor asegurado, por evento, por persona, sin límite de eventos. Este amparo no se extiende a los medicamentos ambulatorios de la maternidad. Esta cobertura se otorga por reembolso
A19: 2. HONORARIOS MEDICOS
A20: (TTO. QUIRUGICO, PEQUEÑA CIRUGIA, TRAUMATOLOGÍA, ORTOPEDIA, CASOS DE LA MATERNIDAD, TRANSPLANTE DE ÓRGANOS Y SIDA)
A21: A. POR CIRUGIA | B21: Ilimitado | C21: Ilimitado en número de eventos
A22: B. POR ANESTESIA | B22: Ilimitado
A23: C. POR AYUDANTIA QUIRURGICA | B23: Ilimitado
A24: D. TRATAMIENTOS SIMULTANEOS (MAX. 3 ESP. DIA) | B24: Ilimitado
A25: E. POR TRATAMIENTO MÉDICO HOSPITALARIO | B25: Ilimitado
A26: 3. GASTOS NO HOSPITALARIOS
A27: A. HONORARIOS POR CONSULTAS O VISITAS PRE Y POST-HOSPITALARIAS | B27: Ilimitado
A28: A.1. Visitas o consultas prehospitalarias o prequirúrgicas | B28: Ilimitado
A29: A.2. Visita post-hospitalaria de control | B29: Ilimitado
A30: 4. EXAMENES ESPECIALES PARA DIAGNOSTICO, RX Y LABORATORIOS
A31: EXAMENES ESPECIALES DE DIAGNOSTICO | B31: Ilimitado | C31: Cobertura de todos los exámenes de diagnóstico aprobados por las sociedades médico-científicas
A32: EXAMENES SIMPLES Y LABORATORIOS | B32: Ilimitado | C32: Cobertura de todos los exámenes de diagnóstico aprobados por las sociedades médico-científicas
A33: 5. TERAPIAS
A34: Terapias derivadas de Hospitalziacion y Ambuilatorias | B34: Ilimitado
A35: Terapias Físicas, Respiratorias, Ocupacionales, de lenguaje, Ortópticas, Pleópticas y Pélvicas | B35: Ilimitado
A36: 6. URGENCIAS
A37: Urgencias por Accidente y enfermedad | B37: Ilimitado
A38: Medicamentos Post Urgencia | B38: 30 días posteriores $2.000.000 | C38: Medicamentos pre y post-hospitalarios causados durante los treinta (30) días anteriores o siguientes a la fecha de entrada y salida de la respectiva hospitalización y que estén relacionados con la afección que causó la hospitalización. ilimitado en valor asegurado, por evento, por persona, sin límite de eventos. Este amparo no se extiende a los medicamentos ambulatorios de la maternidad. Esta cobertura se otorga por reembolso
A39: 7.CONSULTAS MEDICAS
A40: CONSULTA MEDICA GENERAL Y ESPECIALISTA | B40: Ilimitado
A41: Consulta Domiciliaria | B41: Ilimitado
A42: 8. MATERNIDAD
A43: Consultas Prenatales | B43: Ilimitado
A44: Curso Psicoprofiláctico | B44: Ilimitado
A45: Ecografías | B45: Ilimitado
A46: Atención al recién nacido | B46: Ilimitado | C46: Cobertura de enfermedades, anomalías o malformaciones congénitas y genéticas, así como a la valoración pediátrica al momento del nacimiento.
A47: Servicio de Enfermera | B47: Ilimitado | C47: Asesoría en lactancia materna post parto, 2 sesiones en domicilio sin cobros adicionales ni bonos
A48: Transporte Urbano | B48: Ilimitado | C48: Traslado para asistir a consulta médica: 3 traslados a consulta general y especializada por año. Sin costo
A49: 9. CANCER Y ENFERMEDADES CATASTRÓFICAS
A50: Cancer Hospitalario | B50: Ilimitado
A51: Cancer Ambulatorio | B51: Ilimitado
A52: Gastos del donante de un órgano | B52: Ilimitado
A53: Reemplazos articulares - Prótesis | B53: Ilimitado
A54: Tratamiento por insuficiencia renal crónica | B54: Ilimitado
A55: Transplante de órganos | B55: Ilimitado
A56: Trat. Cancer hospitalaria ambulatoria | B56: Ilimitado
A57: Trat. Para SIDA hospitalaria ambulatoria | B57: Ilimitado
A58: Trat. Para paciente con trauma mayor | B58: Ilimitado
A59: Trat. Quirúrgico enfermedades corazón | B59: Ilimitado
A60: Enfermedades sistema nervioso central y ACV | B60: Ilimitado
A61: Trat. Quirúrgico enfermedades genéticas congénitas | B61: Ilimitado
A62: 10. TRASPLANTE DE ORGANOS
A63: Trasplante de organos | B63: Ilimitado | C63: Cobertura de Trasplantes aprobados y reconocidos por las sociedades médicas
A64: Gastos del donante | B64: Ilimitado | C64: Cobertura de los gastos médicos del donante efectivo
A65: 11. OTRAS COBERTURAS
A66: Hospitalizacion domiciliaria | B66: Ilimitado | C66: Cobertura cuando el asegurado requiera continuar en casa con un tratamiento hospitalario, por un evento médico o quirúrgico cubierto por la póliza. La cobertura se extiende a las visitas médicas domiciliarias, servicio de enfermería, traslado inicial de ambulancia, alquiler de equipo para oxigenoterapia, a las terapias físicas y respiratorias, a la alimentación parenteral y enteral, a los medicamentos y suministros médicamente requeridos para la hospitalización en casa
A67: COBERTURA SIN PERIODOS DE CARENCIA | B67: Ilimitado | C67: La presente póliza de seguro de salud otorgará cobertura sin periodos de carencia. Esto implica que, a partir de la fecha efectiva de la póliza, el asegurado tendrá acceso a todas las prestaciones y servicios cubiertos sin necesidad de esperar un periodo determinado. No se aplicarán periodos de espera para la cobertura de servicios médicos, diagnósticos, tratamientos, y procedimientos incluidos en el alcance de la póliza. Este beneficio garantiza que el asegurado podrá utilizar todas las coberturas contratadas desde el primer día de vigencia de la póliza, asegurando acceso inmediato a la atención médica y otros servicios especificados sin restricciones temporales adicionales.
A68: COBERTURA DE PREEXISTENCIA MÉDICAS | B68: Ilimitado | C68: La presente póliza de seguro de salud incluirá cobertura para condiciones médicas preexistentes. Esto significa que todas las enfermedades, lesiones o condiciones de salud que existían antes de la contratación de la póliza serán cubiertas desde el inicio de la vigencia de la misma, sin exclusiones o limitaciones relacionadas con dichas preexistencias. La póliza presente póliza garantiza que el asegurado recibirá cobertura completa para el diagnóstico, tratamiento y manejo de condiciones preexistentes que hayan sido identificadas y declaradas antes o al momento de la contratación del seguro. Esta cobertura se aplicará de acuerdo con los términos y condiciones establecidos en el contrato de seguro, sin sujeción a periodos de espera adicionales o restricciones relacionadas con el historial médico previo del asegurado.
A69: PRESTACIÓN DE SERVICIOS SIN COBRO DE CUOTA MODERADORA Y/O COPAGO | B69: Ilimitado | C69: La presente póliza de seguro de salud proporcionará cobertura plena sin la cobro de copagos y/o cuotas moderadoras al asegurado. Es decir que, el asegurado no estará sujeto a pagos adicionales al momento de recibir servicios médicos, consultas, diagnósticos, tratamientos o procedimientos cubiertos bajo esta póliza.
A70: INSUFICIENCIA RENAL AGUDA Y CRONICA | B70: Ilimitado | C70: Cobertura de diálisis y hemodiálisis
A71: SINDROME DE INMUNODEFICIENCIA ADQUIRIDA | B71: Ilimitado | C71: Cobertura consultas médicas, exámenes de control para el tratamiento de esta enfermedad.
A72: COBERTURA DE CONGENITAS PARA ADULTOS | B72: 100 SMMLV | C72: Cobertura de los gastos que se ocasionen por concepto de enfermedades congénitas y genéticas no conocidas por el beneficiario amparado al inicio de esta póliza y luego de haber permanecido asegurado en cualquier póliza de Salud de la Compañía como mínimo cinco (5) años de forma ininterrumpida
A73: ASISTENCIA EXEQUIAL | B73: 3000000 | C73: Cobertura De gastos incurridos como consecuencia de fallecimiento del asegurado
A74: URGENCIA ODONTOLOGICA | B74: Ilimitado | C74: Cobertura de Urgencia Odontológica
A75: ASISTENCIA EN VIAJE | B75: ASISTENCIA EN VIAJE: USD 50.000 o EUR 50.000 PREEXISTENCIA: USD 5.000 | C75: Cobertura para urgencias en el exterior hasta 120 días por cada viaje
A76: APARATOS ORTOPEDICOS EN CASO DE DISCAPACIDAD TOTAL Y PERMANENTE | B76: 4 SMMLV
A77: AMPARO AUTOMÁTICO DE NUEVOS ASEGURADOS | B77: En caso de que durante la vigencia de la póliza se incorporen nuevas personas que, de acuerdo con las condiciones establecidas por la Entidad, adquieran el derecho a formar parte del grupo asegurado, la cobertura otorgada por la presente póliza se extenderá automáticamente a dichas personas desde la fecha en que adquieran tal condición, sin requisitos de asegurabilidad, declaración de salud, exámenes médicos, selección de riesgo ni aprobación previa por parte de la aseguradora. La Entidad informará a la aseguradora las novedades de inclusión de los nuevos asegurados dentro de los noventa (90) días calendario siguientes a la fecha de su incorporación, para efectos de la correspondiente actualización de la póliza y del cobro de la prima a que haya lugar. El amparo automático se otorgará bajo las mismas condiciones, coberturas, límites y beneficios establecidos para el grupo asegurado, incluyendo la cobertura sin períodos de carencia y la cobertura de preexistencias contempladas en la presente póliza.
A78: RED DE PRESTADORES | B78: La aseguradora adjudicataria deberá garantizar durante toda la vigencia de la póliza una red de prestadores de servicios de salud en la ciudad de Cartagena de Indias, suficiente e idónea para garantizar la atención oportuna y adecuada de los asegurados. Para tal efecto, deberá contar como mínimo con diez (10) Centros Médicos Asistenciales con convenios vigentes durante la ejecución de la póliza, dentro de los cuales deberá disponer de mínimo cuatro (4) instituciones con servicios habilitados de cuarto (IV) nivel de complejidad. El proponente deberá acreditar la disponibilidad de la red mediante certificación expedida por la aseguradora, en la cual se relacionen como mínimo el nombre de las instituciones, servicios ofrecidos y vigencia del convenio correspondiente. La aseguradora deberá garantizar la permanencia y disponibilidad de la red durante toda la vigencia de la póliza. Cualquier modificación, retiro o terminación de un convenio que afecte la red mínima exigida deberá ser informada previamente a la Entidad y reemplazada por un prestador de igual o superior capacidad, garantizando en todo momento la continuidad y oportunidad de los servicios de salud.

Sheet GRUPO 3. CASCO AVIACION
A1: ANEXO No 12 ESPECIFICACIONES TECNICAS SEGURO DE TODO RIESGO CASCO AVIACION
A2: TOMADOR: | B2: =+'GRUPO 1. AUTOMOVILES'!B2 -> DISTRITO TURISTICO Y CULTURAL DE CARTAGENA DE INDIAS
A3: ASEGURADO : | B3: =+B2 -> DISTRITO TURISTICO Y CULTURAL DE CARTAGENA DE INDIAS
A4: BENEFICIARIO: | B4: =+B3 -> DISTRITO TURISTICO Y CULTURAL DE CARTAGENA DE INDIAS
A5: NIT | B5: =+'GRUPO 1. AUTOMOVILES'!B5 -> 890.480.184-4
A6: RAMO | B6: CASCO AVIACION
A7: INTERMEDIARIO | B7: GONSEGUROS CORREDORES DE SEGUROS S.A.
A8: VIGENCIA | B8: =+'GRUPO 1. AUTOMOVILES'!B8 -> DESDE LAS 00:00 HORAS DEL 29 DE OCTUBRE DEL 2026 HASTA LAS 24:00 HORAS DEL 16 DE MAYO DEL 2027
A9: CONDICIONES TÉCNICAS BÁSICAS OBLIGATORIAS
A10: OBJETO DEL SEGURO | C10: Amparar las perdidas o daños materiales de los bienes asegurados y la responsabilidad civil de los equipos relacionados de propiedad del asegurado o por los que sea legalmente responsable o que se encuentren bajo su control y custodia, por los riesgos a que se vean expuestos de acuerdo con las condiciones tecnicas basicas obligatorias descritas en el presente amparo. DRON - incluidas cámaras diurnas o de inspección y térmica, accesorios y repuestos. Bloqueador portátil de vehículos aéreos no tripulados Cantidad: SEGUN RELACIÓN.
A11: LIMITE GEOGRÁFICO Y OPERACIÓN | C11: Colombia. Operación Diurna y Nocturna.
A12: USO | C12: Imagen fotografia, video y mapeo
A13: LISTADO DE AERONAVES SEGÚN LISTADO ANEXO | C13: Sistema de propulsión, Propelas, Tren de aterrizaje , Sensor infrarrojo superior, Sensores de detección de obstáculos frontales , Sistema de detección inferior, Luces e identificación,con sus respectivo cargador y baterias, Manuales y documentación del sistema
A14: AMPAROS | B14: VALOR ASEGURADO
A15: Casco Aviacion Todo Riesgo | B15: =+'[1]RELACIÓN CASCO AVIACIÓN'!$H$20 -> 2.3801526e+08
A16: Hurto y hurto calificado | B16: =B15 -> 2.3801526e+08
A17: Terremoto, erupcion volcanica,o rayo | B17: =B15 -> 2.3801526e+08
A18: Averia parcial o particular del casco y la maquinaria siempre y cuando el daño de la maquinaria sea a consecuencia de un hecho accidental donde se encuentra involucrado el casco, es decir, no se otorga cobertura al daño de la maquinaria por rotura de partes, falta de mantenimiento o por su propio uso . | B18: =B15 -> 2.3801526e+08
A19: Responsabilidad Civil a Terceros, para cada aeronave. | B19: US$1.500.000,00, o su equivalente en pesos colombianos, calculado con base en la Tasa Representativa del Mercado (TRM) vigente a la fecha de presentación de la oferta.
A20: TOTAL CASCO BARCO AVIACION | B20: =B15 -> 2.3801526e+08
A21: TOTAL VALOR ASEGURADO | B21: =B20 -> 2.3801526e+08
A23: CLAUSULAS Y SUBLIMITES
A24: AMPARO DE CASCO TODO RIESGO, PARTES Y COMPONENTES (INCLUYE DESTRUCCIÓN DE AERONAVES) | B24: La Compañía se obliga, dentro de los límites pactados, a indemnizar, reemplazar o reparar, a su elección, los daños materiales sufridos por la aeronave asegurada, derivados de cualesquiera de los riesgos, pérdidas o daños cubiertos, salvo los que estén expresamente excluidos, hasta el máximo de la suma asegurada, sujeto a un máximo valor acordado 10% superior al relacionado en caso por instalación de componentes que incrementen el valor acordado establecido en la presente cotización.
A25: RESPONSABILIDADES DE AVIACION | B25: Amparando la responsabilidad civil respecto a terceros únicamente que surja de la operación de la(s) Aeronave(s).
A26: GARANTIAS | B26: El operador del RPA debe tener un permiso colombiano valido de RPA'S para volar
A27: CONVENIO PARA EL PLAZO DEL PAGO DE LA PRIMA | B27: No obstante cualquier estipulación en contrario, por la presente cláusula se deja establecido que, de acuerdo con lo estipulado en el artículo 81 de la Ley 45/90 y la Resolución numero 03750 de Diciembre 31/74 de la Superintendencia Financiera, las partes contratantes convienen que las primas causadas por el presente Contrato de seguros y los Certificados o Anexos que se emitan en aplicación al mismo serán pagadas por el asegurado dentro de los noventa (90) días a partir de la fecha en que el respectivo documento sea recibido en sus oficinas, directamente por la Aseguradora y/o por el intermediario de seguros, quien deberá certificar haber recibido a satisfacción las respectivas pólizas en las condiciones contratadas; Si las pólizas no han sido correctamente elaboradas, el término para el pago solo empezará a contarse desde la fecha en que se presenten en debida forma. La demora en el pago originada por la presentación incorrecta de los documentos requeridos será responsabilidad del contratista y no tendrán por ello derecho al pago de intereses o compensación de ninguna naturaleza o a la aplicación de la terminación del contrato por mora en el pago de la prima.
A28: REVOCACIÓN, NO RENOVACIÓN O MODIFICACIONES DE LA PÓLIZA Y SUS ANEXOS | B28: La Aseguradora deberá dar aviso por escrito al ASEGURADO, con una anticipación de noventa (90) días en caso que decida modificar, revocar o no renovar esta póliza y/o alguno de sus amparos adicionales o modificar cualquiera de sus condiciones. En caso de revocación la aseguradora devolverá al asegurado, la proporción de prima correspondiente al tiempo que falte para el vencimiento de la Póliza, liquidada a prorrata. Para HMACC AMIT TERRORISMO Aplican 10 días. Si la revocación es solicitada por EL ASEGURADO , la Aseguradora devolverá el valor de la prima no corrida del riesgo, liquidada a Prorrata
A29: MODIFICACIONES A FAVOR DEL ASEGURADO | B29: Si durante la vigencia de este seguro se presentan modificaciones a las condiciones generales y particulares de la póliza, que presenten un beneficio a favor del ASEGURADO, tales modificaciones se consideran automáticamente incorporadas a la póliza siempre que el cambio no implique un aumento en la prima originalmente pactada.
A30: CLAUSULA DE APLICACION DE CONDICIONES PARTICULARES | B30: Queda expresamente acordado y convenido, que la Compañía acepta las condiciones básicas tecnicas establecidas en este anexo en los terminos señalados en el mismo, por lo tanto, en caso de existir discrepancia ente los ofrecimientos contenidos en la propuesta tecnica básica, frente a los textos de los ejemplares de las pólizas, certificados, anexos o cualquier otro documento; prevalecerá la información y condiciones básicas tecnicas establecidas.
A31: PRORROGAS | B31: Queda expresamente declarado y convenido que la (s) aseguradora (s) queda (n) obligadas (s) a otorgar la (s) prorroga (s) que el Asegurado, solicite en caso de que se requiera tiempo adicional para surtir los trámites internos de un nuevo proceso, en las mismas condiciones en que se encuentran suscritas las pólizas como tambien las modificaciones que se requieran en el transcurso de la vigencia sin condicionamiento alguno, incluido el intermediario.
A32: REVISION DE TERMINOS PARA PRORROGA | B32: Bajo esta clusula la compañía podrá realizar revisión de términos para las prórrogas cuando la siniestralidad incurrida sobrepase el 60%. (Siniestralidad incurrida =siniestros pagos + reservas + 10% IBRN/primas netas).
A33: AVISO DE SINIESTRO | B33: No obstante lo dispuesto en las condiciones la Póliza o en sus anexos, por la presente cláusula se conviene entre las partes, un término sesenta (60) días habiles para que el Asegurado de aviso al Asegurador de cualquier evento que afecte a la presente Póliza, contados a partir de la fecha en que haya tenido conocimiento de dicho evento, sin perjuicio de lo establecido en el artículo 1081 del Código de Comercio.
A34: GARANTIAS | B34: Queda expresamente acordado y aceptado que la cobertura otorgada bajo la presente póliza no queda sujeta al cumplimiento de ningún tipo de garantía por parte de la entidad asegurada.
A35: ERRORES, OMISIONES O INEXACTITUDES NO INTENCIONALES | B35: El tomador está obligado a declarar sinceramente los hechos y circunstancias que determinen el estado del riesgo. La inexactitud sobre hechos o circunstancias que, conocidas por la compañía, la hubieren retraído de celebrar el contrato o inducido a estipular condiciones más onerosas, produce la nulidad relativa del seguro. Sin embargo, si se incurriere en errores, omisiones e inexactitudes inculpables al tomador o al asegurado, el contrato no será nulo ni habrá lugar a la aplicación del inciso tercero del artículo 1058 del Código de Comercio sobre reducción porcentual de la prestación asegurada. En este caso se deberá pagar la prima adecuada al verdadero estado del riesgo.
... A62: CUMPLIMIENTO DE LA RAC 100 | B62: La póliza deberá amparar las aeronaves no tripuladas (UAS) de propiedad, tenencia, uso o responsabilidad de la Entidad, de conformidad con las condiciones de operación autorizadas por la Unidad Administrativa Especial de Aeronáutica Civil – UAEAC y la normativa vigente aplicable, incluyendo la RAC 100 y sus modificaciones. La cobertura de Responsabilidad Civil Extracontractual deberá operar para cada UAS asegurado y encontrarse vigente durante la realización de las operaciones autorizadas, en los términos exigidos por la normativa aeronáutica y el Código de Comercio. La cobertura comprenderá la responsabilidad derivada de la operación de los UAS por parte de pilotos debidamente autorizados y habilitados de conformidad con la normativa vigente, sin que la identificación individual previa de los pilotos constituya condición para la cobertura, siempre que se cumplan los requisitos de operación establecidos por la UAEAC. La póliza deberá garantizar, como mínimo, las coberturas de responsabilidad civil exigidas por la RAC 100, sin perjuicio de los demás amparos de casco, daños materiales, AMIT, hurto, equipos y accesorios y demás coberturas establecidas en las condiciones técnicas del proceso.
A63: CONDICIONES: Póliza de Seguro de Aeronaves AVN 1C (excluyendo Sección III), incorporando lo siguiente:
A64: - Cláusula de exclusión AVN111.
A65: - Cláusula de exclusión de asbestos 2488AGM00003 (aplicable respecto a responsabilidades únicamente).
A66: - Cláusula de exclusión por reconocimiento de fecha AVN 2000A.
A67: - Cláusula de cobertura limitada por reconocimiento de fecha AVN 2001A.
A68: - Cláusula de exclusión de riesgos nucleares AVN 38B.
A69: - Cláusula de exclusión de ruido, polución y otros peligros AVN 46B.
A70: - Treinta (30) días de aviso de cancelación de la Póliza, salvo respecto a la cláusula de exclusión de riesgos nucleares AVN 38B.
A71: - Cláusula de exclusión de guerra, secuestro y otros peligros (Aviación) AVN 48B.
A72: - Cláusula de exclusión de contratos (derechos de terceras partes) AVN 72.
A73: - Toda reclamación será controlada por la compañía aseguradora, incluyendo el nombramiento del ajustador según sea el caso.
A74: - Cláusula de inclusión de gastos médicos y afines AVN 80 (excluyendo los tripulantes del RPA).
... A76: CLAUSULAS ADICIONALES
A77: Cláusula de exclusión de guerra, secuestro y otros riesgos | B77: (Aviación) AVN 48B (modificada).
A78: Cláusula de Exclusión de Riesgos Nucleares AVN 71 (modificada) | B78: Cláusula de exclusión de ruido, polución y otros peligros AVN 46B (modificada) únicamente con respecto a responsabilidades.
A79: Cláusula de exclusión de asbestos 2488AGM00003 (aplicable únicamente a casco) | B79: Cláusula de Exclusión de Ley de Contratos de 1999 (Derechos de Terceros) AVN72.
A80: Cláusula de exclusión de reconocimiento de fecha AVN 2000A | B80: Cláusula de Exclusión de Responsabilidad de químicos.
A81: Endosos Adicionales. | B81: Cláusula de uso de pistas no autorizadas AVN 77 (modificada y aplicable únicamente a hurto)
A82: Indemnidad para Operadores autorizados de Sistemas Aéreos No Tripulados AVN 74 (modificada) | B82: Cláusula de limitación de reconocimiento de fecha AVN 2001A
A83: Esta póliza incluirá automáticamente los requisitos de seguro obligatorio de cualquier gobierno o estado relacionados con las operaciones de los RPA’s relacionados en esta póliza, pero sujeto en todo momento a la cobertura de la Póliza, términos, condiciones, limitaciones y exclusiones que siguen siendo principales. | B83: Pérdida de beneficios solo de terceros: la responsabilidad se incluye debido a los daños y pérdidas consecuentes de terceros afectados por los eventos cubiertos en la presente póliza, como la pérdida de beneficios, la pérdida de ingresos futuros. El daño consecuente solo se aplica a aquellos bienes de terceros que hayan sufrido pérdidas o daños.
A84: Cláusula de Costos por Intrusos AVN 91 (Modificada)
A85: DEDUCIBLES MAXIMOS PERMITIDOS
A86: 5% SOBRE EL VALOR DE LA PÉRDIDA, MÍNIMO 1 SMMLV

Sheet GRUPO 4. SOAT
A1: ANEXO Nº 10 (ESPECIFICACIONES TECNICAS SEGURO OBLIGATORIO EN ACCIDENTES DE TRANSITO)
A2: TOMADOR | B2: =+'GRUPO 1. TR DAÑOS MATERIALES'!B2 -> DISTRITO TURISTICO Y CULTURAL DE CARTAGENA DE INDIAS
A3: ASEGURADO | B3: =B2 -> DISTRITO TURISTICO Y CULTURAL DE CARTAGENA DE INDIAS
A4: BENEFICIARIO | B4: =B3 -> DISTRITO TURISTICO Y CULTURAL DE CARTAGENA DE INDIAS
A5: NIT | B5: =+'GRUPO 1. TR DAÑOS MATERIALES'!B5 -> 890.480.184-4
A6: RAMO | B6: SOAT
A7: INTERMEDIARIO | B7: GONSEGUROS CORREDORES DE SEGUROS S.A.
A8: VIGENCIA | B8: 365 DIAS
A9: COBERTURAS OBLIGATORIAS
A10: UBICACION DEL RIESGO | B10: BIENES ASEGURADOS | C10: AMPAROS | D10: VR. ASEGURADO | E10: TASAS | F10: PRIMA ANUAL
A11: REPUBLICA DE COLOMBIA | B11: Se cubren todos los vehículos del DISTRITO TURISTICO Y CULTURAL DE CARTAGENA DE INDIAS | C11: - Gastos Médicos Quirurgicos Farmaceuticos y Hospitalarios | D11: Límites de Ley | E11: varias
C12: - Indemnización por Muerte
C13: - Gastos Funerarios
C14: - Incapacidad Total y Permanente
C15: - Gastos de Transporte de la Victima
